Workbook
Name A: OFFSET(#REF!,1,0):OFFSET(#REF!,-1,0)
Name aa: OFFSET(#REF!,-1,0)
Name AAA: #REF!
Name B: COUNTIF(#REF!,"<>"&"")
Name COMP: #REF!
Name creaPLE: #REF!
Name CVCV: OFFSET(#REF!,-1,0)
Name CXXXXV: #REF!
Name D: #REF!
Name deactivatedados.form1: IF(#REF!="","",VALUE(LEFT(#REF!,(FIND("-",#REF!,1))-1)))
Name Detalhamento.OpçõesExibição: #REF!
Name Detalhamento.OpçõesServiços: #REF!
Name DF: #REF!
Name ED: #REF!
Name EDRCFG: #REF!
Name Eventos: OFFSET(#REF!,1,0):OFFSET(#REF!,-1,0)
Name FDD: #REF!
Name FDF: OFFSET(#REF!,1,0):OFFSET(#REF!,-1,0)
Name FDFFDF: OFFSET(#REF!,1,0):OFFSET(#REF!,-1,0)
Name hoje: TODAY()
Name Import.Município: #REF!
Name Import.numEventos: OFFSET(#REF!,1,0):OFFSET(#REF!,-1,0)
Name Import.PLE: OFFSET(#REF!,1,0):OFFSET(#REF!,-1,0)
Name Import.PLQ: OFFSET(#REF!,1,0):OFFSET(#REF!,-1,0)
Name LForçamento: OFFSET(#REF!,-1,0)
Name LIorçamento: OFFSET(#REF!,1,0)
Name mediçao: #REF!
Name MEMORIA: OFFSET(#REF!,1,0):OFFSET(#REF!,-1,0)
Name numFrentes: COUNTIF(#REF!,"<>"&"")
Name PreçoServiçoPorFrente: OFFSET(#REF!,1,0):OFFSET(#REF!,-1,0)
Name respPLE: #REF!
Name SSDS: OFFSET(#REF!,1,0):OFFSET(#REF!,-1,0)
Name TituloEventos: OFFSET(#REF!,1,0):OFFSET(#REF!,-1,0)
Name XVCXVC: OFFSET(#REF!,1,0)
Name ZXD: OFFSET(#REF!,1,0):OFFSET(#REF!,-1,0)
Name A: OFFSET(#REF!,1,0):OFFSET(#REF!,-1,0)
Name aa: OFFSET(#REF!,-1,0)
Name AAA: #REF!
Name B: COUNTIF(#REF!,"<>"&"")
Name COMP: #REF!
Name creaPLE: #REF!
Name CVCV: OFFSET(#REF!,-1,0)
Name CXXXXV: #REF!
Name D: #REF!
Name deactivatedados.form1: IF(#REF!="","",VALUE(LEFT(#REF!,(FIND("-",#REF!,1))-1)))
Name Detalhamento.OpçõesExibição: #REF!
Name Detalhamento.OpçõesServiços: #REF!
Name DF: #REF!
Name ED: #REF!
Name EDRCFG: #REF!
Name Eventos: OFFSET(#REF!,1,0):OFFSET(#REF!,-1,0)
Name FDD: #REF!
Name FDF: OFFSET(#REF!,1,0):OFFSET(#REF!,-1,0)
Name FDFFDF: OFFSET(#REF!,1,0):OFFSET(#REF!,-1,0)
Name Import.Município: #REF!
Name Import.numEventos: OFFSET(#REF!,1,0):OFFSET(#REF!,-1,0)
Name Import.PLE: OFFSET(#REF!,1,0):OFFSET(#REF!,-1,0)
Name Import.PLQ: OFFSET(#REF!,1,0):OFFSET(#REF!,-1,0)
Name LForçamento: OFFSET(#REF!,-1,0)
Name LIorçamento: OFFSET(#REF!,1,0)

Sheet Planilha São Valentin
A4: ASSENTAMENTO DE BLOCOS, MEIO FIO E DRENAGEM EM DIVERSOS TRECHOS DO MUNICÍPIO DE SANTA TERESA- ESPÍRITO SANTO | H4: SÃO VALENTIN 1100 M² DE PAV. E 411 M DE MEIO FIO CONTRATO 356/2024 SEAG
A5: PLANILHA DE CUSTOS REFERENCIAIS
A6: Preço de Referência: DER-Edificações 04/2024 DER-Rodovias julho/2023 CESAN Julho/2024
A7: BDI - 24,67% / LS - 157,27% | E7: BDI | F7: 0.2467
A8: ITEM | B8: CÓDIGO | C8: REF. | D8: ESPECIFICAÇÃO | E8: UND. | F8: QUANT. | G8: PREÇO UNIT. | H8: PREÇO UNIT. C/BDI | I8: TOTAL
A9: 01 | D9: SERVIÇOS PRELIMINARES
A10: 01.01 | B10: 20305 | C10: DER EDIFICAÇÕES | D10: Placa de obra nas dimensões de 2.0 x 4.0 m, padrão DER | E10: m² | F10: =VLOOKUP(A10,'Memoria São Valentin'!$A:$K,11,) -> 8 | G10: =VLOOKUP(B10,'TRP 04.2024'!$C:$I,7,FALSE) -> 244.31 | H10: =ROUND(G10*(1+$F$7),2) -> 304.58 | I10: =ROUND(H10*F10,2) -> 2436.64
A11: 01.02 | B11: 10512 | C11: DER EDIFICAÇÕES | D11: Equipe topográfica para serviços simples de locação e nivelamento (incluindo equipamento, transporte e profissionais nivel médio) | E11: mês | F11: =VLOOKUP(A11,'Memoria São Valentin'!$A:$K,11,) -> 0.05 | G11: =VLOOKUP(B11,'TRP 04.2024'!$C:$I,7,FALSE) -> 22087.47 | H11: =ROUND(G11*(1+$F$7),2) -> 27536.45 | I11: =ROUND(H11*F11,2) -> 1376.82
A12: 01.03 | B12: 42046 | C12: DER RODOVIAS | D12: Cones para sinalização, fornecimento e colocação | E12: und | F12: =VLOOKUP(A12,'Memoria São Valentin'!$A:$K,11,) -> 20 | G12: 135.15 | H12: =ROUND(G12*(1+$F$7),2) -> 168.49 | I12: =ROUND(H12*F12,2) -> 3369.8
A13: 01.04 | B13: 42047 | C13: DER RODOVIAS | D13: Elementos de madeira para sinalização - cavaletes | E13: und | F13: =VLOOKUP(A13,'Memoria São Valentin'!$A:$K,11,) -> 4 | G13: 52.77 | H13: =ROUND(G13*(1+$F$7),2) -> 65.79 | I13: =ROUND(H13*F13,2) -> 263.16
A14: 01.05 | B14: 41359 | C14: DER RODOVIAS | D14: Tela de proteção de segurança de PVC cor laranja com suporte para sinalização de obras | E14: m | F14: =VLOOKUP(A14,'Memoria São Valentin'!$A:$K,11,) -> 40 | G14: 27.18 | H14: =ROUND(G14*(1+$F$7),2) -> 33.89 | I14: =ROUND(H14*F14,2) -> 1355.6
A15: 01.06 | B15: 020356 | C15: DER EDIFICAÇÕES | D15: Aluguel mensal container para almoxarifado, incl. porta, 2 janelas, 1 pt iluminação, Isolamento térmico (teto), piso em comp. Naval pintado, cert. NR18, incl. laudo descontaminação. | E15: mês | F15: =VLOOKUP(A15,'Memoria São Valentin'!$A:$K,11,) -> 3 | G15: 792.5 | H15: =ROUND(G15*(1+$F$7),2) -> 988.01 | I15: =ROUND(H15*F15,2) -> 2964.03
A16: 01.07 | B16: 020344 | C16: DER EDIFICAÇÕES | D16: Mobilização e desmobilização de conteiner locado para barracão de obra | E16: und | F16: =VLOOKUP(A16,'Memoria São Valentin'!$A:$K,11,) -> 1 | G16: 1700 | H16: =ROUND(G16*(1+$F$7),2) -> 2119.39 | I16: =ROUND(H16*F16,2) -> 2119.39
A17: 01.08 | B17: 7010100210 | C17: CESAN | D17: BANHEIRO QUIMICO | E17: unm | F17: =VLOOKUP(A17,'Memoria São Valentin'!$A:$K,11,) -> 3 | G17: 2018.83 | H17: =ROUND(G17*(1+$F$7),2) -> 2516.88 | I17: =ROUND(H17*F17,2) -> 7550.64
A18: SUB-TOTAL DO ITEM | I18: =SUBTOTAL(9,I10:I17) -> 21436.08
A19: 02 | D19: PAVIMENTAÇÃO
A20: 02.01 | B20: Comp. 01 (Item referencia 200202) | C20: DER EDIFICAÇÕES | D20: Assentamento de meio-fio de concreto pré-moldado com dimensões de 15x12x30x100 cm , rejuntados com argamassa de cimento e areia no traço 1:3 - Exclusive Meio-fio (Doados pela SEAG-ES) | E20: m | F20: =VLOOKUP(A20,'Memoria São Valentin'!$A:$K,11,) -> 411 | G20: 24.82 | H20: =ROUND(G20*(1+$F$7),2) -> 30.94 | I20: =ROUND(H20*F20,2) -> 12716.34
A21: 02.02 | B21: Comp. 02 (Item referencia 200206) | C21: DER EDIFICAÇÕES | D21: Assentamento de Blocos pré-moldados de concreto tipo tijolo holandês 10 x 20 cm., espessura de 8 cm e resistência a compressão mínima de 35MPa, assentados sobre colchão de pó de pedra na espessura de 10 cm - Exclusive blocos (Doados pela SEAG-ES) | E21: m² | F21: =VLOOKUP(A21,'Memoria São Valentin'!$A:$K,11,) -> 1100 | G21: =COMP.02!E32 -> 25.685 | H21: =ROUND(G21*(1+$F$7),2) -> 32.02 | I21: =ROUND(H21*F21,2) -> 35222
A22: 02.03 | B22: 30208 | C22: DER EDIFICAÇÕES | D22: Aterro manual para regularização do terreno em argila, inclusive adensamento manual e fornecimento do material (máximo de 100m3) | E22: m³ | F22: =VLOOKUP(A22,'Memoria São Valentin'!$A:$K,11,) -> 65.76 | G22: =VLOOKUP(B22,'TRP 04.2024'!$C:$I,7,FALSE) -> 166.96 | H22: =ROUND(G22*(1+$F$7),2) -> 208.15 | I22: =ROUND(H22*F22,2) -> 13687.94
A23: 02.04 | B23: 40233 | C23: DER EDIFICAÇÕES | D23: Fornecimento, preparo e aplicação de concreto Fck=15 MPa (brita 1 e 2) - (5% de perdas já incluído no custo) | E23: m³ | F23: =VLOOKUP(A23,'Memoria São Valentin'!$A:$K,11,) -> 12.84 | G23: =VLOOKUP(B23,'TRP 04.2024'!$C:$I,7,FALSE) -> 676.08 | H23: =ROUND(G23*(1+$F$7),2) -> 842.87 | I23: =ROUND(H23*F23,2) -> 10822.45
A24: 02.05 | B24: 40754 | C24: DER - RODOVIAS | D24: Regularização e compactação do sub-leito (100% P.I.) H = 0,20 m | E24: M² | F24: =VLOOKUP(A24,'Memoria São Valentin'!$A:$K,11) -> 1100 | G24: 1.84 | H24: =ROUND(G24*(1+$F$7),2) -> 2.29 | I24: =ROUND(H24*F24,2) -> 2519
A25: SUB-TOTAL DO ITEM | I25: =SUBTOTAL(9,I20:I24) -> 74967.73
A26: 03 | D26: SERVIÇOS DE MÁQUINA/ APOIO
A27: 03.01 | B27: COMP. 05 | C27: DER - RODOVIAS | D27: CAMINHÃO BASCULANTE | E27: H | F27: =VLOOKUP(A27,'Memoria São Valentin'!$A:$K,11,) -> 68.85 | G27: =COMP.05!H39 -> 347.66 | H27: =ROUND(G27*(1+$F$7),2) -> 433.43 | I27: =ROUND(H27*F27,2) -> 29841.66
A28: 03.02 | B28: COMP. 06 | C28: DER - RODOVIAS | D28: RETROESCAVADEIRA | E28: H | F28: =VLOOKUP(A28,'Memoria São Valentin'!$A:$K,11,) -> 40 | G28: =COMP.06!H39 -> 229.79 | H28: =ROUND(G28*(1+$F$7),2) -> 286.48 | I28: =ROUND(H28*F28,2) -> 11459.2
A29: 03.03 | B29: COMP. 03 | C29: DER EDIFICAÇÕES | D29: Equipe de apoio nas atividadades de carga, transporte e posicionamento do material no trecho de pavimentação | E29: m | F29: =VLOOKUP(A29,'Memoria São Valentin'!$A:$K,11,) -> 200 | G29: =COMP.03!D22 -> 7.2138508 | H29: =ROUND(G29*(1+$F$7),2) -> 8.99 | I29: =ROUND(H29*F29,2) -> 1798
A30: 03.04 | B30: 41546 | C30: DER - RODOVIAS | D30: Mobilização e desmobilização de caminhão basculante (máximo) | E30: H | F30: =VLOOKUP(A30,'Memoria São Valentin'!$A:$K,11,) -> 4 | G30: 381.2 | H30: =ROUND(G30*(1+$F$7),2) -> 475.24 | I30: =ROUND(H30*F30,2) -> 1900.96
A31: 03.05 | B31: 41544 | C31: DER - RODOVIAS | D31: Mobilização e desmobilização de equipamentos com carreta prancha (máximo) | E31: H | F31: =VLOOKUP(A31,'Memoria São Valentin'!$A:$K,11,) -> 16 | G31: 611.61 | H31: =ROUND(G31*(1+$F$7),2) -> 762.49 | I31: =ROUND(H31*F31,2) -> 12199.84
A32: SUB-TOTAL DO ITEM | I32: =SUBTOTAL(9,I27:I31) -> 57199.66
A33: 04 | D33: DRENAGEM
A34: 04.01 | B34: 30103 | C34: DER EDIFICAÇÕES | D34: Escavação mecânica em material de 1a. Categoria | E34: m3 | F34: =VLOOKUP(A34,'Memoria São Valentin'!$A:$K,11,) -> 4.62 | G34: =VLOOKUP(B34,'TRP 04.2024'!$C:$I,7,FALSE) -> 16.32 | H34: =ROUND(G34*(1+$F$7),2) -> 20.35 | I34: =ROUND(H34*F34,2) -> 94.02
A35: 04.02 | B35: COMP. 04 | C35: DER - RODOVIAS | D35: Corpo BSTC (greide) diâmetro 0,80 m CA-1 PB inclusive escavação, reaterro e transporte do tubo | E35: m | F35: =VLOOKUP(A35,'Memoria São Valentin'!$A:$K,11,) -> 6 | G35: =COMP.04!H46 -> 812.6029 | H35: =ROUND(G35*(1+$F$7),2) -> 1013.07 | I35: =ROUND(H35*F35,2) -> 6078.42
A36: 04.03 | B36: 40666 | C36: DER - RODOVIAS | D36: Sarjeta de concreto DP-1 (0,081 m³/m) calha triangular, inclusive caiação | E36: m | F36: =VLOOKUP(A36,'Memoria São Valentin'!$A:$K,11,) -> 400 | G36: 96.04 | H36: =ROUND(G36*(1+$F$7),2) -> 119.73 | I36: =ROUND(H36*F36,2) -> 47892
A37: 04.04 | B37: 41176 | C37: DER - RODOVIAS | D37: Berço em brita para BSTC diam. = 0,80 m em Vias Urbanas | E37: m | F37: =VLOOKUP(A37,'Memoria São Valentin'!$A:$K,11,) -> 6 | G37: 45.56 | H37: =ROUND(G37*(1+$F$7),2) -> 56.8 | I37: =ROUND(H37*F37,2) -> 340.8
A38: 04.05 | B38: 102993 | C38: SINAPI 04/2024 | D38: CANALETA MEIA CANA PRÉ-MOLDADA DE CONCRETO (D = 60 CM) - FORNECIMENTO E INSTALAÇÃO. AF_08/2021 | E38: M | F38: =VLOOKUP(A38,'Memoria São Valentin'!$A:$K,11,) -> 12 | G38: =ROUND((111.55*(1+F7))*0.67,2) -> 93.18 | H38: =ROUND(G38*(1+$F$7),2) -> 116.17 | I38: =ROUND(H38*F38,2) -> 1394.04
A39: 04.06 | B39: 40675 | C39: DER - RODOVIAS | D39: Entrada para descida d'agua DP-1 (calha/degraus) inclusive caiação | E39: UND | F39: =VLOOKUP(A39,'Memoria São Valentin'!$A:$K,11,) -> 2 | G39: 233.45 | H39: =ROUND(G39*(1+$F$7),2) -> 291.04 | I39: =ROUND(H39*F39,2) -> 582.08
A40: 04.07 | B40: 40687 | C40: DER - RODOVIAS | D40: Descida d'água concreto armado DP-1 (degraus) c/ caiação | E40: M | F40: =VLOOKUP(A40,'Memoria São Valentin'!$A:$K,11,) -> 10 | G40: 519.4 | H40: =ROUND(G40*(1+$F$7),2) -> 647.54 | I40: =ROUND(H40*F40,2) -> 6475.4
A41: SUB-TOTAL DO ITEM | I41: =SUBTOTAL(9,I34:I40) -> 62856.76 | K41: Preço todas as planilhas
A42: 05 | D42: SERVIÇOS COMPLEMENTARES
A43: 05.01 | B43: 200576 | C43: DER EDIFICAÇÕES | D43: Placa para inauguração de obra em alumínio polido e=4mm, dimensões 40 x 50 cm, gravação em baixo relevo, inclusive pintura e fixação | E43: und | F43: =VLOOKUP(A43,'Memoria São Valentin'!$A:$K,11,) -> 1 | G43: =VLOOKUP(B43,'TRP 04.2024'!$C:$I,7,FALSE) -> 643.79 | H43: =ROUND(G43*(1+$F$7),2) -> 802.61 | I43: =ROUND(H43*F43,2) -> 802.61
A44: SUB-TOTAL DO ITEM | I44: =SUBTOTAL(9,I43) -> 802.61
D45: VALOR GERAL DA OBRA TOTAL | I45: =SUBTOTAL(9,I10:I44) -> 217262.84
D47: __________________________________________________________
D48: ADAUBERTO DO MEIRELES JUNIOR
D49: CREA-ES: 54574/D
I50: =ROUND(I45+'Planilha Alto Céu'!I44+'Planilha 15 de agosto(igreja)'!I45+'Planilha Alto caldeirão (bergu)'!I44,2) -> 1418159.6

Sheet Memoria São Valentin
A6: MEMORIA DE CÁLCULO | E6: ATA DE REGISTRO DE PREÇO DE ASSENTAMENTO DE BLOCOS, MEIO FIO E DRENAGEM EM DIVERSOS TRECHOS DO MUNICÍPIO
A7: REFERÊNCIA: TABELA CUSTOS LABOR/CT-UFES PADRÃO DER EDIFICAÇÕES MARÇO/2023 E DER RODOVIAS JULHO/2022 SEM DESONERAÇÃO
A8: BDI - 27,06% / LS - 157,27%
A10: SERVIÇOS PRELIMINARES
A11: 01.01 | B11: 020305 | C11: DER EDIFICAÇÕES | D11: Placa de obra nas dimensões de 2.0 x 4.0 m, padrão DER | E11: UND. | F11: QUANTIDADE | G11: COMPRIMENTO (M) | H11: LARGURA (M) | I11: ÁREA (M2) | J11: SUBTOTAL | K11: =ROUND(SUM(J12),2) -> 8
F12: 1 | G12: 4 | H12: 2 | I12: =H12*G12*F12 -> 8 | J12: =I12 -> 8
A14: 01.02 | B14: 10512 | C14: DER EDIFICAÇÕES | D14: Equipe topográfica para serviços simples de locação e nivelamento (incluindo equipamento, transporte e profissionais nivel médio) | J14: MÊS | K14: =ROUND(SUM(J15),2) -> 0.05 | O14: =ROUND(2/60,2) -> 0.03
D15: Considerado tres dias de equipe topografica para locação do eixo da rua | J15: =3/60 -> 0.05
A17: 01.03 | B17: =VLOOKUP(A17,'Planilha São Valentin'!$A:$I,2,FALSE) -> 42046 | C17: =VLOOKUP(A17,'Planilha São Valentin'!$A:$I,3,FALSE) -> DER RODOVIAS | D17: =VLOOKUP(A17,'Planilha São Valentin'!$A:$I,4,FALSE) -> Cones para sinalização, fornecimento e colocação | E17: =VLOOKUP(A17,'Planilha São Valentin'!$A:$I,5,FALSE) -> und | F17: QUANTIDADE | G17: COMPRIMENTO (M) | H17: LARGURA (M) | I17: ÁREA (M2) | J17: SUBTOTAL | K17: =ROUND(J18,2) -> 20
E18: 20 | J18: =E18 -> 20
A20: 01.04 | B20: =VLOOKUP(A20,'Planilha São Valentin'!$A:$I,2,FALSE) -> 42047 | C20: =VLOOKUP(A20,'Planilha São Valentin'!$A:$I,3,FALSE) -> DER RODOVIAS | D20: =VLOOKUP(A20,'Planilha São Valentin'!$A:$I,4,FALSE) -> Elementos de madeira para sinalização - cavaletes | E20: =VLOOKUP(A20,'Planilha São Valentin'!$A:$I,5,FALSE) -> und | J20: MÊS | K20: =ROUND(SUM(J21),2) -> 4 | O20: =ROUND(2/60,2) -> 0.03
E21: 4 | J21: =E21 -> 4
A23: 01.05 | B23: =VLOOKUP(A23,'Planilha São Valentin'!$A:$I,2,FALSE) -> 41359 | C23: =VLOOKUP(A23,'Planilha São Valentin'!$A:$I,3,FALSE) -> DER RODOVIAS | D23: =VLOOKUP(A23,'Planilha São Valentin'!$A:$I,4,FALSE) -> Tela de proteção de segurança de PVC cor laranja com suporte para sinalização de obras | E23: =VLOOKUP(A23,'Planilha São Valentin'!$A:$I,5,FALSE) -> m | F23: QUANTIDADE | G23: COMPRIMENTO (M) | H23: LARGURA (M) | I23: ÁREA (M2) | J23: SUBTOTAL | K23: =ROUND((J24),2) -> 40
E24: 40 | J24: =E24 -> 40
A26: 01.06 | B26: =VLOOKUP(A26,'Planilha São Valentin'!$A:$I,2,FALSE) -> 020356 | C26: =VLOOKUP(A26,'Planilha São Valentin'!$A:$I,3,FALSE) -> DER EDIFICAÇÕES | D26: =VLOOKUP(A26,'Planilha São Valentin'!$A:$I,4,FALSE) -> Aluguel mensal container para almoxarifado, incl. porta, 2 janelas, 1 pt iluminação, Isolamento térmico (teto), piso em comp. Naval pintado, cert. NR18, incl. laudo descontaminação. | E26: =VLOOKUP(A26,'Planilha São Valentin'!$A:$I,5,FALSE) -> mês | F26: QUANTIDADE | G26: COMPRIMENTO (M) | H26: LARGURA (M) | I26: ÁREA (M2) | J26: SUBTOTAL | K26: =ROUND((J27),2) -> 3
E27: 3 | J27: =E27 -> 3
A29: 01.07 | B29: =VLOOKUP(A29,'Planilha São Valentin'!$A:$I,2,FALSE) -> 020344 | C29: =VLOOKUP(A29,'Planilha São Valentin'!$A:$I,3,FALSE) -> DER EDIFICAÇÕES | D29: =VLOOKUP(A29,'Planilha São Valentin'!$A:$I,4,FALSE) -> Mobilização e desmobilização de conteiner locado para barracão de obra | E29: =VLOOKUP(A29,'Planilha São Valentin'!$A:$I,5,FALSE) -> und | F29: QUANTIDADE | G29: COMPRIMENTO (M) | H29: LARGURA (M) | I29: ÁREA (M2) | J29: SUBTOTAL | K29: =ROUND((J30),2) -> 1
E30: 1 | J30: =E30 -> 1
A32: 01.08 | B32: =VLOOKUP(A32,'Planilha São Valentin'!$A:$I,2,FALSE) -> 7010100210 | C32: =VLOOKUP(A32,'Planilha São Valentin'!$A:$I,3,FALSE) -> CESAN | D32: =VLOOKUP(A32,'Planilha São Valentin'!$A:$I,4,FALSE) -> BANHEIRO QUIMICO | E32: =VLOOKUP(A32,'Planilha São Valentin'!$A:$I,5,FALSE) -> unm | F32: QUANTIDADE | G32: COMPRIMENTO (M) | H32: LARGURA (M) | I32: ÁREA (M2) | J32: SUBTOTAL | K32: =ROUND((J33),2) -> 3
E33: 3 | J33: =E33 -> 3
A35: PAVIMENTAÇÃO
A36: 02.01 | B36: Comp. 01 (Item referencia 200202) | C36: DER EDIFICAÇÕES | D36: Assentamento de meio-fio de concreto pré-moldado com dimensões de 15x12x30x100 cm , rejuntados com argamassa de cimento e areia no traço 1:3 - Exclusive Meio-fio (Doados pela SEAG-ES) | I36: COMPRIMENTO (M) | J36: SUBTOTAL | K36: =ROUND(SUM(J37),2) -> 411
D37: Observação: a liberação da execução dos trechos serão de acordo com a liberação de meio fio da SEAG | I37: 411 | J37: =I37 -> 411
A40: 02.02 | B40: Comp. 02 (Item referencia 200206) | C40: DER EDIFICAÇÕES | D40: Assentamento de Blocos pré-moldados de concreto tipo tijolo holandês 10 x 20 cm., espessura de 8 cm e resistência a compressão mínima de 35MPa, assentados sobre colchão de areia na espessura de 10 cm - Exclusive blocos (Doados pela SEAG-ES) | I40: ÁREA (M2) | J40: SUBTOTAL | K40: =ROUND(SUM(J41),2) -> 1100
D41: Observação: a liberação da execução dos trechos serão de acordo com a liberação de blocos da SEAG | I41: 1100 | J41: =I41 -> 1100
A44: 02.03 | B44: 030208 | C44: DER EDIFICAÇÕES | D44: Aterro manual para regularização do terreno em argila, inclusive adensamento manual e fornecimento do material (máximo de 100m3) | F44: ALTURA (M) | G44: COMPRIMENTO (M) | H44: LARGURA (M) | I44: VOLUME (M3) | J44: SUBTOTAL | K44: =ROUND(SUM(J45),2) -> 65.76 | M44: =I41*0.08*1.2 -> 105.6 | N44: =M44*2.4 -> 253.44
F45: 0.4 | G45: 411 | H45: 0.4 | I45: =H45*G45*F45 -> 65.76 | J45: =I45 -> 65.76 | N45: =N44/8 -> 31.68
N46: =N45*0.25 -> 7.92
A47: 02.04 | B47: 040233 | C47: DER EDIFICAÇÕES | D47: Fornecimento, preparo e aplicação de concreto Fck=15 MPa (brita 1 e 2) - (5% de perdas já incluído no custo) | E47: ALTURA (M) | F47: COMPRIMENTO (M) | G47: LARGURA (M) | H47: VOLUME (M3) | I47: QUANTIDADE | J47: SUBTOTAL | K47: =ROUND(SUM(J48:J50),2) -> 12.84
D48: Transversal a cada 15 metros | E48: 0.4 | F48: 5.5 | G48: 0.15 | H48: =G48*F48*E48 -> 0.33 | I48: =ROUNDUP((200/15),0) -> 14 | J48: =I48*H48 -> 4.62
D49: Por trás do Meio Fio | E49: 0.1 | F49: =I37 -> 411 | G49: 0.2 | J49: =G49*F49*E49 -> 8.22
A52: 02.05 | B52: =VLOOKUP(A52,'Planilha 15 de agosto(igreja)'!A:H,2,FALSE) -> 40243 | D52: =VLOOKUP(A52,'Planilha 15 de agosto(igreja)'!A:H,4,FALSE) -> Fornecimento, dobragem e colocação em fôrma, de armadura CA-50 A média, diâmetro de 6.3 a 10.0 mm | E52: =VLOOKUP(A52,'Planilha 15 de agosto(igreja)'!A:H,5,FALSE) -> kg | I52: ÁREA | J52: SUBTOTAL | K52: =ROUND(SUM(J53),2) -> 1100
D53: Pavimentação | I53: =I41 -> 1100 | J53: =I53 -> 1100
A54: SERVIÇOS DE MÁQUINAS
A55: 03.01 | B55: COMP.05 | C55: DER - RODOVIAS | D55: CAMINHÃO BASCULANTE | F55: Tempo médio deslocamento ida e volta (horas) | G55: viajens nescessárias | H55: Peso por m3 | I55: Total peso do trecho (T) | J55: HORAS | K55: =ROUND(SUM(J56:J60),2) -> 68.85
D56: Bloco Pavi-s | F56: 0.3 | G56: =I56/8 -> 31.68 | I56: =J41*0.08*1.2*2.4 -> 253.44 | J56: =F56*G56 -> 9.504
D57: Meio fio | F57: 0.3 | G57: =I57/8 -> 11.98476 | I57: =((0.15+0.12)*0.3)*I37*1.2*2.4 -> 95.87808 | J57: =ROUND(F57*G57,2) -> 3.6
C58: Material do item 02.02 | D58: Pó de Pedra | F58: 0.3 | G58: =I58/8 -> 18.5625 | H58: 1.35 | I58: =0.1*I41*H58 -> 148.5 | J58: =ROUND(F58*G58,2) -> 5.57
C59: Material do Item 02.01 | D59: Areia lavada média (Meio fio) | F59: 0.3 | G59: =I59/8 -> 0.593073 | H59: 1.48 | I59: =I37*0.0078*H59 -> 4.744584 | J59: =ROUND(F59*G59,2) -> 0.18
J60: 50
A62: 03.02 | B62: COMP.06 | C62: DER - RODOVIAS | D62: RETROESCAVADEIRA | J62: HORAS | K62: =ROUND(SUM(J63),2) -> 40
J63: 40
A65: 03.03 | B65: COMP.05 | C65: DER EDIFICAÇÕES | D65: Equipe de apoio nas atividadades de carga, transporte e posicionamento do material no trecho de pavimentação | J65: METRAGEM | K65: =SUM(J66) -> 200
J66: 200
A68: 03.04 | B68: 41546 | C68: DER - RODOVIAS | D68: Mobilização e desmobilização de caminhão basculante (máximo) | H68: IDA | I68: VOLTA | J68: HORAS | K68: =SUM(J69:J71) -> 4
H69: 2 | I69: 2 | J69: =I69+H69 -> 4
A72: 03.05 | B72: 41544 | C72: DER - RODOVIAS | D72: Mobilização e desmobilização de equipamentos com carreta prancha (máximo) | H72: IDA | I72: VOLTA | J72: HORAS | K72: =SUM(J73:J77) -> 16
C73: Transporte maquinário do ITEM 06.07 | D73: Motoniveladora Caterpillar modelo 120K ( cab + ar + ríper) ou equivalente | H73: 2 | I73: 2 | J73: =I73+H73 -> 4
D74: Rolo AP vib. patas 100 mm CA-25P (DYNAPAC) ou equivalente | H74: 2 | I74: 2 | J74: =I74+H74 -> 4
D75: Rolo compactador de pneus CP 224, Dynapac ou equivalente | H75: 2 | I75: 2 | J75: =I75+H75 -> 4
D76: Trator agrícola MF 297/4 -4 X 4 (MASSEY FERGUSSON) ou equivalente | H76: 2 | I76: 2 | J76: =I76+H76 -> 4
A79: DRENAGEM
A80: 04.01 | B80: 30103 | C80: DER EDIFICAÇÕES | D80: Escavação mecânica em material de 1a. Categoria | G80: ALTURA (M) | H80: COMPRIMENTO (M) | I80: LARGURA (M) | J80: VOLUME (M3) | K80: =SUM(J81:J82) -> 4.62
J81: =J48 -> 4.62
A83: 04.02 | B83: COMP.04 (Item Referência 40433) | C83: DER - RODOVIAS | D83: Corpo BSTC (greide) diâmetro 0,80 m CA-1 PB inclusive escavação, reaterro e transporte dotubo | J83: COMPRIMENTO (M) | K83: =SUM(J84:J86) -> 6
D84: Afloramento de nascente de água | J84: 6
A88: 04.03 | B88: 40666 | C88: DER - RODOVIAS | D88: Sarjeta de concreto DP-1 (0,081 m³/m) calha triangular, inclusive caiação | I88: COMPRIMENTO (M) | J88: SUBTOTAL | K88: =SUM(J89:J91) -> 400 | Q88: 0.081 | R88: =Q88/0.8 -> 0.10125
D89: 83 metros | I89: 83 | J89: =I89 -> 83
D90: 29 metros | I90: 29 | J90: =I90 -> 29
D91: NORMAL | I91: =(400)-(I89+I90) -> 288 | J91: =I91 -> 288
A93: 04.04 | B93: 41176 | C93: DER - RODOVIAS | D93: Berço em brita para BSTC diam. = 0,80 m em Vias Urbanas | J93: COMPRIMENTO (M) | K93: =SUM(J94) -> 6
J94: =J84 -> 6
A96: 04.05 | B96: =VLOOKUP(A96,'Planilha 15 de agosto(igreja)'!A:H,2,FALSE) -> 40531 | D96: =VLOOKUP(A96,'Planilha 15 de agosto(igreja)'!A:H,4,FALSE) -> Boca de concreto ciclópico para BSTC diâmetro 0,80 m | E96: =VLOOKUP(A96,'Planilha 15 de agosto(igreja)'!A:H,5,FALSE) -> und | I96: COMPRIMENTO | J96: SUBTOTAL | K96: =SUM(J97) -> 12
D97: Desvio de água | I97: 12 | J97: =I97 -> 12
A99: 04.06 | B99: =VLOOKUP(A99,'Planilha 15 de agosto(igreja)'!A:H,2,FALSE) -> 41164 | D99: =VLOOKUP(A99,'Planilha 15 de agosto(igreja)'!A:H,4,FALSE) -> Caixa de passagem em bloco pré-moldado para d=0,80m (1,20 x 1,20m) em Vias Urbanas | E99: =VLOOKUP(A99,'Planilha 15 de agosto(igreja)'!A:H,5,FALSE) -> und | I99: QUANTIDADE | J99: SUBTOTAL | K99: =SUM(J100) -> 2
I100: 2 | J100: =I100 -> 2
A102: 04.07 | B102: =VLOOKUP(A102,'Planilha São Valentin'!$A:$I,2,FALSE) -> 40687 | C102: =VLOOKUP(A102,'Planilha São Valentin'!$A:$I,3,FALSE) -> DER - RODOVIAS | D102: =VLOOKUP(A102,'Planilha São Valentin'!$A:$I,4,FALSE) -> Descida d'água concreto armado DP-1 (degraus) c/ caiação | E102: =VLOOKUP(A102,'Planilha São Valentin'!$A:$I,5,FALSE) -> M | I102: QUANTIDADE | J102: SUBTOTAL | K102: =SUM(J103) -> 10
I103: 10 | J103: =I103 -> 10
A104: SERVIÇOS COMPLEMENTARES
A105: 05.01 | B105: 200576 | C105: DER EDIFICAÇÕES | D105: Placa para inauguração de obra em alumínio polido e=4mm, dimensões 40 x 50 cm, gravação em baixo relevo, inclusive pintura e fixação | J105: SUBTOTAL | K105: =SUM(J106) -> 1
J106: 1
D109: __________________________________________________________
D110: ADAUBERTO DO MEIRELES JUNIOR
D111: CREA-ES: 54574/D

Sheet CRO-FISICO FINANC São Valentin
C1: PREFEITURA DE SANTA TERESA-ES
A3: CRONOGRAMA FÍSICO FINANCEIRO
A4: Objeto: | C4: ='Planilha São Valentin'!A4 -> ASSENTAMENTO DE BLOCOS, MEIO FIO E DRENAGEM EM DIVERSOS TRECHOS DO MUNICÍPIO DE SANTA TERESA- ESPÍRITO SANTO
A5: Endereço: | C5: São Valentin, Municipio de Santa Teresa-ES
A6: Data base: | C6: ='Planilha São Valentin'!A6 -> Preço de Referência: DER-Edificações 04/2024 DER-Rodovias julho/2023 CESAN Julho/2024
A7: ITEM | C7: DESCRIÇÃO DOS SERVIÇOS | D7: VALOR DOS SERVIÇOS | G7: SOMA ITENS
E8: MÊS 01 | F8: MÊS 02
A9: ='[1]PLANILHA DE CUSTOS'!A8 -> 01 | C9: ='Planilha São Valentin'!D9 -> SERVIÇOS PRELIMINARES | D9: =D10/D19 -> 0.098664272 | E9: 0.77 | F9: 0.23 | G9: =SUM(E9:F9) -> 1
D10: ='Planilha São Valentin'!I18 -> 21436.08 | E10: =D10*E9 -> 16505.782 | F10: =D10*F9 -> 4930.2984 | G10: =SUM(E10:F10) -> 21436.08
A11: ='[1]PLANILHA DE CUSTOS'!A18 -> 02 | C11: ='Planilha São Valentin'!D19 -> PAVIMENTAÇÃO | D11: =D12/D19 -> 0.34505546 | E11: 0.7 | F11: 0.3 | G11: =SUM(E11:F11) -> 1 | H11: 13801.74
D12: ='Planilha São Valentin'!I25 -> 74967.73 | E12: =D12*E11 -> 52477.411 | F12: =D12*F11 -> 22490.319 | G12: =SUM(E12:F12) -> 74967.73
A13: ='[1]PLANILHA DE CUSTOS'!A32 -> 03 | C13: ='Planilha São Valentin'!D26 -> SERVIÇOS DE MÁQUINA/ APOIO | D13: =D14/D19 -> 0.26327401 | E13: 0.5 | F13: 0.5 | G13: =SUM(E13:F13) -> 1
D14: ='Planilha São Valentin'!I32 -> 57199.66 | E14: =D14*E13 -> 28599.83 | F14: =D14*F13 -> 28599.83 | G14: =SUM(E14:F14) -> 57199.66
A15: ='[1]PLANILHA DE CUSTOS'!A39 -> 04 | C15: ='Planilha São Valentin'!D33 -> DRENAGEM | D15: =D16/D19 -> 0.28931206 | E15: 1 | G15: =SUM(E15:F15) -> 1
D16: ='Planilha São Valentin'!I41 -> 62856.76 | E16: =D16*E15 -> 62856.76 | G16: =SUM(E16:F16) -> 62856.76
A17: ='[1]PLANILHA DE CUSTOS'!A43 -> 05 | C17: ='Planilha São Valentin'!D42 -> SERVIÇOS COMPLEMENTARES | D17: =D18/D21 -> 0.003694189 | E17: 0.5 | F17: 0.5
D18: ='Planilha São Valentin'!I44 -> 802.61 | E18: =D18*E17 -> 401.305 | F18: =D18*F17 -> 401.305
C19: TOTAL SIMPLES - R$ | D19: ='Planilha São Valentin'!I45 -> 217262.84 | E19: =E10+E12+E14+E16+E18 -> 160841.09 | F19: =F10+F12+F14+F16+F18 -> 56421.752 | G19: =SUM(E19:F19) -> 217262.84
C20: TOTAL SIMPLES - % | D20: 1 | E20: =E19/D19 -> 0.74030648 | F20: =F19/D19 -> 0.25969352
C21: TOTAL ACUMULADO - R$ | D21: =D10+D12+D14+D16+D18 -> 217262.84 | E21: =E19 -> 160841.09 | F21: =E21+F19 -> 217262.84
C22: TOTAL ACUMULADO - % | D22: =D9+D11+D13+D15+D17 -> 1 | E22: =E20 -> 0.74030648 | F22: =E22+F20 -> 1
C24: __________________________________________________________
C25: ADAUBERTO DO MEIRELES JUNIOR
C26: CREA-ES: 54574/D

Sheet Curva ABC São VALENTIN
A4: CURVA ABC DE SERVIÇOS
A5: ITEM | B5: CÓDIGO | C5: REF. | D5: ESPECIFICAÇÃO | E5: TOTAL | F5: % | G5: %ACUMULADA | H5: CONCEITO
A6: 04.03 | B6: 40666 | C6: DER - RODOVIAS | D6: Sarjeta de concreto DP-1 (0,081 m³/m) calha triangular, inclusive caiação | E6: 47892 | F6: =E6/$E$32 -> 0.22043346 | G6: =F6 -> 0.22043346 | H6: =IF(G6<$K$8,$K$7,IF(G6<$L$8,$L$7,$M$7)) -> A | K6: Classificação
A7: 02.02 | B7: Comp. 02 (Item referencia 200206) | C7: DER EDIFICAÇÕES | D7: Assentamento de Blocos pré-moldados de concreto tipo tijolo holandês 10 x 20 cm., espessura de 8 cm e resistência a compressão mínima de 35MPa, assentados sobre colchão de areia na espessura de 10 cm - Exclusive blocos (Doados pela SEAG-ES) | E7: 35222 | F7: =E7/$E$32 -> 0.162117 | G7: =G6+F7 -> 0.38255046 | H7: =IF(G7<$K$8,$K$7,IF(G7<$L$8,$L$7,$M$7)) -> A | K7: A | L7: B | M7: C
A8: 03.01 | B8: COMP. 05 | C8: DER - RODOVIAS | D8: CAMINHÃO BASCULANTE | E8: 29841.66 | F8: =E8/$E$32 -> 0.1373528 | G8: =G7+F8 -> 0.51990327 | H8: =IF(G8<$K$8,$K$7,IF(G8<$L$8,$L$7,$M$7)) -> A | K8: 0.8 | L8: 0.95 | M8: 1
A9: 02.03 | B9: 30208 | C9: DER EDIFICAÇÕES | D9: Aterro manual para regularização do terreno em argila, inclusive adensamento manual e fornecimento do material (máximo de 100m3) | E9: 13687.94 | F9: =E9/$E$32 -> 0.063001754 | G9: =G8+F9 -> 0.58290502 | H9: =IF(G9<$K$8,$K$7,IF(G9<$L$8,$L$7,$M$7)) -> A
A10: 02.01 | B10: Comp. 01 (Item referencia 200202) | C10: DER EDIFICAÇÕES | D10: Assentamento de meio-fio de concreto pré-moldado com dimensões de 15x12x30x100 cm , rejuntados com argamassa de cimento e areia no traço 1:3 - Exclusive Meio-fio (Doados pela SEAG-ES) | E10: 12716.34 | F10: =E10/$E$32 -> 0.058529751 | G10: =G9+F10 -> 0.64143477 | H10: =IF(G10<$K$8,$K$7,IF(G10<$L$8,$L$7,$M$7)) -> A
A11: 03.05 | B11: 41544 | C11: DER - RODOVIAS | D11: Mobilização e desmobilização de equipamentos com carreta prancha (máximo) | E11: 12199.84 | F11: =E11/$E$32 -> 0.056152447 | G11: =G10+F11 -> 0.69758722 | H11: =IF(G11<$K$8,$K$7,IF(G11<$L$8,$L$7,$M$7)) -> A
A12: 03.02 | B12: COMP. 06 | C12: DER - RODOVIAS | D12: RETROESCAVADEIRA | E12: 11459.2 | F12: =E12/$E$32 -> 0.052743488 | G12: =G11+F12 -> 0.75033071 | H12: =IF(G12<$K$8,$K$7,IF(G12<$L$8,$L$7,$M$7)) -> A
A13: 02.04 | B13: 40233 | C13: DER EDIFICAÇÕES | D13: Fornecimento, preparo e aplicação de concreto Fck=15 MPa (brita 1 e 2) - (5% de perdas já incluído no custo) | E13: 10822.45 | F13: =E13/$E$32 -> 0.049812706 | G13: =G12+F13 -> 0.80014341 | H13: =IF(G13<$K$8,$K$7,IF(G13<$L$8,$L$7,$M$7)) -> B
A14: 01.08 | B14: 7010100210 | C14: CESAN | D14: BANHEIRO QUIMICO | E14: 7550.64 | F14: =E14/$E$32 -> 0.034753481 | G14: =G13+F14 -> 0.83489689 | H14: =IF(G14<$K$8,$K$7,IF(G14<$L$8,$L$7,$M$7)) -> B
A15: 04.07 | B15: 40687 | C15: DER - RODOVIAS | D15: Descida d'água concreto armado DP-1 (degraus) c/ caiação | E15: 6475.4 | F15: =E15/$E$32 -> 0.029804453 | G15: =G14+F15 -> 0.86470135 | H15: =IF(G15<$K$8,$K$7,IF(G15<$L$8,$L$7,$M$7)) -> B
A16: 04.02 | B16: COMP. 04 | C16: DER - RODOVIAS | D16: Corpo BSTC (greide) diâmetro 0,80 m CA-1 PB inclusive escavação, reaterro e transporte do tubo | E16: 6078.42 | F16: =E16/$E$32 -> 0.027977265 | G16: =G15+F16 -> 0.89267861 | H16: =IF(G16<$K$8,$K$7,IF(G16<$L$8,$L$7,$M$7)) -> B
A17: 01.03 | B17: 42046 | C17: DER RODOVIAS | D17: Cones para sinalização, fornecimento e colocação | E17: 3369.8 | F17: =E17/$E$32 -> 0.015510246 | G17: =G16+F17 -> 0.90818886 | H17: =IF(G17<$K$8,$K$7,IF(G17<$L$8,$L$7,$M$7)) -> B
A18: 01.06 | B18: 020356 | C18: DER EDIFICAÇÕES | D18: Aluguel mensal container para almoxarifado, incl. porta, 2 janelas, 1 pt iluminação, Isolamento térmico (teto), piso em comp. Naval pintado, cert. NR18, incl. laudo descontaminação. | E18: 2964.03 | F18: =E18/$E$32 -> 0.0136426 | G18: =G17+F18 -> 0.92183146 | H18: =IF(G18<$K$8,$K$7,IF(G18<$L$8,$L$7,$M$7)) -> B
A19: 02.05 | B19: 40754 | C19: DER - RODOVIAS | D19: Regularização e compactação do sub-leito (100% P.I.) H = 0,20 m | E19: 2519 | F19: =E19/$E$32 -> 0.011594251 | G19: =G18+F19 -> 0.93342571 | H19: =IF(G19<$K$8,$K$7,IF(G19<$L$8,$L$7,$M$7)) -> B
A20: 01.01 | B20: 20305 | C20: DER EDIFICAÇÕES | D20: Placa de obra nas dimensões de 2.0 x 4.0 m, padrão DER | E20: 2436.64 | F20: =E20/$E$32 -> 0.011215171 | G20: =G19+F20 -> 0.94464088 | H20: =IF(G20<$K$8,$K$7,IF(G20<$L$8,$L$7,$M$7)) -> B
A21: 01.07 | B21: 020344 | C21: DER EDIFICAÇÕES | D21: Mobilização e desmobilização de conteiner locado para barracão de obra | E21: 2119.39 | F21: =E21/$E$32 -> 0.0097549586 | G21: =G20+F21 -> 0.95439584 | H21: =IF(G21<$K$8,$K$7,IF(G21<$L$8,$L$7,$M$7)) -> C
A22: 03.04 | B22: 41546 | C22: DER - RODOVIAS | D22: Mobilização e desmobilização de caminhão basculante (máximo) | E22: 1900.96 | F22: =E22/$E$32 -> 0.0087495864 | G22: =G21+F22 -> 0.96314542 | H22: =IF(G22<$K$8,$K$7,IF(G22<$L$8,$L$7,$M$7)) -> C
A23: 03.03 | B23: COMP. 03 | C23: DER EDIFICAÇÕES | D23: Equipe de apoio nas atividadades de carga, transporte e posicionamento do material no trecho de pavimentação | E23: 1798 | F23: =E23/$E$32 -> 0.0082756904 | G23: =G22+F23 -> 0.97142111 | H23: =IF(G23<$K$8,$K$7,IF(G23<$L$8,$L$7,$M$7)) -> C
A24: 04.05 | B24: 102993 | C24: SINAPI 04/2024 | D24: CANALETA MEIA CANA PRÉ-MOLDADA DE CONCRETO (D = 60 CM) - FORNECIMENTO E INSTALAÇÃO. AF_08/2021 | E24: 1394.04 | F24: =E24/$E$32 -> 0.0064163757 | G24: =G23+F24 -> 0.97783749 | H24: =IF(G24<$K$8,$K$7,IF(G24<$L$8,$L$7,$M$7)) -> C
A25: 01.02 | B25: 10512 | C25: DER EDIFICAÇÕES | D25: Equipe topográfica para serviços simples de locação e nivelamento (incluindo equipamento, transporte e profissionais nivel médio) | E25: 1376.82 | F25: =E25/$E$32 -> 0.0063371168 | G25: =G24+F25 -> 0.98417461 | H25: =IF(G25<$K$8,$K$7,IF(G25<$L$8,$L$7,$M$7)) -> C
A26: 01.05 | B26: 41359 | C26: DER RODOVIAS | D26: Tela de proteção de segurança de PVC cor laranja com suporte para sinalização de obras | E26: 1355.6 | F26: =E26/$E$32 -> 0.0062394471 | G26: =G25+F26 -> 0.99041405 | H26: =IF(G26<$K$8,$K$7,IF(G26<$L$8,$L$7,$M$7)) -> C
A27: 05.01 | B27: 200576 | C27: DER EDIFICAÇÕES | D27: Placa para inauguração de obra em alumínio polido e=4mm, dimensões 40 x 50 cm, gravação em baixo relevo, inclusive pintura e fixação | E27: 802.61 | F27: =E27/$E$32 -> 0.003694189 | G27: =G26+F27 -> 0.99410824 | H27: =IF(G27<$K$8,$K$7,IF(G27<$L$8,$L$7,$M$7)) -> C
A28: 04.06 | B28: 40675 | C28: DER - RODOVIAS | D28: Entrada para descida d'agua DP-1 (calha/degraus) inclusive caiação | E28: 582.08 | F28: =E28/$E$32 -> 0.0026791512 | G28: =G27+F28 -> 0.99678739 | H28: =IF(G28<$K$8,$K$7,IF(G28<$L$8,$L$7,$M$7)) -> C
A29: 04.04 | B29: 41176 | C29: DER - RODOVIAS | D29: Berço em brita para BSTC diam. = 0,80 m em Vias Urbanas | E29: 340.8 | F29: =E29/$E$32 -> 0.0015686069 | G29: =G28+F29 -> 0.998356 | H29: =IF(G29<$K$8,$K$7,IF(G29<$L$8,$L$7,$M$7)) -> C
A30: 01.04 | B30: 42047 | C30: DER RODOVIAS | D30: Elementos de madeira para sinalização - cavaletes | E30: 263.16 | F30: =E30/$E$32 -> 0.0012112518 | G30: =G29+F30 -> 0.99956725 | H30: =IF(G30<$K$8,$K$7,IF(G30<$L$8,$L$7,$M$7)) -> C
A31: 04.01 | B31: 30103 | C31: DER EDIFICAÇÕES | D31: Escavação mecânica em material de 1a. Categoria | E31: 94.02 | F31: =E31/$E$32 -> 0.00043274773 | G31: =G30+F31 -> 1 | H31: =IF(G31<$K$8,$K$7,IF(G31<$L$8,$L$7,$M$7)) -> C
A32: TOTAL | E32: ='Planilha São Valentin'!I45 -> 217262.84
D35: __________________________________________________________
D36: ADAUBERTO DO MEIRELES JUNIOR
D37: CREA-ES: 54574/D

Sheet Planilha Alto Céu
A4: ASSENTAMENTO DE BLOCOS, MEIO FIO E DRENAGEM EM DIVERSOS TRECHOS DO MUNICÍPIO DE SANTA TERESA- ESPÍRITO SANTO | H4: ALTO PARAÍSO 2370 M² DE PAV. E 1400 M DE MEIO FIO CONTRATO 389/2024 SEAG
A5: PLANILHA DE CUSTOS REFERENCIAIS
A6: Preço de Referência: DER-Edificações 04/2024 DER-Rodovias julho/2023
A7: BDI - 24,67% / LS - 157,27% | E7: BDI | F7: 0.2467
A8: ITEM | B8: CÓDIGO | C8: REF. | D8: ESPECIFICAÇÃO | E8: UND. | F8: QUANT. | G8: PREÇO UNIT. | H8: PREÇO UNIT. C/BDI | I8: TOTAL
A9: 01 | D9: SERVIÇOS PRELIMINARES
A10: 01.01 | B10: 20305 | C10: DER EDIFICAÇÕES | D10: Placa de obra nas dimensões de 2.0 x 4.0 m, padrão DER | E10: m² | F10: =VLOOKUP(A10,'Memoria Alto Céu'!$A:$K,11,) -> 8 | G10: =VLOOKUP(B10,'TRP 04.2024'!$C:$I,7,FALSE) -> 244.31 | H10: =ROUND(G10*(1+$F$7),2) -> 304.58 | I10: =ROUND(H10*F10,2) -> 2436.64
A11: 01.02 | B11: 10512 | C11: DER EDIFICAÇÕES | D11: Equipe topográfica para serviços simples de locação e nivelamento (incluindo equipamento, transporte e profissionais nivel médio) | E11: mês | F11: =VLOOKUP(A11,'Memoria Alto Céu'!$A:$K,11,) -> 0.05 | G11: =VLOOKUP(B11,'TRP 04.2024'!$C:$I,7,FALSE) -> 22087.47 | H11: =ROUND(G11*(1+$F$7),2) -> 27536.45 | I11: =ROUND(H11*F11,2) -> 1376.82
A12: 01.03 | B12: 42046 | C12: DER RODOVIAS | D12: Cones para sinalização, fornecimento e colocação | E12: und | F12: =VLOOKUP(A12,'Memoria Alto Céu'!$A:$K,11,) -> 20 | G12: 135.15 | H12: =ROUND(G12*(1+$F$7),2) -> 168.49 | I12: =ROUND(H12*F12,2) -> 3369.8
A13: 01.04 | B13: 42047 | C13: DER RODOVIAS | D13: Elementos de madeira para sinalização - cavaletes | E13: und | F13: =VLOOKUP(A13,'Memoria Alto Céu'!$A:$K,11,) -> 4 | G13: 52.77 | H13: =ROUND(G13*(1+$F$7),2) -> 65.79 | I13: =ROUND(H13*F13,2) -> 263.16
A14: 01.05 | B14: 41359 | C14: DER RODOVIAS | D14: Tela de proteção de segurança de PVC cor laranja com suporte para sinalização de obras | E14: m | F14: =VLOOKUP(A14,'Memoria Alto Céu'!$A:$K,11,) -> 40 | G14: 27.18 | H14: =ROUND(G14*(1+$F$7),2) -> 33.89 | I14: =ROUND(H14*F14,2) -> 1355.6
A15: 01.06 | B15: 020356 | C15: DER EDIFICAÇÕES | D15: Aluguel mensal container para almoxarifado, incl. porta, 2 janelas, 1 pt iluminação, Isolamento térmico (teto), piso em comp. Naval pintado, cert. NR18, incl. laudo descontaminação. | E15: mês | F15: =VLOOKUP(A15,'Memoria Alto Céu'!$A:$K,11,) -> 3 | G15: 792.5 | H15: =ROUND(G15*(1+$F$7),2) -> 988.01 | I15: =ROUND(H15*F15,2) -> 2964.03
A16: 01.07 | B16: 020344 | C16: DER EDIFICAÇÕES | D16: Mobilização e desmobilização de conteiner locado para barracão de obra | E16: und | F16: =VLOOKUP(A16,'Memoria Alto Céu'!$A:$K,11,) -> 1 | G16: 1700 | H16: =ROUND(G16*(1+$F$7),2) -> 2119.39 | I16: =ROUND(H16*F16,2) -> 2119.39
A17: 01.08 | B17: 7010100210 | C17: CESAN | D17: BANHEIRO QUIMICO | E17: unm | F17: =VLOOKUP(A17,'Memoria Alto Céu'!$A:$K,11,) -> 3 | G17: 2018.83 | H17: =ROUND(G17*(1+$F$7),2) -> 2516.88 | I17: =ROUND(H17*F17,2) -> 7550.64
A18: SUB-TOTAL DO ITEM | I18: =SUBTOTAL(9,I10:I17) -> 21436.08
A19: 02 | D19: PAVIMENTAÇÃO
A20: 02.01 | B20: Comp. 01 (Item referencia 200202) | C20: DER EDIFICAÇÕES | D20: Assentamento de meio-fio de concreto pré-moldado com dimensões de 15x12x30x100 cm , rejuntados com argamassa de cimento e areia no traço 1:3 - Exclusive Meio-fio (Doados pela SEAG-ES) | E20: m | F20: =VLOOKUP(A20,'Memoria Alto Céu'!$A:$K,11,) -> 1400 | G20: 24.82 | H20: =ROUND(G20*(1+$F$7),2) -> 30.94 | I20: =ROUND(H20*F20,2) -> 43316
A21: 02.02 | B21: Comp. 02 (Item referencia 200206) | C21: DER EDIFICAÇÕES | D21: Assentamento de Blocos pré-moldados de concreto tipo tijolo holandês 10 x 20 cm., espessura de 8 cm e resistência a compressão mínima de 35MPa, assentados sobre colchão de pó de pedra na espessura de 10 cm - Exclusive blocos (Doados pela SEAG-ES) | E21: m² | F21: =VLOOKUP(A21,'Memoria Alto Céu'!$A:$K,11,) -> 2370 | G21: =COMP.02!E32 -> 25.685 | H21: =ROUND(G21*(1+$F$7),2) -> 32.02 | I21: =ROUND(H21*F21,2) -> 75887.4
A22: 02.03 | B22: 30208 | C22: DER EDIFICAÇÕES | D22: Aterro manual para regularização do terreno em argila, inclusive adensamento manual e fornecimento do material (máximo de 100m3) | E22: m³ | F22: =VLOOKUP(A22,'Memoria Alto Céu'!$A:$K,11,) -> 42 | G22: =VLOOKUP(B22,'TRP 04.2024'!$C:$I,7,FALSE) -> 166.96 | H22: =ROUND(G22*(1+$F$7),2) -> 208.15 | I22: =ROUND(H22*F22,2) -> 8742.3
A23: 02.04 | B23: 40233 | C23: DER EDIFICAÇÕES | D23: Fornecimento, preparo e aplicação de concreto Fck=15 MPa (brita 1 e 2) - (5% de perdas já incluído no custo) | E23: m³ | F23: =VLOOKUP(A23,'Memoria Alto Céu'!$A:$K,11,) -> 43.18 | G23: =VLOOKUP(B23,'TRP 04.2024'!$C:$I,7,FALSE) -> 676.08 | H23: =ROUND(G23*(1+$F$7),2) -> 842.87 | I23: =ROUND(H23*F23,2) -> 36395.13
A24: 02.05 | B24: 40754 | C24: DER - RODOVIAS | D24: Regularização e compactação do sub-leito (100% P.I.) H = 0,20 m | E24: M² | F24: =VLOOKUP(A24,'Memoria Alto Céu'!$A:$K,11,) -> 2370 | G24: 1.84 | H24: =ROUND(G24*(1+$F$7),2) -> 2.29 | I24: =ROUND(H24*F24,2) -> 5427.3
A25: 02.06 | B25: 40206 | C25: DER - EDIFICAÇÕES | D25: Fôrma de tábua de madeira de 2.5 x 30.0 cm para fundações, levando-se em conta a utilização 5 vezes (incluido o material, corte, montagem, escoramento e desforma) | E25: M² | F25: =VLOOKUP(A25,'Memoria Alto Céu'!$A:$K,11,) -> 202.4 | G25: =VLOOKUP(B25,'TRP 04.2024'!$C:$I,7,FALSE) -> 81.62 | H25: =ROUND(G25*(1+$F$7),2) -> 101.76 | I25: =ROUND(H25*F25,2) -> 20596.22
A26: SUB-TOTAL DO ITEM | I26: =SUBTOTAL(9,I20:I25) -> 190364.35
A27: 03 | D27: SERVIÇOS DE MÁQUINA/ APOIO
A28: 03.01 | B28: COMP. 05 | C28: DER - RODOVIAS | D28: CAMINHÃO BASCULANTE | E28: H | F28: =VLOOKUP(A28,'Memoria Alto Céu'!$A:$K,11,) -> 50.51 | G28: =COMP.05!H39 -> 347.66 | H28: =ROUND(G28*(1+$F$7),2) -> 433.43 | I28: =ROUND(H28*F28,2) -> 21892.55
A29: 03.02 | B29: COMP. 06 | C29: DER - RODOVIAS | D29: RETROESCAVADEIRA | E29: H | F29: =VLOOKUP(A29,'Memoria Alto Céu'!$A:$K,11,) -> 40 | G29: =COMP.06!H39 -> 229.79 | H29: =ROUND(G29*(1+$F$7),2) -> 286.48 | I29: =ROUND(H29*F29,2) -> 11459.2
A30: 03.03 | B30: COMP. 03 | C30: DER EDIFICAÇÕES | D30: Equipe de apoio nas atividadades de carga, transporte e posicionamento do material no trecho de pavimentação | E30: m | F30: =VLOOKUP(A30,'Memoria Alto Céu'!$A:$K,11,) -> 678 | G30: =COMP.03!D22 -> 7.2138508 | H30: =ROUND(G30*(1+$F$7),2) -> 8.99 | I30: =ROUND(H30*F30,2) -> 6095.22
A31: 03.04 | B31: 41546 | C31: DER - RODOVIAS | D31: Mobilização e desmobilização de caminhão basculante (máximo) | E31: H | F31: =VLOOKUP(A31,'Memoria Alto Céu'!$A:$K,11,) -> 2 | G31: 381.2 | H31: =ROUND(G31*(1+$F$7),2) -> 475.24 | I31: =ROUND(H31*F31,2) -> 950.48
A32: 03.05 | B32: 41544 | C32: DER - RODOVIAS | D32: Mobilização e desmobilização de equipamentos com carreta prancha (máximo) | E32: H | F32: =VLOOKUP(A32,'Memoria Alto Céu'!$A:$K,11,) -> 8 | G32: 611.61 | H32: =ROUND(G32*(1+$F$7),2) -> 762.49 | I32: =ROUND(H32*F32,2) -> 6099.92
A33: SUB-TOTAL DO ITEM | I33: =SUBTOTAL(9,I28:I32) -> 46497.37
A34: 04 | D34: DRENAGEM
A35: 04.01 | B35: 30103 | C35: DER EDIFICAÇÕES | D35: Escavação mecânica em material de 1a. Categoria | E35: m3 | F35: =VLOOKUP(A35,'Memoria Alto Céu'!$A:$K,11,) -> 43.18 | G35: =VLOOKUP(B35,'TRP 04.2024'!$C:$I,7,FALSE) -> 16.32 | H35: =ROUND(G35*(1+$F$7),2) -> 20.35 | I35: =ROUND(H35*F35,2) -> 878.71
A36: 04.02 | B36: COMP. 04 | C36: DER - RODOVIAS | D36: Corpo BSTC (greide) diâmetro 0,80 m CA-1 PB inclusive escavação, reaterro e transporte do tubo | E36: m | F36: =VLOOKUP(A36,'Memoria Alto Céu'!$A:$K,11,) -> 55 | G36: =COMP.04!H46 -> 812.6029 | H36: =ROUND(G36*(1+$F$7),2) -> 1013.07 | I36: =ROUND(H36*F36,2) -> 55718.85
A37: 04.03 | B37: 41176 | C37: DER - RODOVIAS | D37: Berço em brita para BSTC diam. = 0,80 m em Vias Urbanas | E37: m | F37: =VLOOKUP(A37,'Memoria Alto Céu'!$A:$K,11,) -> 55 | G37: 45.56 | H37: =ROUND(G37*(1+$F$7),2) -> 56.8 | I37: =ROUND(H37*F37,2) -> 3124
A38: 04.04 | B38: 40531 | C38: DER - RODOVIAS | D38: Boca de concreto ciclópico para BSTC diâmetro 0,80 m | E38: und | F38: =VLOOKUP(A38,'Memoria Alto Céu'!$A:$K,11,) -> 12 | G38: 2103.84 | H38: =ROUND(G38*(1+$F$7),2) -> 2622.86 | I38: =ROUND(H38*F38,2) -> 31474.32
A39: 04.05 | B39: 41164 | C39: DER - RODOVIAS | D39: Caixa de passagem em bloco pré-moldado para d=0,80m (1,20 x 1,20m) em Vias Urbanas | E39: und | F39: =VLOOKUP(A39,'Memoria Alto Céu'!$A:$K,11,) -> 10 | G39: 3607.3 | H39: =ROUND(G39*(1+$F$7),2) -> 4497.22 | I39: =ROUND(H39*F39,2) -> 44972.2
A40: SUB-TOTAL DO ITEM | I40: =SUBTOTAL(9,I35:I39) -> 136168.08
A41: 05 | D41: SERVIÇOS COMPLEMENTARES
A42: 05.01 | B42: 200576 | C42: DER EDIFICAÇÕES | D42: Placa para inauguração de obra em alumínio polido e=4mm, dimensões 40 x 50 cm, gravação em baixo relevo, inclusive pintura e fixação | E42: und | F42: =VLOOKUP(A42,'Memoria Alto Céu'!$A:$K,11,) -> 1 | G42: =VLOOKUP(B42,'TRP 04.2024'!$C:$I,7,FALSE) -> 643.79 | H42: =ROUND(G42*(1+$F$7),2) -> 802.61 | I42: =ROUND(H42*F42,2) -> 802.61
A43: SUB-TOTAL DO ITEM | I43: =SUBTOTAL(9,I42) -> 802.61
D44: VALOR GERAL DA OBRA TOTAL | I44: =SUBTOTAL(9,I9:I43) -> 395268.49
D46: __________________________________________________________
D47: ADAUBERTO DO MEIRELES JUNIOR
D48: CREA-ES: 54574/D

Sheet Memoria Alto Céu
A6: MEMORIA DE CÁLCULO | E6: ATA DE REGISTRO DE PREÇO DE ASSENTAMENTO DE BLOCOS, MEIO FIO E DRENAGEM EM DIVERSOS TRECHOS DO MUNICÍPIO
A7: REFERÊNCIA: TABELA CUSTOS LABOR/CT-UFES PADRÃO DER EDIFICAÇÕES MARÇO/2023 E DER RODOVIAS JULHO/2022 SEM DESONERAÇÃO
A8: BDI - 27,06% / LS - 157,27%
A10: SERVIÇOS PRELIMINARES
A11: 01.01 | B11: 020305 | C11: DER EDIFICAÇÕES | D11: Placa de obra nas dimensões de 2.0 x 4.0 m, padrão DER | E11: UND. | F11: QUANTIDADE | G11: COMPRIMENTO (M) | H11: LARGURA (M) | I11: ÁREA (M2) | J11: SUBTOTAL | K11: =SUM(J12) -> 8
F12: 1 | G12: 4 | H12: 2 | I12: =H12*G12*F12 -> 8 | J12: =I12 -> 8
A14: 01.02 | B14: 10512 | C14: DER EDIFICAÇÕES | D14: Equipe topográfica para serviços simples de locação e nivelamento (incluindo equipamento, transporte e profissionais nivel médio) | J14: MÊS | K14: =SUM(J15) -> 0.05 | O14: =ROUND(2/60,2) -> 0.03
D15: Considerado dois dias de equipe topografica para locação do eixo da rua | J15: =3/60 -> 0.05
A17: 01.03 | B17: =VLOOKUP(A17,'Planilha São Valentin'!$A:$I,2,FALSE) -> 42046 | C17: =VLOOKUP(A17,'Planilha São Valentin'!$A:$I,3,FALSE) -> DER RODOVIAS | D17: =VLOOKUP(A17,'Planilha São Valentin'!$A:$I,4,FALSE) -> Cones para sinalização, fornecimento e colocação | E17: =VLOOKUP(A17,'Planilha São Valentin'!$A:$I,5,FALSE) -> und | F17: QUANTIDADE | G17: COMPRIMENTO (M) | H17: LARGURA (M) | I17: ÁREA (M2) | J17: SUBTOTAL | K17: =ROUND(J18,2) -> 20
E18: 20 | J18: =E18 -> 20
A20: 01.04 | B20: =VLOOKUP(A20,'Planilha São Valentin'!$A:$I,2,FALSE) -> 42047 | C20: =VLOOKUP(A20,'Planilha São Valentin'!$A:$I,3,FALSE) -> DER RODOVIAS | D20: =VLOOKUP(A20,'Planilha São Valentin'!$A:$I,4,FALSE) -> Elementos de madeira para sinalização - cavaletes | E20: =VLOOKUP(A20,'Planilha São Valentin'!$A:$I,5,FALSE) -> und | J20: MÊS | K20: =ROUND(SUM(J21),2) -> 4 | O20: =ROUND(2/60,2) -> 0.03
E21: 4 | J21: =E21 -> 4
A23: 01.05 | B23: =VLOOKUP(A23,'Planilha São Valentin'!$A:$I,2,FALSE) -> 41359 | C23: =VLOOKUP(A23,'Planilha São Valentin'!$A:$I,3,FALSE) -> DER RODOVIAS | D23: =VLOOKUP(A23,'Planilha São Valentin'!$A:$I,4,FALSE) -> Tela de proteção de segurança de PVC cor laranja com suporte para sinalização de obras | E23: =VLOOKUP(A23,'Planilha São Valentin'!$A:$I,5,FALSE) -> m | F23: QUANTIDADE | G23: COMPRIMENTO (M) | H23: LARGURA (M) | I23: ÁREA (M2) | J23: SUBTOTAL | K23: =ROUND((J24),2) -> 40
E24: 40 | J24: =E24 -> 40
A26: 01.06 | B26: =VLOOKUP(A26,'Planilha São Valentin'!$A:$I,2,FALSE) -> 020356 | C26: =VLOOKUP(A26,'Planilha São Valentin'!$A:$I,3,FALSE) -> DER EDIFICAÇÕES | D26: =VLOOKUP(A26,'Planilha São Valentin'!$A:$I,4,FALSE) -> Aluguel mensal container para almoxarifado, incl. porta, 2 janelas, 1 pt iluminação, Isolamento térmico (teto), piso em comp. Naval pintado, cert. NR18, incl. laudo descontaminação. | E26: =VLOOKUP(A26,'Planilha São Valentin'!$A:$I,5,FALSE) -> mês | F26: QUANTIDADE | G26: COMPRIMENTO (M) | H26: LARGURA (M) | I26: ÁREA (M2) | J26: SUBTOTAL | K26: =ROUND((J27),2) -> 3
E27: 3 | J27: =E27 -> 3
A29: 01.07 | B29: =VLOOKUP(A29,'Planilha São Valentin'!$A:$I,2,FALSE) -> 020344 | C29: =VLOOKUP(A29,'Planilha São Valentin'!$A:$I,3,FALSE) -> DER EDIFICAÇÕES | D29: =VLOOKUP(A29,'Planilha São Valentin'!$A:$I,4,FALSE) -> Mobilização e desmobilização de conteiner locado para barracão de obra | E29: =VLOOKUP(A29,'Planilha São Valentin'!$A:$I,5,FALSE) -> und | F29: QUANTIDADE | G29: COMPRIMENTO (M) | H29: LARGURA (M) | I29: ÁREA (M2) | J29: SUBTOTAL | K29: =ROUND((J30),2) -> 1
E30: 1 | J30: =E30 -> 1
A32: 01.08 | B32: =VLOOKUP(A32,'Planilha São Valentin'!$A:$I,2,FALSE) -> 7010100210 | C32: =VLOOKUP(A32,'Planilha São Valentin'!$A:$I,3,FALSE) -> CESAN | D32: =VLOOKUP(A32,'Planilha São Valentin'!$A:$I,4,FALSE) -> BANHEIRO QUIMICO | E32: =VLOOKUP(A32,'Planilha São Valentin'!$A:$I,5,FALSE) -> unm | F32: QUANTIDADE | G32: COMPRIMENTO (M) | H32: LARGURA (M) | I32: ÁREA (M2) | J32: SUBTOTAL | K32: =ROUND((J33),2) -> 3
E33: 3 | J33: =E33 -> 3
A35: PAVIMENTAÇÃO
A36: 02.01 | B36: Comp. 01 (Item referencia 200202) | C36: DER EDIFICAÇÕES | D36: Assentamento de meio-fio de concreto pré-moldado com dimensões de 15x12x30x100 cm , rejuntados com argamassa de cimento e areia no traço 1:3 - Exclusive Meio-fio (Doados pela SEAG-ES) | I36: COMPRIMENTO (M) | J36: SUBTOTAL | K36: =SUM(J37) -> 1400
D37: Observação: a liberação da execução dos trechos serão de acordo com a liberação de meio fio da SEAG | I37: 1400 | J37: =I37 -> 1400
A40: 02.02 | B40: Comp. 02 (Item referencia 200206) | C40: DER EDIFICAÇÕES | D40: Assentamento de Blocos pré-moldados de concreto tipo tijolo holandês 10 x 20 cm., espessura de 8 cm e resistência a compressão mínima de 35MPa, assentados sobre colchão de areia na espessura de 10 cm - Exclusive blocos (Doados pela SEAG-ES) | I40: ÁREA (M2) | J40: SUBTOTAL | K40: =SUM(J41) -> 2370
D41: Observação: a liberação da execução dos trechos serão de acordo com a liberação de blocos da SEAG | I41: 2370 | J41: =I41 -> 2370
A44: 02.03 | B44: 030208 | C44: DER EDIFICAÇÕES | D44: Aterro manual para regularização do terreno em argila, inclusive adensamento manual e fornecimento do material (máximo de 100m3) | F44: ALTURA (M) | G44: COMPRIMENTO (M) | H44: LARGURA (M) | I44: VOLUME (M3) | J44: SUBTOTAL | K44: =SUM(J45) -> 42 | M44: =I41*0.08*1.2 -> 227.52 | N44: =M44*2.4 -> 546.048
F45: 0.2 | G45: =I37 -> 1400 | H45: 0.15 | I45: =H45*G45*F45 -> 42 | J45: =I45 -> 42 | N45: =N44/8 -> 68.256
N46: =N45*0.25 -> 17.064
A47: 02.04 | B47: 040233 | C47: DER EDIFICAÇÕES | D47: Fornecimento, preparo e aplicação de concreto Fck=15 MPa (brita 1 e 2) - (5% de perdas já incluído no custo) | E47: ALTURA (M) | F47: COMPRIMENTO (M) | G47: LARGURA (M) | H47: VOLUME (M3) | I47: QUANTIDADE | J47: SUBTOTAL | K47: =SUM(J48:J50) -> 43.18
D48: Transversal a cada 15 metros | E48: 0.4 | F48: 5.5 | G48: 0.15 | H48: =G48*F48*E48 -> 0.33 | I48: =ROUNDUP((678/15),0) -> 46 | J48: =I48*H48 -> 15.18
D49: Por trás do Meio Fio | E49: 0.1 | F49: =I37 -> 1400 | G49: 0.2 | J49: =G49*F49*E49 -> 28
A52: 02.05 | B52: =VLOOKUP(A52,'Planilha 15 de agosto(igreja)'!A:H,2,FALSE) -> 40243 | D52: =VLOOKUP(A52,'Planilha 15 de agosto(igreja)'!$A:$H,4,FALSE) -> Fornecimento, dobragem e colocação em fôrma, de armadura CA-50 A média, diâmetro de 6.3 a 10.0 mm | E52: =VLOOKUP(A52,'Planilha 15 de agosto(igreja)'!A:H,5,FALSE) -> kg | I52: ÁREA | J52: SUBTOTAL | K52: =SUM(J53) -> 2370
D53: Pavimentação | I53: =I41 -> 2370 | J53: =I53 -> 2370
A55: 02.06 | B55: =VLOOKUP(A55,'Planilha 15 de agosto(igreja)'!A:H,2,FALSE) -> 40754 | D55: =VLOOKUP(A55,'Planilha 15 de agosto(igreja)'!$A:$H,4,FALSE) -> Regularização e compactação do sub-leito (100% P.I.) H = 0,20 m | E55: =VLOOKUP(A55,'Planilha 15 de agosto(igreja)'!A:H,5,FALSE) -> M² | F55: ALTURA | G55: COMPRIMENTO | H55: QUANTIDADE | I55: ÁREA | J55: SUBTOTAL | K55: =SUM(J56:J57) -> 202.4
D56: Transversais | F56: =E48 -> 0.4 | G56: =F48 -> 5.5 | H56: =I48*2 -> 92 | I56: =G56*F56 -> 2.2 | J56: =(I56*H56) -> 202.4
I57: =H57*G57*F57 -> 0 | J57: =I57 -> 0
A59: SERVIÇOS DE MÁQUINAS
A60: 03.01 | B60: COMP.05 | C60: DER - RODOVIAS | D60: CAMINHÃO BASCULANTE | F60: Tempo médio deslocamento ida e volta (horas) | G60: viajens nescessárias | H60: Peso por m3 | I60: Total peso do trecho (T) | J60: HORAS | K60: =SUM(J61:J64) -> 50.51
C62: Material do item 02.02 | D62: Pó de Pedra | F62: 0.25 | G62: =I62/8 -> 39.99375 | H62: 1.35 | I62: =0.1*I41*H62 -> 319.95 | J62: =ROUND(F62*G62,2) -> 10
C63: Material do Item 02.01 | D63: Areia lavada média (Meio fio) | F63: 0.25 | G63: =I63/8 -> 2.0202 | H63: 1.48 | I63: =I37*0.0078*H63 -> 16.1616 | J63: =ROUND(F63*G63,2) -> 0.51
J64: 40
A66: 03.02 | B66: COMP.06 | C66: DER - RODOVIAS | D66: RETROESCAVADEIRA | J66: HORAS | K66: =SUM(J67) -> 40
J67: 40
A69: 03.03 | B69: COMP.03 | C69: DER EDIFICAÇÕES | D69: Equipe de apoio nas atividadades de carga, transporte e posicionamento do material no trecho de pavimentação | J69: METRAGEM | K69: =SUM(J70) -> 678
J70: 678
A72: 03.04 | B72: 41546 | C72: DER - RODOVIAS | D72: Mobilização e desmobilização de caminhão basculante (máximo) | H72: IDA | I72: VOLTA | J72: HORAS | K72: =SUM(J73:J75) -> 2
H73: 1 | I73: 1 | J73: =I73+H73 -> 2
A76: 03.05 | B76: 41544 | C76: DER - RODOVIAS | D76: Mobilização e desmobilização de equipamentos com carreta prancha (máximo) | H76: IDA | I76: VOLTA | J76: HORAS | K76: =SUM(J77:J81) -> 8
C77: Transporte maquinário do ITEM 06.07 | D77: Motoniveladora Caterpillar modelo 120K ( cab + ar + ríper) ou equivalente | H77: 1 | I77: 1 | J77: =I77+H77 -> 2
D78: Rolo AP vib. patas 100 mm CA-25P (DYNAPAC) ou equivalente | H78: 1 | I78: 1 | J78: =I78+H78 -> 2
D79: Rolo compactador de pneus CP 224, Dynapac ou equivalente | H79: 1 | I79: 1 | J79: =I79+H79 -> 2
D80: Trator agrícola MF 297/4 -4 X 4 (MASSEY FERGUSSON) ou equivalente | H80: 1 | I80: 1 | J80: =I80+H80 -> 2
A83: DRENAGEM
A84: 04.01 | B84: 30103 | C84: DER EDIFICAÇÕES | D84: Escavação mecânica em material de 1a. Categoria | G84: ALTURA (M) | H84: COMPRIMENTO (M) | I84: LARGURA (M) | J84: VOLUME (M3) | K84: =SUM(J85:J86) -> 43.18
D85: Item 02.04 | J85: =K47 -> 43.18
A87: 04.02 | B87: COMP.04 (Item Referência 40433) | C87: DER - RODOVIAS | D87: Corpo BSTC (greide) diâmetro 0,80 m CA-1 PB inclusive escavação, reaterro e transporte dotubo | J87: COMPRIMENTO (M) | K87: =SUM(J88:J94) -> 55
D88: Substituição de manilha de Ø30cm para MANILHA DE Ø80cm (detalhe 02) | J88: 8
D89: Drenagem na curva Coordenadas UTM: 24k 336907.99 m E 7789572.73 m S | J89: 11
D90: Drenagem Coordenadas UTM: 24k 336957.77 m E 7789617.16 m S | J90: 13
D91: Drenagem Coordenadas UTM: 24k 337044.51 m E 7789688.06 m S | J91: 10
D92: Drenagem Coordenadas UTM: 24k 337134.47 m E 7789670.70 m S | J92: 7
D93: Drenagem Coordenadas UTM: 24k 337240.21 m E c7789714.95 m S | J93: 6
A96: 04.03 | B96: 41176 | C96: DER - RODOVIAS | D96: Berço em brita para BSTC diam. = 0,80 m em Vias Urbanas | J96: COMPRIMENTO (M) | K96: =SUM(J97) -> 55
D97: item 04.01 | J97: =K87 -> 55
A99: 04.04 | B99: 40531 | C99: DER - RODOVIAS | D99: Boca de concreto ciclópico para BSTC diâmetro 0,80 m | J99: QUANTIDADE | K99: =SUM(J100:J104) -> 12
D100: Detalhe 02 | J100: 1
D101: Detalhe 04 | J101: 1
D102: para caixas de passagem elevadas | J102: =K105 -> 10
A105: 04.05 | B105: 41164 | C105: DER - RODOVIAS | D105: Caixa de passagem em bloco pré-moldado para d=0,80m (1,20 x 1,20m) em Vias Urbanas | J105: QUANTIDADE | K105: =SUM(J106:J110) -> 10
D106: Detalhe 04 | J106: 2
D107: Detalhe 05 | J107: 2
D108: Detalhe 07 | J108: 2
D109: Detalhe 08 | J109: 2
D110: Detalhe 09 | J110: 2
A112: SERVIÇOS COMPLEMENTARES
A113: 05.01 | B113: 200576 | C113: DER EDIFICAÇÕES | D113: Placa para inauguração de obra em alumínio polido e=4mm, dimensões 40 x 50 cm, gravação em baixo relevo, inclusive pintura e fixação | J113: SUBTOTAL | K113: =SUM(J114) -> 1
J114: 1
A116: ADITIVO
D119: __________________________________________________________
D120: ADAUBERTO DO MEIRELES JUNIOR
D121: CREA-ES: 54574/D

Sheet CRO-FISICO FINANC Alto Céu
C1: PREFEITURA DE SANTA TERESA-ES
A3: CRONOGRAMA FÍSICO FINANCEIRO
A4: Objeto: | C4: ='Planilha São Valentin'!A4 -> ASSENTAMENTO DE BLOCOS, MEIO FIO E DRENAGEM EM DIVERSOS TRECHOS DO MUNICÍPIO DE SANTA TERESA- ESPÍRITO SANTO
A5: Endereço: | C5: Alto Paraíso (Zeca Legarsi), Municipio de Santa Teresa-ES
A6: Data base: | C6: ='Planilha São Valentin'!A6 -> Preço de Referência: DER-Edificações 04/2024 DER-Rodovias julho/2023 CESAN Julho/2024
A7: ITEM | C7: DESCRIÇÃO DOS SERVIÇOS | D7: VALOR DOS SERVIÇOS | G7: SOMA ITENS
E8: MÊS 01 | F8: MÊS 02
A9: ='[1]PLANILHA DE CUSTOS'!A8 -> 01 | C9: ='Planilha Alto Céu'!D9 -> SERVIÇOS PRELIMINARES | D9: =D10/D19 -> 0.054231695 | E9: 0.77 | F9: 0.23 | G9: =SUM(E9:F9) -> 1
D10: ='Planilha Alto Céu'!I18 -> 21436.08 | E10: =D10*E9 -> 16505.782 | F10: =D10*F9 -> 4930.2984 | G10: =SUM(E10:F10) -> 21436.08
A11: ='[1]PLANILHA DE CUSTOS'!A18 -> 02 | C11: ='Planilha Alto Céu'!D19 -> PAVIMENTAÇÃO | D11: =D12/D19 -> 0.4816077 | E11: 0.7 | F11: 0.3 | G11: =SUM(E11:F11) -> 1 | H11: 13801.74
D12: ='Planilha Alto Céu'!I26 -> 190364.35 | E12: =D12*E11 -> 133255.05 | F12: =D12*F11 -> 57109.305 | G12: =SUM(E12:F12) -> 190364.35
A13: ='[1]PLANILHA DE CUSTOS'!A32 -> 03 | C13: ='Planilha Alto Céu'!D27 -> SERVIÇOS DE MÁQUINA/ APOIO | D13: =D14/D19 -> 0.1176349 | E13: 0.5 | F13: 0.5 | G13: =SUM(E13:F13) -> 1
D14: ='Planilha Alto Céu'!I33 -> 46497.37 | E14: =D14*E13 -> 23248.685 | F14: =D14*F13 -> 23248.685 | G14: =SUM(E14:F14) -> 46497.37
A15: ='[1]PLANILHA DE CUSTOS'!A39 -> 04 | C15: ='Planilha Alto Céu'!D34 -> DRENAGEM | D15: =D16/D19 -> 0.34449516 | E15: 1 | G15: =SUM(E15:F15) -> 1
D16: ='Planilha Alto Céu'!I40 -> 136168.08 | E16: =D16*E15 -> 136168.08 | G16: =SUM(E16:F16) -> 136168.08
A17: ='[1]PLANILHA DE CUSTOS'!A43 -> 05 | C17: ='Planilha Alto Céu'!D41 -> SERVIÇOS COMPLEMENTARES | D17: =D18/D21 -> 0.0020305438 | E17: 0.5 | F17: 0.5
D18: ='Planilha Alto Céu'!I43 -> 802.61 | E18: =D18*E17 -> 401.305 | F18: =D18*F17 -> 401.305
C19: TOTAL SIMPLES - R$ | D19: ='Planilha Alto Céu'!I44 -> 395268.49 | E19: =E10+E12+E14+E16+E18 -> 309578.9 | F19: =F10+F12+F14+F16+F18 -> 85689.593 | G19: =SUM(E19:F19) -> 395268.49
C20: TOTAL SIMPLES - % | D20: 1 | E20: =E19/D19 -> 0.78321168 | F20: =F19/D19 -> 0.21678832 | G20: =SUM(E20:F20) -> 1
C21: TOTAL ACUMULADO - R$ | D21: =D10+D12+D14+D16+D18 -> 395268.49 | E21: =E19 -> 309578.9 | F21: =E21+F19 -> 395268.49
C22: TOTAL ACUMULADO - % | D22: =D9+D11+D13+D15+D17 -> 1 | E22: =E20 -> 0.78321168 | F22: =E22+F20 -> 1
C25: __________________________________________________________
C26: ADAUBERTO DO MEIRELES JUNIOR
C27: CREA-ES: 54574/D

Sheet Curva ABC Alto Céu
A3: CURVA ABC DE SERVIÇOS
A4: ITEM | B4: CÓDIGO | C4: REF. | D4: ESPECIFICAÇÃO | E4: TOTAL | F4: % | G4: %ACUMULADA | H4: CONCEITO
A5: 02.02 | B5: Comp. 02 (Item referencia 200206) | C5: DER EDIFICAÇÕES | D5: Assentamento de Blocos pré-moldados de concreto tipo tijolo holandês 10 x 20 cm., espessura de 8 cm e resistência a compressão mínima de 35MPa, assentados sobre colchão de areia na espessura de 10 cm - Exclusive blocos (Doados pela SEAG-ES) | E5: 75887.4 | F5: =E5/$E$30 -> 0.1919895 | G5: =F5 -> 0.1919895 | H5: =IF(G5<$K$7,$K$6,IF(G5<$L$7,$L$6,$M$6)) -> A | K5: Classificação
A6: 04.02 | B6: COMP. 04 | C6: DER - RODOVIAS | D6: Corpo BSTC (greide) diâmetro 0,80 m CA-1 PB inclusive escavação, reaterro e transporte do tubo | E6: 55718.85 | F6: =E6/$E$30 -> 0.14096456 | G6: =G5+F6 -> 0.33295406 | H6: =IF(G6<$K$7,$K$6,IF(G6<$L$7,$L$6,$M$6)) -> A | K6: A | L6: B | M6: C
A7: 04.05 | B7: 41164 | C7: DER - RODOVIAS | D7: Caixa de passagem em bloco pré-moldado para d=0,80m (1,20 x 1,20m) em Vias Urbanas | E7: 44972.2 | F7: =E7/$E$30 -> 0.11377633 | G7: =G6+F7 -> 0.4467304 | H7: =IF(G7<$K$7,$K$6,IF(G7<$L$7,$L$6,$M$6)) -> A | K7: 0.8 | L7: 0.95 | M7: 1
A8: 02.01 | B8: Comp. 01 (Item referencia 200202) | C8: DER EDIFICAÇÕES | D8: Assentamento de meio-fio de concreto pré-moldado com dimensões de 15x12x30x100 cm , rejuntados com argamassa de cimento e areia no traço 1:3 - Exclusive Meio-fio (Doados pela SEAG-ES) | E8: 43316 | F8: =E8/$E$30 -> 0.10958627 | G8: =G7+F8 -> 0.55631667 | H8: =IF(G8<$K$7,$K$6,IF(G8<$L$7,$L$6,$M$6)) -> A
A9: 02.04 | B9: 40233 | C9: DER EDIFICAÇÕES | D9: Fornecimento, preparo e aplicação de concreto Fck=15 MPa (brita 1 e 2) - (5% de perdas já incluído no custo) | E9: 36395.13 | F9: =E9/$E$30 -> 0.092076983 | G9: =G8+F9 -> 0.64839365 | H9: =IF(G9<$K$7,$K$6,IF(G9<$L$7,$L$6,$M$6)) -> A
A10: 04.04 | B10: 40531 | C10: DER - RODOVIAS | D10: Boca de concreto ciclópico para BSTC diâmetro 0,80 m | E10: 31474.32 | F10: =E10/$E$30 -> 0.079627698 | G10: =G9+F10 -> 0.72802135 | H10: =IF(G10<$K$7,$K$6,IF(G10<$L$7,$L$6,$M$6)) -> A
A11: 03.01 | B11: COMP. 05 | C11: DER - RODOVIAS | D11: CAMINHÃO BASCULANTE | E11: 21892.55 | F11: =E11/$E$30 -> 0.05538653 | G11: =G10+F11 -> 0.78340788 | H11: =IF(G11<$K$7,$K$6,IF(G11<$L$7,$L$6,$M$6)) -> A
A12: 02.06 | B12: 40206 | C12: DER - EDIFICAÇÕES | D12: Fôrma de tábua de madeira de 2.5 x 30.0 cm para fundações, levando-se em conta a utilização 5 vezes (incluido o material, corte, montagem, escoramento e desforma) | E12: 20596.22 | F12: =E12/$E$30 -> 0.052106911 | G12: =G11+F12 -> 0.83551479 | H12: =IF(G12<$K$7,$K$6,IF(G12<$L$7,$L$6,$M$6)) -> B
A13: 03.02 | B13: COMP. 06 | C13: DER - RODOVIAS | D13: RETROESCAVADEIRA | E13: 11459.2 | F13: =E13/$E$30 -> 0.028990927 | G13: =G12+F13 -> 0.86450572 | H13: =IF(G13<$K$7,$K$6,IF(G13<$L$7,$L$6,$M$6)) -> B
A14: 02.03 | B14: 30208 | C14: DER EDIFICAÇÕES | D14: Aterro manual para regularização do terreno em argila, inclusive adensamento manual e fornecimento do material (máximo de 100m3) | E14: 8742.3 | F14: =E14/$E$30 -> 0.022117371 | G14: =G13+F14 -> 0.88662309 | H14: =IF(G14<$K$7,$K$6,IF(G14<$L$7,$L$6,$M$6)) -> B
A15: 01.08 | B15: 7010100210 | C15: CESAN | D15: BANHEIRO QUIMICO | E15: 7550.64 | F15: =E15/$E$30 -> 0.01910256 | G15: =G14+F15 -> 0.90572565 | H15: =IF(G15<$K$7,$K$6,IF(G15<$L$7,$L$6,$M$6)) -> B
A16: 03.05 | B16: 41544 | C16: DER - RODOVIAS | D16: Mobilização e desmobilização de equipamentos com carreta prancha (máximo) | E16: 6099.92 | F16: =E16/$E$30 -> 0.015432346 | G16: =G15+F16 -> 0.921158 | H16: =IF(G16<$K$7,$K$6,IF(G16<$L$7,$L$6,$M$6)) -> B
A17: 03.03 | B17: COMP. 03 | C17: DER EDIFICAÇÕES | D17: Equipe de apoio nas atividadades de carga, transporte e posicionamento do material no trecho de pavimentação | E17: 6095.22 | F17: =E17/$E$30 -> 0.015420455 | G17: =G16+F17 -> 0.93657845 | H17: =IF(G17<$K$7,$K$6,IF(G17<$L$7,$L$6,$M$6)) -> B
A18: 02.05 | B18: 40754 | C18: DER - RODOVIAS | D18: Regularização e compactação do sub-leito (100% P.I.) H = 0,20 m | E18: 5427.3 | F18: =E18/$E$30 -> 0.013730667 | G18: =G17+F18 -> 0.95030912 | H18: =IF(G18<$K$7,$K$6,IF(G18<$L$7,$L$6,$M$6)) -> C
A19: 01.03 | B19: 42046 | C19: DER RODOVIAS | D19: Cones para sinalização, fornecimento e colocação | E19: 3369.8 | F19: =E19/$E$30 -> 0.0085253444 | G19: =G18+F19 -> 0.95883446 | H19: =IF(G19<$K$7,$K$6,IF(G19<$L$7,$L$6,$M$6)) -> C
A20: 04.03 | B20: 41176 | C20: DER - RODOVIAS | D20: Berço em brita para BSTC diam. = 0,80 m em Vias Urbanas | E20: 3124 | F20: =E20/$E$30 -> 0.0079034886 | G20: =G19+F20 -> 0.96673795 | H20: =IF(G20<$K$7,$K$6,IF(G20<$L$7,$L$6,$M$6)) -> C
A21: 01.06 | B21: 020356 | C21: DER EDIFICAÇÕES | D21: Aluguel mensal container para almoxarifado, incl. porta, 2 janelas, 1 pt iluminação, Isolamento térmico (teto), piso em comp. Naval pintado, cert. NR18, incl. laudo descontaminação. | E21: 2964.03 | F21: =E21/$E$30 -> 0.0074987763 | G21: =G20+F21 -> 0.97423673 | H21: =IF(G21<$K$7,$K$6,IF(G21<$L$7,$L$6,$M$6)) -> C
A22: 01.01 | B22: 20305 | C22: DER EDIFICAÇÕES | D22: Placa de obra nas dimensões de 2.0 x 4.0 m, padrão DER | E22: 2436.64 | F22: =E22/$E$30 -> 0.0061645187 | G22: =G21+F22 -> 0.98040125 | H22: =IF(G22<$K$7,$K$6,IF(G22<$L$7,$L$6,$M$6)) -> C
A23: 01.07 | B23: 020344 | C23: DER EDIFICAÇÕES | D23: Mobilização e desmobilização de conteiner locado para barracão de obra | E23: 2119.39 | F23: =E23/$E$30 -> 0.0053618997 | G23: =G22+F23 -> 0.98576315 | H23: =IF(G23<$K$7,$K$6,IF(G23<$L$7,$L$6,$M$6)) -> C
A24: 01.02 | B24: 10512 | C24: DER EDIFICAÇÕES | D24: Equipe topográfica para serviços simples de locação e nivelamento (incluindo equipamento, transporte e profissionais nivel médio) | E24: 1376.82 | F24: =E24/$E$30 -> 0.0034832526 | G24: =G23+F24 -> 0.9892464 | H24: =IF(G24<$K$7,$K$6,IF(G24<$L$7,$L$6,$M$6)) -> C
A25: 01.05 | B25: 41359 | C25: DER RODOVIAS | D25: Tela de proteção de segurança de PVC cor laranja com suporte para sinalização de obras | E25: 1355.6 | F25: =E25/$E$30 -> 0.0034295676 | G25: =G24+F25 -> 0.99267597 | H25: =IF(G25<$K$7,$K$6,IF(G25<$L$7,$L$6,$M$6)) -> C
A26: 03.04 | B26: 41546 | C26: DER - RODOVIAS | D26: Mobilização e desmobilização de caminhão basculante (máximo) | E26: 950.48 | F26: =E26/$E$30 -> 0.002404644 | G26: =G25+F26 -> 0.99508061 | H26: =IF(G26<$K$7,$K$6,IF(G26<$L$7,$L$6,$M$6)) -> C
A27: 04.01 | B27: 30103 | C27: DER EDIFICAÇÕES | D27: Escavação mecânica em material de 1a. Categoria | E27: 878.71 | F27: =E27/$E$30 -> 0.0022230712 | G27: =G26+F27 -> 0.99730368 | H27: =IF(G27<$K$7,$K$6,IF(G27<$L$7,$L$6,$M$6)) -> C
A28: 05.01 | B28: 200576 | C28: DER EDIFICAÇÕES | D28: Placa para inauguração de obra em alumínio polido e=4mm, dimensões 40 x 50 cm, gravação em baixo relevo, inclusive pintura e fixação | E28: 802.61 | F28: =E28/$E$30 -> 0.0020305438 | G28: =G27+F28 -> 0.99933422 | H28: =IF(G28<$K$7,$K$6,IF(G28<$L$7,$L$6,$M$6)) -> C
A29: 01.04 | B29: 42047 | C29: DER RODOVIAS | D29: Elementos de madeira para sinalização - cavaletes | E29: 263.16 | F29: =E29/$E$30 -> 0.00066577531 | G29: =G28+F29 -> 1 | H29: =IF(G29<$K$7,$K$6,IF(G29<$L$7,$L$6,$M$6)) -> C
D30: VALOR GERAL DA OBRA TOTAL | E30: ='Planilha Alto Céu'!I44 -> 395268.49
D33: __________________________________________________________
D34: ADAUBERTO DO MEIRELES JUNIOR
D35: CREA-ES: 54574/D

Sheet Planilha 15 de agosto(igreja)
A4: ASSENTAMENTO DE BLOCOS, MEIO FIO E DRENAGEM EM DIVERSOS TRECHOS DO MUNICÍPIO DE SANTA TERESA- ESPÍRITO SANTO | H4: 15 DE AGOSTO (IGREJA) 3375 M² DE PAV. E 721 M DE MEIO FIO CONTRATO 387/2024 SEAG
A5: PLANILHA DE CUSTOS REFERENCIAIS
A6: Preço de Referência: DER-Edificações 04/2024 DER-Rodovias julho/2023
A7: BDI - 24,67% / LS - 157,27% | F7: BDI | G7: 0.2467
A8: ITEM | B8: CÓDIGO | C8: REF. | D8: ESPECIFICAÇÃO | E8: UND. | F8: QUANT. | G8: PREÇO UNIT. | H8: PREÇO UNIT. C/BDI | I8: TOTAL
A9: 01 | D9: SERVIÇOS PRELIMINARES
A10: 01.01 | B10: 20305 | C10: DER EDIFICAÇÕES | D10: Placa de obra nas dimensões de 2.0 x 4.0 m, padrão DER | E10: m² | F10: =ROUND(VLOOKUP(A10,'memorial 15 de agosto (Igreja)'!$A:$K,11,),2) -> 8 | G10: =VLOOKUP(B10,'TRP 04.2024'!$C:$I,7,FALSE) -> 244.31 | H10: =ROUND(G10*(1+$G$7),2) -> 304.58 | I10: =ROUND(H10*F10,2) -> 2436.64
A11: 01.02 | B11: 10512 | C11: DER EDIFICAÇÕES | D11: Equipe topográfica para serviços simples de locação e nivelamento (incluindo equipamento, transporte e profissionais nivel médio) | E11: mês | F11: =ROUND(VLOOKUP(A11,'memorial 15 de agosto (Igreja)'!$A:$K,11,),2) -> 0.05 | G11: =VLOOKUP(B11,'TRP 04.2024'!$C:$I,7,FALSE) -> 22087.47 | H11: =ROUND(G11*(1+$G$7),2) -> 27536.45 | I11: =ROUND(H11*F11,2) -> 1376.82
A12: 01.03 | B12: 42046 | C12: DER RODOVIAS | D12: Cones para sinalização, fornecimento e colocação | E12: und | F12: =ROUND(VLOOKUP(A12,'memorial 15 de agosto (Igreja)'!$A:$K,11,),2) -> 20 | G12: 135.15 | H12: =ROUND(G12*(1+$G$7),2) -> 168.49 | I12: =ROUND(H12*F12,2) -> 3369.8
A13: 01.04 | B13: 42047 | C13: DER RODOVIAS | D13: Elementos de madeira para sinalização - cavaletes | E13: und | F13: =ROUND(VLOOKUP(A13,'memorial 15 de agosto (Igreja)'!$A:$K,11,),2) -> 4 | G13: 52.77 | H13: =ROUND(G13*(1+$G$7),2) -> 65.79 | I13: =ROUND(H13*F13,2) -> 263.16
A14: 01.05 | B14: 41359 | C14: DER RODOVIAS | D14: Tela de proteção de segurança de PVC cor laranja com suporte para sinalização de obras | E14: m | F14: =ROUND(VLOOKUP(A14,'memorial 15 de agosto (Igreja)'!$A:$K,11,),2) -> 40 | G14: 27.18 | H14: =ROUND(G14*(1+$G$7),2) -> 33.89 | I14: =ROUND(H14*F14,2) -> 1355.6
A15: 01.06 | B15: 020356 | C15: DER EDIFICAÇÕES | D15: Aluguel mensal container para almoxarifado, incl. porta, 2 janelas, 1 pt iluminação, Isolamento térmico (teto), piso em comp. Naval pintado, cert. NR18, incl. laudo descontaminação. | E15: mês | F15: =ROUND(VLOOKUP(A15,'memorial 15 de agosto (Igreja)'!$A:$K,11,),2) -> 3 | G15: 792.5 | H15: =ROUND(G15*(1+$G$7),2) -> 988.01 | I15: =ROUND(H15*F15,2) -> 2964.03
A16: 01.07 | B16: 020344 | C16: DER EDIFICAÇÕES | D16: Mobilização e desmobilização de conteiner locado para barracão de obra | E16: und | F16: =ROUND(VLOOKUP(A16,'memorial 15 de agosto (Igreja)'!$A:$K,11,),2) -> 1 | G16: 1700 | H16: =ROUND(G16*(1+$G$7),2) -> 2119.39 | I16: =ROUND(H16*F16,2) -> 2119.39
A17: 01.08 | B17: 7010100210 | C17: CESAN | D17: BANHEIRO QUIMICO | E17: unm | F17: =ROUND(VLOOKUP(A17,'memorial 15 de agosto (Igreja)'!$A:$K,11,),2) -> 3 | G17: 2018.83 | H17: =ROUND(G17*(1+$G$7),2) -> 2516.88 | I17: =ROUND(H17*F17,2) -> 7550.64
A18: SUB-TOTAL DO ITEM | I18: =SUBTOTAL(9,I10:I17) -> 21436.08
A19: 02 | D19: PAVIMENTAÇÃO
A20: 02.01 | B20: Comp. 01 (Item referencia 200202) | C20: DER EDIFICAÇÕES | D20: Assentamento de meio-fio de concreto pré-moldado com dimensões de 15x12x30x100 cm , rejuntados com argamassa de cimento e areia no traço 1:3 - Exclusive Meio-fio (Doados pela SEAG-ES) | E20: m | F20: =ROUND(VLOOKUP(A20,'memorial 15 de agosto (Igreja)'!$A:$K,11,),2) -> 721 | G20: 24.82 | H20: =ROUND(G20*(1+$G$7),2) -> 30.94 | I20: =ROUND(H20*F20,2) -> 22307.74
A21: 02.02 | B21: Comp. 02 (Item referencia 200206) | C21: DER EDIFICAÇÕES | D21: Assentamento de Blocos pré-moldados de concreto tipo tijolo holandês 10 x 20 cm., espessura de 8 cm e resistência a compressão mínima de 35MPa, assentados sobre colchão de pó de pedra na espessura de 10 cm - Exclusive blocos (Doados pela SEAG-ES) | E21: m² | F21: =ROUND(VLOOKUP(A21,'memorial 15 de agosto (Igreja)'!$A:$K,11,),2) -> 3375 | G21: =COMP.02!E32 -> 25.685 | H21: =ROUND(G21*(1+$G$7),2) -> 32.02 | I21: =ROUND(H21*F21,2) -> 108067.5
A22: 02.03 | B22: 30208 | C22: DER EDIFICAÇÕES | D22: Aterro manual para regularização do terreno em argila, inclusive adensamento manual e fornecimento do material (máximo de 100m3) | E22: m³ | F22: =ROUND(VLOOKUP(A22,'memorial 15 de agosto (Igreja)'!$A:$K,11,),2) -> 21.63 | G22: =VLOOKUP(B22,'TRP 04.2024'!$C:$I,7,FALSE) -> 166.96 | H22: =ROUND(G22*(1+$G$7),2) -> 208.15 | I22: =ROUND(H22*F22,2) -> 4502.28
A23: 02.04 | B23: 40233 | C23: DER EDIFICAÇÕES | D23: Fornecimento, preparo e aplicação de concreto Fck=15 MPa (brita 1 e 2) - (5% de perdas já incluído no custo) | E23: m³ | F23: =ROUND(VLOOKUP(A23,'memorial 15 de agosto (Igreja)'!$A:$K,11,),2) -> 17.47 | G23: =VLOOKUP(B23,'TRP 04.2024'!$C:$I,7,FALSE) -> 676.08 | H23: =ROUND(G23*(1+$G$7),2) -> 842.87 | I23: =ROUND(H23*F23,2) -> 14724.94
A24: 02.05 | B24: 40243 | C24: DER - EDIFICAÇÕES | D24: Fornecimento, dobragem e colocação em fôrma, de armadura CA-50 A média, diâmetro de 6.3 a 10.0 mm | E24: kg | F24: =ROUND(VLOOKUP(A24,'memorial 15 de agosto (Igreja)'!$A:$K,11,),2) -> 7.82 | G24: =VLOOKUP(B24,'TRP 04.2024'!$C:$I,7,FALSE) -> 11.05 | H24: =ROUND(G24*(1+$G$7),2) -> 13.78 | I24: =ROUND(H24*F24,2) -> 107.76
A25: 02.06 | B25: 40754 | C25: DER - RODOVIAS | D25: Regularização e compactação do sub-leito (100% P.I.) H = 0,20 m | E25: M² | F25: =ROUND(VLOOKUP(A25,'memorial 15 de agosto (Igreja)'!$A:$K,11,),2) -> 3375 | G25: 1.84 | H25: =ROUND(G25*(1+$G$7),2) -> 2.29 | I25: =ROUND(H25*F25,2) -> 7728.75
A26: 02.07 | B26: 40206 | C26: DER - EDIFICAÇÕES | D26: Fôrma de tábua de madeira de 2.5 x 30.0 cm para fundações, levando-se em conta a utilização 5 vezes (incluido o material, corte, montagem, escoramento e desforma) | E26: M² | F26: =ROUND(VLOOKUP(A26,'memorial 15 de agosto (Igreja)'!$A:$K,11,),2) -> 42.4 | G26: =VLOOKUP(B26,'TRP 04.2024'!$C:$I,7,FALSE) -> 81.62 | H26: =ROUND(G26*(1+$G$7),2) -> 101.76 | I26: =ROUND(H26*F26,2) -> 4314.62
A27: SUB-TOTAL DO ITEM | I27: =SUBTOTAL(9,I20:I26) -> 161753.59
A28: 03 | D28: SERVIÇOS DE MÁQUINA/ APOIO
A29: 03.01 | B29: COMP. 05 | C29: DER - RODOVIAS | D29: CAMINHÃO BASCULANTE | E29: H | F29: =ROUND(VLOOKUP(A29,'memorial 15 de agosto (Igreja)'!$A:$K,11,),2) -> 14.5 | G29: =COMP.05!H39 -> 347.66 | H29: =ROUND(G29*(1+$G$7),2) -> 433.43 | I29: =ROUND(H29*F29,2) -> 6284.74
A30: 03.02 | B30: COMP. 03 | C30: DER EDIFICAÇÕES | D30: Equipe de apoio nas atividadades de carga, transporte e posicionamento do material no trecho de pavimentação | E30: m | F30: =ROUND(VLOOKUP(A30,'memorial 15 de agosto (Igreja)'!$A:$K,11,),2) -> 360.5 | G30: =COMP.03!D22 -> 7.2138508 | H30: =ROUND(G30*(1+$G$7),2) -> 8.99 | I30: =ROUND(H30*F30,2) -> 3240.9
A31: 03.03 | B31: 41544 | C31: DER - RODOVIAS | D31: Mobilização e desmobilização de equipamentos com carreta prancha (máximo) | E31: H | F31: =ROUND(VLOOKUP(A31,'memorial 15 de agosto (Igreja)'!$A:$K,11,),2) -> 8 | G31: 611.61 | H31: =ROUND(G31*(1+$G$7),2) -> 762.49 | I31: =ROUND(H31*F31,2) -> 6099.92
A32: 03.04 | B32: COMP. 06 | C32: DER - RODOVIAS | D32: RETROESCAVADEIRA | E32: H | F32: =ROUND(VLOOKUP(A32,'memorial 15 de agosto (Igreja)'!$A:$K,11,),2) -> 40 | G32: 229.79 | H32: =ROUND(G32*(1+$G$7),2) -> 286.48 | I32: =ROUND(H32*F32,2) -> 11459.2
A33: SUB-TOTAL DO ITEM | I33: =SUBTOTAL(9,I29:I32) -> 27084.76
A34: 04 | D34: DRENAGEM
A35: 04.01 | B35: 30103 | C35: DER EDIFICAÇÕES | D35: Escavação mecânica em material de 1a. Categoria | E35: m3 | F35: =ROUND(VLOOKUP(A35,'memorial 15 de agosto (Igreja)'!$A:$K,11,),2) -> 17.47 | G35: =VLOOKUP(B35,'TRP 04.2024'!$C:$I,7,FALSE) -> 16.32 | H35: =ROUND(G35*(1+$G$7),2) -> 20.35 | I35: =ROUND(H35*F35,2) -> 355.51
A36: 04.02 | B36: COMP. 04 | C36: DER - RODOVIAS | D36: Corpo BSTC (greide) diâmetro 0,80 m CA-1 PB inclusive escavação, reaterro e transporte do tubo | E36: m | F36: =ROUND(VLOOKUP(A36,'memorial 15 de agosto (Igreja)'!$A:$K,11,),2) -> 23 | G36: =COMP.04!H46 -> 812.6029 | H36: =ROUND(G36*(1+$G$7),2) -> 1013.07 | I36: =ROUND(H36*F36,2) -> 23300.61
A37: 04.03 | B37: 40666 | C37: DER - RODOVIAS | D37: Sarjeta de concreto DP-1 (0,081 m³/m) calha triangular, inclusive caiação | E37: m | F37: =ROUND(VLOOKUP(A37,'memorial 15 de agosto (Igreja)'!$A:$K,11,),2) -> 132.3 | G37: 96.04 | H37: =ROUND(G37*(1+$G$7),2) -> 119.73 | I37: =ROUND(H37*F37,2) -> 15840.28
A38: 04.04 | B38: 41176 | C38: DER - RODOVIAS | D38: Berço em brita para BSTC diam. = 0,80 m em Vias Urbanas | E38: m | F38: =ROUND(VLOOKUP(A38,'memorial 15 de agosto (Igreja)'!$A:$K,11,),2) -> 23 | G38: 45.56 | H38: =ROUND(G38*(1+$G$7),2) -> 56.8 | I38: =ROUND(H38*F38,2) -> 1306.4
A39: 04.05 | B39: 40531 | C39: DER - RODOVIAS | D39: Boca de concreto ciclópico para BSTC diâmetro 0,80 m | E39: und | F39: =ROUND(VLOOKUP(A39,'memorial 15 de agosto (Igreja)'!$A:$K,11,),2) -> 4 | G39: 2103.84 | H39: =ROUND(G39*(1+$G$7),2) -> 2622.86 | I39: =ROUND(H39*F39,2) -> 10491.44
A40: 04.06 | B40: 41164 | C40: DER - RODOVIAS | D40: Caixa de passagem em bloco pré-moldado para d=0,80m (1,20 x 1,20m) em Vias Urbanas | E40: und | F40: =ROUND(VLOOKUP(A40,'memorial 15 de agosto (Igreja)'!$A:$K,11,),2) -> 4 | G40: 3607.3 | H40: =ROUND(G40*(1+$G$7),2) -> 4497.22 | I40: =ROUND(H40*F40,2) -> 17988.88
A41: SUB-TOTAL DO ITEM | I41: =SUBTOTAL(9,I35:I40) -> 69283.12
A42: 05 | D42: SERVIÇOS COMPLEMENTARES
A43: 05.01 | B43: 200576 | C43: DER EDIFICAÇÕES | D43: Placa para inauguração de obra em alumínio polido e=4mm, dimensões 40 x 50 cm, gravação em baixo relevo, inclusive pintura e fixação | E43: und | F43: =ROUND(VLOOKUP(A43,'memorial 15 de agosto (Igreja)'!$A:$K,11,),2) -> 1 | G43: =VLOOKUP(B43,'TRP 04.2024'!$C:$I,7,FALSE) -> 643.79 | H43: =ROUND(G43*(1+$G$7),2) -> 802.61 | I43: =ROUND(H43*F43,2) -> 802.61
A44: SUB-TOTAL DO ITEM | I44: =SUBTOTAL(9,I43) -> 802.61
D45: VALOR GERAL DA OBRA TOTAL | I45: =SUBTOTAL(9,I9:I44) -> 280360.16
D47: __________________________________________________________
D48: ADAUBERTO DO MEIRELES JUNIOR
D49: CREA-ES: 54574/D

Sheet memorial 15 de agosto (Igreja)
A6: MEMORIA DE CÁLCULO | E6: ATA DE REGISTRO DE PREÇO DE ASSENTAMENTO DE BLOCOS, MEIO FIO E DRENAGEM EM DIVERSOS TRECHOS DO MUNICÍPIO
A7: REFERÊNCIA: TABELA CUSTOS LABOR/CT-UFES PADRÃO DER EDIFICAÇÕES MARÇO/2023 E DER RODOVIAS JULHO/2022 SEM DESONERAÇÃO
A8: BDI - 27,06% / LS - 157,27%
A10: SERVIÇOS PRELIMINARES
A11: 01.01 | B11: 020305 | C11: DER EDIFICAÇÕES | D11: Placa de obra nas dimensões de 2.0 x 4.0 m, padrão DER | E11: UND. | F11: QUANTIDADE | G11: COMPRIMENTO (M) | H11: LARGURA (M) | I11: ÁREA (M2) | J11: SUBTOTAL | K11: =SUM(J12) -> 8
F12: 1 | G12: 4 | H12: 2 | I12: =H12*G12*F12 -> 8 | J12: =I12 -> 8
A14: 01.02 | B14: 10512 | C14: DER EDIFICAÇÕES | D14: Equipe topográfica para serviços simples de locação e nivelamento (incluindo equipamento, transporte e profissionais nivel médio) | J14: MÊS | K14: =SUM(J15) -> 0.05 | O14: =ROUND(2/60,2) -> 0.03
D15: Considerado dois dias de equipe topografica para locação do eixo da rua | J15: =3/60 -> 0.05
A17: 01.03 | B17: =VLOOKUP(A17,'Planilha São Valentin'!$A:$I,2,FALSE) -> 42046 | C17: =VLOOKUP(A17,'Planilha São Valentin'!$A:$I,3,FALSE) -> DER RODOVIAS | D17: =VLOOKUP(A17,'Planilha São Valentin'!$A:$I,4,FALSE) -> Cones para sinalização, fornecimento e colocação | E17: =VLOOKUP(A17,'Planilha São Valentin'!$A:$I,5,FALSE) -> und | F17: QUANTIDADE | G17: COMPRIMENTO (M) | H17: LARGURA (M) | I17: ÁREA (M2) | J17: SUBTOTAL | K17: =ROUND(J18,2) -> 20
E18: 20 | J18: =E18 -> 20
A20: 01.04 | B20: =VLOOKUP(A20,'Planilha São Valentin'!$A:$I,2,FALSE) -> 42047 | C20: =VLOOKUP(A20,'Planilha São Valentin'!$A:$I,3,FALSE) -> DER RODOVIAS | D20: =VLOOKUP(A20,'Planilha São Valentin'!$A:$I,4,FALSE) -> Elementos de madeira para sinalização - cavaletes | E20: =VLOOKUP(A20,'Planilha São Valentin'!$A:$I,5,FALSE) -> und | J20: MÊS | K20: =ROUND(SUM(J21),2) -> 4 | O20: =ROUND(2/60,2) -> 0.03
E21: 4 | J21: =E21 -> 4
A23: 01.05 | B23: =VLOOKUP(A23,'Planilha São Valentin'!$A:$I,2,FALSE) -> 41359 | C23: =VLOOKUP(A23,'Planilha São Valentin'!$A:$I,3,FALSE) -> DER RODOVIAS | D23: =VLOOKUP(A23,'Planilha São Valentin'!$A:$I,4,FALSE) -> Tela de proteção de segurança de PVC cor laranja com suporte para sinalização de obras | E23: =VLOOKUP(A23,'Planilha São Valentin'!$A:$I,5,FALSE) -> m | F23: QUANTIDADE | G23: COMPRIMENTO (M) | H23: LARGURA (M) | I23: ÁREA (M2) | J23: SUBTOTAL | K23: =ROUND((J24),2) -> 40
E24: 40 | J24: =E24 -> 40
A26: 01.06 | B26: =VLOOKUP(A26,'Planilha São Valentin'!$A:$I,2,FALSE) -> 020356 | C26: =VLOOKUP(A26,'Planilha São Valentin'!$A:$I,3,FALSE) -> DER EDIFICAÇÕES | D26: =VLOOKUP(A26,'Planilha São Valentin'!$A:$I,4,FALSE) -> Aluguel mensal container para almoxarifado, incl. porta, 2 janelas, 1 pt iluminação, Isolamento térmico (teto), piso em comp. Naval pintado, cert. NR18, incl. laudo descontaminação. | E26: =VLOOKUP(A26,'Planilha São Valentin'!$A:$I,5,FALSE) -> mês | F26: QUANTIDADE | G26: COMPRIMENTO (M) | H26: LARGURA (M) | I26: ÁREA (M2) | J26: SUBTOTAL | K26: =ROUND((J27),2) -> 3
E27: 3 | J27: =E27 -> 3
A29: 01.07 | B29: =VLOOKUP(A29,'Planilha São Valentin'!$A:$I,2,FALSE) -> 020344 | C29: =VLOOKUP(A29,'Planilha São Valentin'!$A:$I,3,FALSE) -> DER EDIFICAÇÕES | D29: =VLOOKUP(A29,'Planilha São Valentin'!$A:$I,4,FALSE) -> Mobilização e desmobilização de conteiner locado para barracão de obra | E29: =VLOOKUP(A29,'Planilha São Valentin'!$A:$I,5,FALSE) -> und | F29: QUANTIDADE | G29: COMPRIMENTO (M) | H29: LARGURA (M) | I29: ÁREA (M2) | J29: SUBTOTAL | K29: =ROUND((J30),2) -> 1
E30: 1 | J30: =E30 -> 1
A32: 01.08 | B32: =VLOOKUP(A32,'Planilha São Valentin'!$A:$I,2,FALSE) -> 7010100210 | C32: =VLOOKUP(A32,'Planilha São Valentin'!$A:$I,3,FALSE) -> CESAN | D32: =VLOOKUP(A32,'Planilha São Valentin'!$A:$I,4,FALSE) -> BANHEIRO QUIMICO | E32: =VLOOKUP(A32,'Planilha São Valentin'!$A:$I,5,FALSE) -> unm | F32: QUANTIDADE | G32: COMPRIMENTO (M) | H32: LARGURA (M) | I32: ÁREA (M2) | J32: SUBTOTAL | K32: =ROUND((J33),2) -> 3
E33: 3 | J33: =E33 -> 3
A35: PAVIMENTAÇÃO
A36: 02.01 | B36: Comp. 01 (Item referencia 200202) | C36: DER EDIFICAÇÕES | D36: Assentamento de meio-fio de concreto pré-moldado com dimensões de 15x12x30x100 cm , rejuntados com argamassa de cimento e areia no traço 1:3 - Exclusive Meio-fio (Doados pela SEAG-ES) | I36: COMPRIMENTO (M) | J36: SUBTOTAL | K36: =SUM(J37) -> 721
D37: Observação: a liberação da execução dos trechos serão de acordo com a liberação de meio fio da SEAG | I37: 721 | J37: =I37 -> 721
A40: 02.02 | B40: Comp. 02 (Item referencia 200206) | C40: DER EDIFICAÇÕES | D40: Assentamento de Blocos pré-moldados de concreto tipo tijolo holandês 10 x 20 cm., espessura de 8 cm e resistência a compressão mínima de 35MPa, assentados sobre colchão de areia na espessura de 10 cm - Exclusive blocos (Doados pela SEAG-ES) | I40: ÁREA (M2) | J40: SUBTOTAL | K40: =SUM(J41) -> 3375
D41: Observação: a liberação da execução dos trechos serão de acordo com a liberação de blocos da SEAG | I41: 3375 | J41: =I41 -> 3375
A44: 02.03 | B44: 030208 | C44: DER EDIFICAÇÕES | D44: Aterro manual para regularização do terreno em argila, inclusive adensamento manual e fornecimento do material (máximo de 100m3) | F44: ALTURA (M) | G44: COMPRIMENTO (M) | H44: LARGURA (M) | I44: VOLUME (M3) | J44: SUBTOTAL | K44: =SUM(J45) -> 21.63 | M44: =I41*0.08*1.2 -> 324 | N44: =M44*2.4 -> 777.6
F45: 0.2 | G45: =I37 -> 721 | H45: 0.15 | I45: =H45*G45*F45 -> 21.63 | J45: =I45 -> 21.63 | N45: =N44/8 -> 97.2
N46: =N45*0.25 -> 24.3
A47: 02.04 | B47: 040233 | C47: DER EDIFICAÇÕES | D47: Fornecimento, preparo e aplicação de concreto Fck=15 MPa (brita 1 e 2) - (5% de perdas já incluído no custo) | E47: ALTURA (M) | F47: COMPRIMENTO (M) | G47: LARGURA (M) | H47: VOLUME (M3) | I47: QUANTIDADE | J47: SUBTOTAL | K47: =SUM(J48:J52) -> 17.466
D48: Transversal a cada 15 metros | E48: 0.4 | F48: 3.5 | G48: 0.15 | H48: =G48*F48*E48 -> 0.21 | I48: =ROUNDUP((190/15),0) -> 13 | J48: =I48*H48 -> 2.73
D49: Muro detalhe 3 | E49: 1 | F49: 2 | G49: 0.15 | H49: =G49*F49*E49 -> 0.3 | I49: 1 | J49: =I49*H49 -> 0.3
D50: Sapata muro | E50: 0.2 | F50: 0.2 | G50: 0.2 | H50: =G50*F50*E50 -> 0.008 | I50: 2 | J50: =I50*H50 -> 0.016
D51: Por trás do Meio Fio | E51: 0.1 | F51: =I37 -> 721 | G51: 0.2 | J51: =G51*F51*E51 -> 14.42
A53: 02.05 | B53: =VLOOKUP(A53,'Planilha 15 de agosto(igreja)'!A:H,2,FALSE) -> 40243 | D53: =VLOOKUP(A53,'Planilha 15 de agosto(igreja)'!$A:$H,4,FALSE) -> Fornecimento, dobragem e colocação em fôrma, de armadura CA-50 A média, diâmetro de 6.3 a 10.0 mm | E53: =VLOOKUP(A53,'Planilha 15 de agosto(igreja)'!A:H,5,FALSE) -> kg | F53: COMPRIMENTO | G53: QUANTIDADE | H53: COEFICIENTE DA Ø | J53: SUBTOTAL | K53: =SUM(J54:J56) -> 7.821
D54: Aço do pilar aço de Ø8 | F54: 1.2 | G54: 8 | H54: 0.395 | J54: =H54*G54*F54 -> 3.792
D55: SAPATA aço a c/ 0,15 m aço de Ø 8 | F55: =0.17+0.17+0.17 -> 0.51 | G55: =(15/3)*2 -> 10 | H55: 0.395 | J55: =H55*G55*F55 -> 2.0145
D56: SAPATA aço a c/ 0,15 m aço de Ø 8 | F56: =0.17+0.17+0.17 -> 0.51 | G56: =(15/3)*2 -> 10 | H56: 0.395 | J56: =H56*G56*F56 -> 2.0145
A58: 02.06 | B58: =VLOOKUP(A58,'Planilha 15 de agosto(igreja)'!A:H,2,FALSE) -> 40754 | D58: =VLOOKUP(A58,'Planilha 15 de agosto(igreja)'!$A:$H,4,FALSE) -> Regularização e compactação do sub-leito (100% P.I.) H = 0,20 m | E58: =VLOOKUP(A58,'Planilha 15 de agosto(igreja)'!A:H,5,FALSE) -> M² | I58: ÁREA | J58: SUBTOTAL | K58: =SUM(J59) -> 3375
D59: Pavimentação | I59: =I41 -> 3375 | J59: =I59 -> 3375
A61: 02.07 | B61: =VLOOKUP(A61,'Planilha 15 de agosto(igreja)'!A:H,2,FALSE) -> 40206 | D61: =VLOOKUP(A61,'Planilha 15 de agosto(igreja)'!$A:$H,4,FALSE) -> Fôrma de tábua de madeira de 2.5 x 30.0 cm para fundações, levando-se em conta a utilização 5 vezes (incluido o material, corte, montagem, escoramento e desforma) | E61: =VLOOKUP(A61,'Planilha 15 de agosto(igreja)'!A:H,5,FALSE) -> M² | F61: ALTURA | G61: COMPRIMENTO | H61: QUANTIDADE | I61: ÁREA | J61: SUBTOTAL | K61: =SUM(J62:J63) -> 42.4
D62: Transversais | F62: =E48 -> 0.4 | G62: =F48 -> 3.5 | H62: =I48*2 -> 26 | I62: =G62*F62 -> 1.4 | J62: =(I62*H62) -> 36.4
D63: Muro detalhe 03 | F63: 1.5 | G63: 2 | H63: 2 | I63: =H63*G63*F63 -> 6 | J63: =I63 -> 6
A65: SERVIÇOS DE MÁQUINAS
A66: 03.01 | B66: COMP.05 | C66: DER - RODOVIAS | D66: CAMINHÃO BASCULANTE | F66: Tempo médio deslocamento ida e volta (horas) | G66: viajens nescessárias | H66: Peso por m3 | I66: Total peso do trecho (T) | J66: HORAS | K66: =SUM(J67:J69) -> 14.5
C68: Material do item 02.02 | D68: Pó de Pedra | F68: 0.25 | G68: =I68/8 -> 56.953125 | H68: 1.35 | I68: =0.1*I41*H68 -> 455.625 | J68: =ROUND(F68*G68,2) -> 14.24
C69: Material do Item 02.01 | D69: Areia lavada média (Meio fio) | F69: 0.25 | G69: =I69/8 -> 1.040403 | H69: 1.48 | I69: =I37*0.0078*H69 -> 8.323224 | J69: =ROUND(F69*G69,2) -> 0.26
A71: 03.02 | B71: COMP.03 | C71: DER EDIFICAÇÕES | D71: Equipe de apoio nas atividadades de carga, transporte e posicionamento do material no trecho de pavimentação | J71: METRAGEM | K71: =SUM(J72) -> 360.5
J72: =J37/2 -> 360.5
A74: 03.03 | B74: 41544 | C74: DER - RODOVIAS | D74: Mobilização e desmobilização de equipamentos com carreta prancha (máximo) | E74: =VLOOKUP(A74,'Planilha 15 de agosto(igreja)'!A:H,5,FALSE) -> H | H74: IDA | I74: VOLTA | J74: HORAS | K74: =SUM(J75:J79) -> 8
C75: Transporte maquinário do ITEM 06.07 | D75: Motoniveladora Caterpillar modelo 120K ( cab + ar + ríper) ou equivalente | H75: 1 | I75: 1 | J75: =I75+H75 -> 2
D76: Rolo AP vib. patas 100 mm CA-25P (DYNAPAC) ou equivalente | H76: 1 | I76: 1 | J76: =I76+H76 -> 2
D77: Rolo compactador de pneus CP 224, Dynapac ou equivalente | H77: 1 | I77: 1 | J77: =I77+H77 -> 2
D78: Trator agrícola MF 297/4 -4 X 4 (MASSEY FERGUSSON) ou equivalente | H78: 1 | I78: 1 | J78: =I78+H78 -> 2
A81: 03.04 | B81: =VLOOKUP(A81,'Planilha 15 de agosto(igreja)'!$A:$I,2,FALSE) -> COMP. 06 | C81: =VLOOKUP(A81,'Planilha 15 de agosto(igreja)'!A:I,3,FALSE) -> DER - RODOVIAS | D81: =VLOOKUP(A81,'Planilha 15 de agosto(igreja)'!A:I,4,FALSE) -> RETROESCAVADEIRA | E81: =VLOOKUP(A81,'Planilha 15 de agosto(igreja)'!A:I,5,FALSE) -> H | F81: QUANTIDADE | G81: COMPRIMENTO (M) | H81: LARGURA (M) | I81: ÁREA (M2) | J81: SUBTOTAL | K81: =ROUND((J82),2) -> 40
E82: 40 | J82: =E82 -> 40
A84: DRENAGEM
A85: 04.01 | B85: 30103 | C85: DER EDIFICAÇÕES | D85: Escavação mecânica em material de 1a. Categoria | G85: ALTURA (M) | H85: COMPRIMENTO (M) | I85: LARGURA (M) | J85: VOLUME (M3) | K85: =SUM(J86:J87) -> 17.466
D86: Item 02.04 | J86: =K47 -> 17.466
A88: 04.02 | B88: COMP.04 (Item Referência 40433) | C88: DER - RODOVIAS | D88: Corpo BSTC (greide) diâmetro 0,80 m CA-1 PB inclusive escavação, reaterro e transporte dotubo | J88: COMPRIMENTO (M) | K88: =SUM(J89:J92) -> 23
D90: Drenagem em direção ao rio Coordenadas UTM: 24k 335768.85 m E 7811032.48 m S | J90: 6
D91: Drenagem em direção ao rio Coordenadas UTM: 24k 335780.99 m E 7811135.00 m S | J91: 2
D92: Drenagem Coordenadas UTM: 24k 335787.64 m E 7810993.75 m S | J92: 15
A94: 04.03 | B94: 40666 | C94: DER - RODOVIAS | D94: Sarjeta de concreto DP-1 (0,081 m³/m) calha triangular, inclusive caiação | I94: COMPRIMENTO (M) | J94: SUBTOTAL | K94: =SUM(J95:J97) -> 132.3 | Q94: 0.081 | R94: =Q94/0.8 -> 0.10125
I95: 73 | J95: =I95 -> 73
I96: 51.3 | J96: =I96 -> 51.3
I97: 8 | J97: =I97 -> 8
A99: 04.04 | B99: 41176 | C99: DER - RODOVIAS | D99: Berço em brita para BSTC diam. = 0,80 m em Vias Urbanas | J99: COMPRIMENTO (M) | K99: =SUM(J100) -> 23
D100: item 04.01 | J100: =K88 -> 23
A102: 04.05 | B102: 40531 | C102: DER - RODOVIAS | D102: Boca de concreto ciclópico para BSTC diâmetro 0,80 m | J102: QUANTIDADE | K102: =SUM(J103:J107) -> 4
D105: para caixas de passagem elevadas | J105: =K108 -> 4
A108: 04.06 | B108: 41164 | C108: DER - RODOVIAS | D108: Caixa de passagem em bloco pré-moldado para d=0,80m (1,20 x 1,20m) em Vias Urbanas | J108: QUANTIDADE | K108: =SUM(J109:J112) -> 4
D109: Detalhe 01 | J109: 1
D110: Detalhe 03 | J110: 1
D111: Detalhe 05 | J111: 2
A113: SERVIÇOS COMPLEMENTARES
A114: 05.01 | B114: 200576 | C114: DER EDIFICAÇÕES | D114: Placa para inauguração de obra em alumínio polido e=4mm, dimensões 40 x 50 cm, gravação em baixo relevo, inclusive pintura e fixação | J114: SUBTOTAL | K114: =SUM(J115) -> 1
J115: 1
A117: ADITIVO
D120: __________________________________________________________
D121: ADAUBERTO DO MEIRELES JUNIOR
D122: CREA-ES: 54574/D

Sheet CRO-FISICO FINANC 15 de Agosto
C1: PREFEITURA DE SANTA TERESA-ES
A3: CRONOGRAMA FÍSICO FINANCEIRO
A4: Objeto: | C4: ='Planilha São Valentin'!A4 -> ASSENTAMENTO DE BLOCOS, MEIO FIO E DRENAGEM EM DIVERSOS TRECHOS DO MUNICÍPIO DE SANTA TERESA- ESPÍRITO SANTO
A5: Endereço: | C5: 15 de Agosto (Nossa Senhora da Glória), Municipio de Santa Teresa-ES
A6: Data base: | C6: ='Planilha São Valentin'!A6 -> Preço de Referência: DER-Edificações 04/2024 DER-Rodovias julho/2023 CESAN Julho/2024
A7: ITEM | C7: DESCRIÇÃO DOS SERVIÇOS | D7: VALOR DOS SERVIÇOS | G7: SOMA ITENS
E8: MÊS 01 | F8: MÊS 02
A9: ='[1]PLANILHA DE CUSTOS'!A8 -> 01 | C9: ='Planilha 15 de agosto(igreja)'!D9 -> SERVIÇOS PRELIMINARES | D9: =D10/D19 -> 0.07645908 | E9: 0.77 | F9: 0.23 | G9: =SUM(E9:F9) -> 1
D10: ='Planilha 15 de agosto(igreja)'!I18 -> 21436.08 | E10: =D10*E9 -> 16505.782 | F10: =D10*F9 -> 4930.2984 | G10: =SUM(E10:F10) -> 21436.08
A11: ='[1]PLANILHA DE CUSTOS'!A18 -> 02 | C11: ='Planilha 15 de agosto(igreja)'!D19 -> PAVIMENTAÇÃO | D11: =D12/D19 -> 0.57694927 | E11: 0.7 | F11: 0.3 | G11: =SUM(E11:F11) -> 1 | H11: 13801.74
D12: ='Planilha 15 de agosto(igreja)'!I27 -> 161753.59 | E12: =D12*E11 -> 113227.51 | F12: =D12*F11 -> 48526.077 | G12: =SUM(E12:F12) -> 161753.59
A13: ='[1]PLANILHA DE CUSTOS'!A32 -> 03 | C13: ='Planilha 15 de agosto(igreja)'!D28 -> SERVIÇOS DE MÁQUINA/ APOIO | D13: =D14/D19 -> 0.096607021 | E13: 0.5 | F13: 0.5 | G13: =SUM(E13:F13) -> 1
D14: ='Planilha 15 de agosto(igreja)'!I33 -> 27084.76 | E14: =D14*E13 -> 13542.38 | F14: =D14*F13 -> 13542.38 | G14: =SUM(E14:F14) -> 27084.76
A15: ='[1]PLANILHA DE CUSTOS'!A39 -> 04 | C15: ='Planilha 15 de agosto(igreja)'!D34 -> DRENAGEM | D15: =D16/D19 -> 0.24712184 | E15: 1 | G15: =SUM(E15:F15) -> 1
D16: ='Planilha 15 de agosto(igreja)'!I41 -> 69283.12 | E16: =D16*E15 -> 69283.12 | G16: =SUM(E16:F16) -> 69283.12
A17: ='[1]PLANILHA DE CUSTOS'!A43 -> 05 | C17: ='Planilha 15 de agosto(igreja)'!D42 -> SERVIÇOS COMPLEMENTARES | D17: =D18/D21 -> 0.0028627819 | E17: 0.5 | F17: 0.5
D18: ='Planilha 15 de agosto(igreja)'!I44 -> 802.61 | E18: =D18*E17 -> 401.305 | F18: =D18*F17 -> 401.305
C19: TOTAL SIMPLES - R$ | D19: ='Planilha 15 de agosto(igreja)'!I45 -> 280360.16 | E19: =E10+E12+E14+E16+E18 -> 212960.1 | F19: =F10+F12+F14+F16+F18 -> 67400.06 | G19: =SUM(E19:F19) -> 280360.16
C20: TOTAL SIMPLES - % | D20: 1 | E20: =E19/D19 -> 0.75959473 | F20: =F19/D19 -> 0.24040527 | G20: =SUM(E20:F20) -> 1
C21: TOTAL ACUMULADO - R$ | D21: =D10+D12+D14+D16+D18 -> 280360.16 | E21: =E19 -> 212960.1 | F21: =E21+F19 -> 280360.16
C22: TOTAL ACUMULADO - % | D22: =D9+D11+D13+D15+D17 -> 1 | E22: =E20 -> 0.75959473 | F22: =E22+F20 -> 1
C25: __________________________________________________________
C26: ADAUBERTO DO MEIRELES JUNIOR
C27: CREA-ES: 54574/D

Sheet Curva ABC 15 de Agosto
A3: CURVA ABC DE SERVIÇOS
A4: ITEM | B4: CÓDIGO | C4: REF. | D4: ESPECIFICAÇÃO | E4: TOTAL | F4: % | G4: %ACUMULADA | H4: CONCEITO
A5: 02.02 | B5: Comp. 02 (Item referencia 200206) | C5: DER EDIFICAÇÕES | D5: Assentamento de Blocos pré-moldados de concreto tipo tijolo holandês 10 x 20 cm., espessura de 8 cm e resistência a compressão mínima de 35MPa, assentados sobre colchão de areia na espessura de 10 cm - Exclusive blocos (Doados pela SEAG-ES) | E5: 108067.5 | F5: =E5/$E$31 -> 0.38545955 | G5: =F5 -> 0.38545955 | H5: =IF(G5<$K$7,$K$6,IF(G5<$L$7,$L$6,$M$6)) -> A | K5: Classificação
A6: 04.02 | B6: COMP. 04 | C6: DER - RODOVIAS | D6: Corpo BSTC (greide) diâmetro 0,80 m CA-1 PB inclusive escavação, reaterro e transporte do tubo | E6: 23300.61 | F6: =E6/$E$31 -> 0.083109562 | G6: =G5+F6 -> 0.46856911 | H6: =IF(G6<$K$7,$K$6,IF(G6<$L$7,$L$6,$M$6)) -> A | K6: A | L6: B | M6: C
A7: 02.01 | B7: Comp. 01 (Item referencia 200202) | C7: DER EDIFICAÇÕES | D7: Assentamento de meio-fio de concreto pré-moldado com dimensões de 15x12x30x100 cm , rejuntados com argamassa de cimento e areia no traço 1:3 - Exclusive Meio-fio (Doados pela SEAG-ES) | E7: 22307.74 | F7: =E7/$E$31 -> 0.079568153 | G7: =G6+F7 -> 0.54813726 | H7: =IF(G7<$K$7,$K$6,IF(G7<$L$7,$L$6,$M$6)) -> A | K7: 0.8 | L7: 0.95 | M7: 1
A8: 04.06 | B8: 41164 | C8: DER - RODOVIAS | D8: Caixa de passagem em bloco pré-moldado para d=0,80m (1,20 x 1,20m) em Vias Urbanas | E8: 17988.88 | F8: =E8/$E$31 -> 0.064163467 | G8: =G7+F8 -> 0.61230073 | H8: =IF(G8<$K$7,$K$6,IF(G8<$L$7,$L$6,$M$6)) -> A
A9: 04.03 | B9: 40666 | C9: DER - RODOVIAS | D9: Sarjeta de concreto DP-1 (0,081 m³/m) calha triangular, inclusive caiação | E9: 15840.28 | F9: =E9/$E$31 -> 0.056499754 | G9: =G8+F9 -> 0.66880048 | H9: =IF(G9<$K$7,$K$6,IF(G9<$L$7,$L$6,$M$6)) -> A
A10: 02.04 | B10: 40233 | C10: DER EDIFICAÇÕES | D10: Fornecimento, preparo e aplicação de concreto Fck=15 MPa (brita 1 e 2) - (5% de perdas já incluído no custo) | E10: ='Planilha 15 de agosto(igreja)'!I23 -> 14724.94 | F10: =E10/$E$31 -> 0.052521514 | G10: =G9+F10 -> 0.721322 | H10: =IF(G10<$K$7,$K$6,IF(G10<$L$7,$L$6,$M$6)) -> A
A11: 03.04 | B11: COMP. 06 | C11: DER - RODOVIAS | D11: RETROESCAVADEIRA | E11: 11459.2 | F11: =E11/$E$31 -> 0.04087314 | G11: =G10+F11 -> 0.76219514 | H11: =IF(G11<$K$7,$K$6,IF(G11<$L$7,$L$6,$M$6)) -> A
A12: 04.05 | B12: 40531 | C12: DER - RODOVIAS | D12: Boca de concreto ciclópico para BSTC diâmetro 0,80 m | E12: 10491.44 | F12: =E12/$E$31 -> 0.037421294 | G12: =G11+F12 -> 0.79961643 | H12: =IF(G12<$K$7,$K$6,IF(G12<$L$7,$L$6,$M$6)) -> A
A13: 02.06 | B13: 40754 | C13: DER - RODOVIAS | D13: Regularização e compactação do sub-leito (100% P.I.) H = 0,20 m | E13: 7728.75 | F13: =E13/$E$31 -> 0.027567219 | G13: =G12+F13 -> 0.82718365 | H13: =IF(G13<$K$7,$K$6,IF(G13<$L$7,$L$6,$M$6)) -> B
A14: 01.08 | B14: 7010100210 | C14: CESAN | D14: BANHEIRO QUIMICO | E14: 7550.64 | F14: =E14/$E$31 -> 0.026931929 | G14: =G13+F14 -> 0.85411558 | H14: =IF(G14<$K$7,$K$6,IF(G14<$L$7,$L$6,$M$6)) -> B
A15: 03.01 | B15: COMP. 05 | C15: DER - RODOVIAS | D15: CAMINHÃO BASCULANTE | E15: 6284.74 | F15: =E15/$E$31 -> 0.022416666 | G15: =G14+F15 -> 0.87653224 | H15: =IF(G15<$K$7,$K$6,IF(G15<$L$7,$L$6,$M$6)) -> B
A16: 03.03 | B16: 41544 | C16: DER - RODOVIAS | D16: Mobilização e desmobilização de equipamentos com carreta prancha (máximo) | E16: 6099.92 | F16: =E16/$E$31 -> 0.021757442 | G16: =G15+F16 -> 0.89828969 | H16: =IF(G16<$K$7,$K$6,IF(G16<$L$7,$L$6,$M$6)) -> B
A17: 02.03 | B17: 30208 | C17: DER EDIFICAÇÕES | D17: Aterro manual para regularização do terreno em argila, inclusive adensamento manual e fornecimento do material (máximo de 100m3) | E17: 4502.28 | F17: =E17/$E$31 -> 0.016058915 | G17: =G16+F17 -> 0.9143486 | H17: =IF(G17<$K$7,$K$6,IF(G17<$L$7,$L$6,$M$6)) -> B
A18: 02.07 | B18: 40206 | C18: DER - EDIFICAÇÕES | D18: Fôrma de tábua de madeira de 2.5 x 30.0 cm para fundações, levando-se em conta a utilização 5 vezes (incluido o material, corte, montagem, escoramento e desforma) | E18: 4314.62 | F18: =E18/$E$31 -> 0.015389562 | G18: =G17+F18 -> 0.92973816 | H18: =IF(G18<$K$7,$K$6,IF(G18<$L$7,$L$6,$M$6)) -> B
A19: 01.03 | B19: 42046 | C19: DER RODOVIAS | D19: Cones para sinalização, fornecimento e colocação | E19: 3369.8 | F19: =E19/$E$31 -> 0.012019539 | G19: =G18+F19 -> 0.9417577 | H19: =IF(G19<$K$7,$K$6,IF(G19<$L$7,$L$6,$M$6)) -> B
A20: 03.02 | B20: COMP. 03 | C20: DER EDIFICAÇÕES | D20: Equipe de apoio nas atividadades de carga, transporte e posicionamento do material no trecho de pavimentação | E20: 3240.9 | F20: =E20/$E$31 -> 0.011559774 | G20: =G19+F20 -> 0.95331748 | H20: =IF(G20<$K$7,$K$6,IF(G20<$L$7,$L$6,$M$6)) -> C
A21: 01.06 | B21: 020356 | C21: DER EDIFICAÇÕES | D21: Aluguel mensal container para almoxarifado, incl. porta, 2 janelas, 1 pt iluminação, Isolamento térmico (teto), piso em comp. Naval pintado, cert. NR18, incl. laudo descontaminação. | E21: 2964.03 | F21: =E21/$E$31 -> 0.010572223 | G21: =G20+F21 -> 0.9638897 | H21: =IF(G21<$K$7,$K$6,IF(G21<$L$7,$L$6,$M$6)) -> C
A22: 01.01 | B22: 20305 | C22: DER EDIFICAÇÕES | D22: Placa de obra nas dimensões de 2.0 x 4.0 m, padrão DER | E22: 2436.64 | F22: =E22/$E$31 -> 0.0086911065 | G22: =G21+F22 -> 0.9725808 | H22: =IF(G22<$K$7,$K$6,IF(G22<$L$7,$L$6,$M$6)) -> C
A23: 01.07 | B23: 020344 | C23: DER EDIFICAÇÕES | D23: Mobilização e desmobilização de conteiner locado para barracão de obra | E23: 2119.39 | F23: =E23/$E$31 -> 0.0075595263 | G23: =G22+F23 -> 0.98014033 | H23: =IF(G23<$K$7,$K$6,IF(G23<$L$7,$L$6,$M$6)) -> C
A24: 01.02 | B24: 10512 | C24: DER EDIFICAÇÕES | D24: Equipe topográfica para serviços simples de locação e nivelamento (incluindo equipamento, transporte e profissionais nivel médio) | E24: 1376.82 | F24: =E24/$E$31 -> 0.0049108975 | G24: =G23+F24 -> 0.98505123 | H24: =IF(G24<$K$7,$K$6,IF(G24<$L$7,$L$6,$M$6)) -> C
A25: 01.05 | B25: 41359 | C25: DER RODOVIAS | D25: Tela de proteção de segurança de PVC cor laranja com suporte para sinalização de obras | E25: 1355.6 | F25: =E25/$E$31 -> 0.0048352091 | G25: =G24+F25 -> 0.98988644 | H25: =IF(G25<$K$7,$K$6,IF(G25<$L$7,$L$6,$M$6)) -> C
A26: 04.04 | B26: 41176 | C26: DER - RODOVIAS | D26: Berço em brita para BSTC diam. = 0,80 m em Vias Urbanas | E26: 1306.4 | F26: =E26/$E$31 -> 0.0046597206 | G26: =G25+F26 -> 0.99454616 | H26: =IF(G26<$K$7,$K$6,IF(G26<$L$7,$L$6,$M$6)) -> C
A27: 05.01 | B27: 200576 | C27: DER EDIFICAÇÕES | D27: Placa para inauguração de obra em alumínio polido e=4mm, dimensões 40 x 50 cm, gravação em baixo relevo, inclusive pintura e fixação | E27: 802.61 | F27: =E27/$E$31 -> 0.0028627819 | G27: =G26+F27 -> 0.99740894 | H27: =IF(G27<$K$7,$K$6,IF(G27<$L$7,$L$6,$M$6)) -> C
A28: 04.01 | B28: 30103 | C28: DER EDIFICAÇÕES | D28: Escavação mecânica em material de 1a. Categoria | E28: ='Planilha 15 de agosto(igreja)'!I35 -> 355.51 | F28: =E28/$E$31 -> 0.0012680475 | G28: =G27+F28 -> 0.99867699 | H28: =IF(G28<$K$7,$K$6,IF(G28<$L$7,$L$6,$M$6)) -> C
A29: 01.04 | B29: 42047 | C29: DER RODOVIAS | D29: Elementos de madeira para sinalização - cavaletes | E29: 263.16 | F29: =E29/$E$31 -> 0.00093864977 | G29: =G28+F29 -> 0.99961564 | H29: =IF(G29<$K$7,$K$6,IF(G29<$L$7,$L$6,$M$6)) -> C
A30: 02.05 | B30: 40243 | C30: DER - EDIFICAÇÕES | D30: Fornecimento, dobragem e colocação em fôrma, de armadura CA-50 A média, diâmetro de 6.3 a 10.0 mm | E30: ='Planilha 15 de agosto(igreja)'!I24 -> 107.76 | F30: =E30/$E$31 -> 0.00038436274 | G30: =G29+F30 -> 1 | H30: =IF(G30<$K$7,$K$6,IF(G30<$L$7,$L$6,$M$6)) -> C
D31: VALOR GERAL DA OBRA TOTAL | E31: ='Planilha 15 de agosto(igreja)'!I45 -> 280360.16
D34: __________________________________________________________
D35: ADAUBERTO DO MEIRELES JUNIOR
D36: CREA-ES: 54574/D

Sheet Planilha Alto caldeirão (bergu)
A4: ATA DE REGISTRO DE PREÇO DE ASSENTAMENTO DE BLOCOS, MEIO FIO E DRENAGEM EM DIVERSOS TRECHOS DO MUNICÍPIO | H4: ALTO CALDEIRÃO (CLUBE BERGUINHOS) 2370 M² DE PAV. E 1340 M DE MEIO FIO CONTRATO 389/2024 SEAG
A5: PLANILHA DE CUSTOS REFERENCIAIS
A6: REFERÊNCIA: TABELA CUSTOS LABOR/CT-UFES PADRÃO DER EDIFICAÇÕES Abril/2024 E DER RODOVIAS JULHO/2022 SEM DESONERAÇÃO
A7: BDI - 24,67% / LS - 157,27% | F7: BDI | G7: 0.2467
A8: ITEM | B8: CÓDIGO | C8: REF. | D8: ESPECIFICAÇÃO | E8: UND. | F8: QUANT. | G8: PREÇO UNIT. | H8: PREÇO UNIT. C/BDI | I8: TOTAL
A9: 01 | D9: SERVIÇOS PRELIMINARES
A10: 01.01 | B10: 20305 | C10: DER EDIFICAÇÕES | D10: Placa de obra nas dimensões de 2.0 x 4.0 m, padrão DER | E10: m² | F10: =ROUND(VLOOKUP(A10,'Alto Caldeirão (berguinhos)'!A:K,11,),2) -> 8 | G10: =VLOOKUP(B10,'TRP 04.2024'!C:I,7,FALSE) -> 244.31 | H10: =ROUND(G10*(1+$G$7),2) -> 304.58 | I10: =ROUND(H10*F10,2) -> 2436.64
A11: 01.02 | B11: 10512 | C11: DER EDIFICAÇÕES | D11: Equipe topográfica para serviços simples de locação e nivelamento (incluindo equipamento, transporte e profissionais nivel médio) | E11: mês | F11: =ROUND(VLOOKUP(A11,'Alto Caldeirão (berguinhos)'!A:K,11,),2) -> 0.05 | G11: =VLOOKUP(B11,'TRP 04.2024'!C:I,7,FALSE) -> 22087.47 | H11: =ROUND(G11*(1+$G$7),2) -> 27536.45 | I11: =ROUND(H11*F11,2) -> 1376.82
A12: 01.03 | B12: 42046 | C12: DER RODOVIAS | D12: Cones para sinalização, fornecimento e colocação | E12: und | F12: =ROUND(VLOOKUP(A12,'Alto Caldeirão (berguinhos)'!A:K,11,),2) -> 20 | G12: 135.15 | H12: =ROUND(G12*(1+$G$7),2) -> 168.49 | I12: =ROUND(H12*F12,2) -> 3369.8
A13: 01.04 | B13: 42047 | C13: DER RODOVIAS | D13: Elementos de madeira para sinalização - cavaletes | E13: und | F13: =ROUND(VLOOKUP(A13,'Alto Caldeirão (berguinhos)'!A:K,11,),2) -> 4 | G13: 52.77 | H13: =ROUND(G13*(1+$G$7),2) -> 65.79 | I13: =ROUND(H13*F13,2) -> 263.16
A14: 01.05 | B14: 41359 | C14: DER RODOVIAS | D14: Tela de proteção de segurança de PVC cor laranja com suporte para sinalização de obras | E14: m | F14: =ROUND(VLOOKUP(A14,'Alto Caldeirão (berguinhos)'!A:K,11,),2) -> 40 | G14: 27.18 | H14: =ROUND(G14*(1+$G$7),2) -> 33.89 | I14: =ROUND(H14*F14,2) -> 1355.6
A15: 01.06 | B15: 020356 | C15: DER EDIFICAÇÕES | D15: Aluguel mensal container para almoxarifado, incl. porta, 2 janelas, 1 pt iluminação, Isolamento térmico (teto), piso em comp. Naval pintado, cert. NR18, incl. laudo descontaminação. | E15: mês | F15: =ROUND(VLOOKUP(A15,'Alto Caldeirão (berguinhos)'!A:K,11,),2) -> 3 | G15: 792.5 | H15: =ROUND(G15*(1+$G$7),2) -> 988.01 | I15: =ROUND(H15*F15,2) -> 2964.03
A16: 01.07 | B16: 020344 | C16: DER EDIFICAÇÕES | D16: Mobilização e desmobilização de conteiner locado para barracão de obra | E16: und | F16: =ROUND(VLOOKUP(A16,'Alto Caldeirão (berguinhos)'!A:K,11,),2) -> 1 | G16: 1700 | H16: =ROUND(G16*(1+$G$7),2) -> 2119.39 | I16: =ROUND(H16*F16,2) -> 2119.39
A17: 01.08 | B17: 7010100210 | C17: CESAN | D17: BANHEIRO QUIMICO | E17: unm | F17: =ROUND(VLOOKUP(A17,'Alto Caldeirão (berguinhos)'!A:K,11,),2) -> 3 | G17: 2018.83 | H17: =ROUND(G17*(1+$G$7),2) -> 2516.88 | I17: =ROUND(H17*F17,2) -> 7550.64
A18: SUB-TOTAL DO ITEM | I18: =SUBTOTAL(9,I10:I17) -> 21436.08
A19: 02 | D19: PAVIMENTAÇÃO
A20: 02.01 | B20: Comp. 01 (Item referencia 200202) | C20: DER EDIFICAÇÕES | D20: Assentamento de meio-fio de concreto pré-moldado com dimensões de 15x12x30x100 cm , rejuntados com argamassa de cimento e areia no traço 1:3 - Exclusive Meio-fio (Doados pela SEAG-ES) | E20: m | F20: =ROUND(VLOOKUP(A20,'Alto Caldeirão (berguinhos)'!A:K,11,),2) -> 2010 | G20: 24.82 | H20: =ROUND(G20*(1+$G$7),2) -> 30.94 | I20: =ROUND(H20*F20,2) -> 62189.4
A21: 02.02 | B21: Comp. 02 (Item referencia 200206) | C21: DER EDIFICAÇÕES | D21: Assentamento de Blocos pré-moldados de concreto tipo tijolo holandês 10 x 20 cm., espessura de 8 cm e resistência a compressão mínima de 35MPa, assentados sobre colchão de pó de pedra na espessura de 10 cm - Exclusive blocos (Doados pela SEAG-ES) | E21: m² | F21: =ROUND(VLOOKUP(A21,'Alto Caldeirão (berguinhos)'!A:K,11,),2) -> 3300 | G21: =COMP.02!E32 -> 25.685 | H21: =ROUND(G21*(1+$G$7),2) -> 32.02 | I21: =ROUND(H21*F21,2) -> 105666
A22: 02.03 | B22: 30208 | C22: DER EDIFICAÇÕES | D22: Aterro manual para regularização do terreno em argila, inclusive adensamento manual e fornecimento do material (máximo de 100m3) | E22: m³ | F22: =ROUND(VLOOKUP(A22,'Alto Caldeirão (berguinhos)'!A:K,11,),2) -> 60.3 | G22: =VLOOKUP(B22,'TRP 04.2024'!C:I,7,FALSE) -> 166.96 | H22: =ROUND(G22*(1+$G$7),2) -> 208.15 | I22: =ROUND(H22*F22,2) -> 12551.45
A23: 02.04 | B23: 40233 | C23: DER EDIFICAÇÕES | D23: Fornecimento, preparo e aplicação de concreto Fck=15 MPa (brita 1 e 2) - (5% de perdas já incluído no custo) | E23: m³ | F23: =ROUND(VLOOKUP(A23,'Alto Caldeirão (berguinhos)'!A:K,11,),2) -> 62.31 | G23: =VLOOKUP(B23,'TRP 04.2024'!C:I,7,FALSE) -> 676.08 | H23: =ROUND(G23*(1+$G$7),2) -> 842.87 | I23: =ROUND(H23*F23,2) -> 52519.23
A24: 02.05 | B24: 40754 | C24: DER - RODOVIAS | D24: Regularização e compactação do sub-leito (100% P.I.) H = 0,20 m | E24: M² | F24: =ROUND(VLOOKUP(A24,'Alto Caldeirão (berguinhos)'!A:K,11,),2) -> 3300 | G24: 1.84 | H24: =ROUND(G24*(1+$G$7),2) -> 2.29 | I24: =ROUND(H24*F24,2) -> 7557
A25: 02.06 | B25: 40206 | C25: DER - EDIFICAÇÕES | D25: Fôrma de tábua de madeira de 2.5 x 30.0 cm para fundações, levando-se em conta a utilização 5 vezes (incluido o material, corte, montagem, escoramento e desforma) | E25: M² | F25: =ROUND(VLOOKUP(A25,'Alto Caldeirão (berguinhos)'!A:K,11,),2) -> 294.8 | G25: =VLOOKUP(B25,'TRP 04.2024'!C:I,7,FALSE) -> 81.62 | H25: =ROUND(G25*(1+$G$7),2) -> 101.76 | I25: =ROUND(H25*F25,2) -> 29998.85
A26: SUB-TOTAL DO ITEM | I26: =SUBTOTAL(9,I20:I25) -> 270481.93
A27: 03 | D27: SERVIÇOS DE MÁQUINA/ APOIO
A28: 03.01 | B28: COMP. 05 | C28: DER - RODOVIAS | D28: CAMINHÃO BASCULANTE | E28: H | F28: =ROUND(VLOOKUP(A28,'Alto Caldeirão (berguinhos)'!A:K,11,),2) -> 14.65 | G28: =COMP.05!H39 -> 347.66 | H28: =ROUND(G28*(1+$G$7),2) -> 433.43 | I28: =ROUND(H28*F28,2) -> 6349.75
A29: 03.02 | B29: COMP. 03 | C29: DER EDIFICAÇÕES | D29: Equipe de apoio nas atividadades de carga, transporte e posicionamento do material no trecho de pavimentação | E29: m | F29: =ROUND(VLOOKUP(A29,'Alto Caldeirão (berguinhos)'!A:K,11,),2) -> 1000 | G29: =COMP.03!D22 -> 7.2138508 | H29: =ROUND(G29*(1+$G$7),2) -> 8.99 | I29: =ROUND(H29*F29,2) -> 8990
A30: 03.03 | B30: 41546 | C30: DER - RODOVIAS | D30: Mobilização e desmobilização de caminhão basculante (máximo) | E30: H | F30: =ROUND(VLOOKUP(A30,'Alto Caldeirão (berguinhos)'!A:K,11,),2) -> 2 | G30: 381.2 | H30: =ROUND(G30*(1+$G$7),2) -> 475.24 | I30: =ROUND(H30*F30,2) -> 950.48
A31: 03.04 | B31: 41544 | C31: DER - RODOVIAS | D31: Mobilização e desmobilização de equipamentos com carreta prancha (máximo) | E31: H | F31: =ROUND(VLOOKUP(A31,'Alto Caldeirão (berguinhos)'!A:K,11,),2) -> 8 | G31: 611.61 | H31: =ROUND(G31*(1+$G$7),2) -> 762.49 | I31: =ROUND(H31*F31,2) -> 6099.92
A32: 03.05 | B32: COMP. 06 | C32: DER - RODOVIAS | D32: RETROESCAVADEIRA | E32: H | F32: =ROUND(VLOOKUP(A32,'Alto Caldeirão (berguinhos)'!A:K,11,),2) -> 40 | G32: 229.79 | H32: =ROUND(G32*(1+$G$7),2) -> 286.48 | I32: =ROUND(H32*F32,2) -> 11459.2
A33: SUB-TOTAL DO ITEM | I33: =SUBTOTAL(9,I28:I32) -> 33849.35
A34: 04 | D34: DRENAGEM
A35: 04.01 | B35: 30103 | C35: DER EDIFICAÇÕES | D35: Escavação mecânica em material de 1a. Categoria | E35: m3 | F35: =ROUND(VLOOKUP(A35,'Alto Caldeirão (berguinhos)'!A:K,11,),2) -> 62.31 | G35: =VLOOKUP(B35,'TRP 04.2024'!C:I,7,FALSE) -> 16.32 | H35: =ROUND(G35*(1+$G$7),2) -> 20.35 | I35: =ROUND(H35*F35,2) -> 1268.01
A36: 04.02 | B36: COMP. 04 | C36: DER - RODOVIAS | D36: Corpo BSTC (greide) diâmetro 0,80 m CA-1 PB inclusive escavação, reaterro e transporte do tubo | E36: m | F36: =ROUND(VLOOKUP(A36,'Alto Caldeirão (berguinhos)'!A:K,11,),2) -> 71.4 | G36: =COMP.04!H46 -> 812.6029 | H36: =ROUND(G36*(1+$G$7),2) -> 1013.07 | I36: =ROUND(H36*F36,2) -> 72333.2
A37: 04.03 | B37: 41176 | C37: DER - RODOVIAS | D37: Berço em brita para BSTC diam. = 0,80 m em Vias Urbanas | E37: m | F37: =ROUND(VLOOKUP(A37,'Alto Caldeirão (berguinhos)'!A:K,11,),2) -> 71.4 | G37: 45.56 | H37: =ROUND(G37*(1+$G$7),2) -> 56.8 | I37: =ROUND(H37*F37,2) -> 4055.52
A38: 04.04 | B38: 40531 | C38: DER - RODOVIAS | D38: Boca de concreto ciclópico para BSTC diâmetro 0,80 m | E38: und | F38: =ROUND(VLOOKUP(A38,'Alto Caldeirão (berguinhos)'!A:K,11,),2) -> 17 | G38: 2103.84 | H38: =ROUND(G38*(1+$G$7),2) -> 2622.86 | I38: =ROUND(H38*F38,2) -> 44588.62
A39: 04.05 | B39: 41164 | C39: DER - RODOVIAS | D39: Caixa de passagem em bloco pré-moldado para d=0,80m (1,20 x 1,20m) em Vias Urbanas | E39: und | F39: =ROUND(VLOOKUP(A39,'Alto Caldeirão (berguinhos)'!A:K,11,),2) -> 17 | G39: 3607.3 | H39: =ROUND(G39*(1+$G$7),2) -> 4497.22 | I39: =ROUND(H39*F39,2) -> 76452.74
A40: SUB-TOTAL DO ITEM | I40: =SUBTOTAL(9,I35:I39) -> 198698.09
A41: 05 | D41: SERVIÇOS COMPLEMENTARES
A42: 05.01 | B42: 200576 | C42: DER EDIFICAÇÕES | D42: Placa para inauguração de obra em alumínio polido e=4mm, dimensões 40 x 50 cm, gravação em baixo relevo, inclusive pintura e fixação | E42: und | F42: =ROUND(VLOOKUP(A42,'Alto Caldeirão (berguinhos)'!A:K,11,),2) -> 1 | G42: =VLOOKUP(B42,'TRP 04.2024'!C:I,7,FALSE) -> 643.79 | H42: =ROUND(G42*(1+$G$7),2) -> 802.61 | I42: =ROUND(H42*F42,2) -> 802.61
A43: SUB-TOTAL DO ITEM | I43: =SUBTOTAL(9,I42) -> 802.61
D44: VALOR GERAL DA OBRA TOTAL | I44: =SUBTOTAL(9,I9:I43) -> 525268.06
D46: __________________________________________________________
D47: ADAUBERTO DO MEIRELES JUNIOR
D48: CREA-ES: 54574/D
I50: 525268.06

Sheet Alto Caldeirão (berguinhos)
A6: MEMORIA DE CÁLCULO | E6: ATA DE REGISTRO DE PREÇO DE ASSENTAMENTO DE BLOCOS, MEIO FIO E DRENAGEM EM DIVERSOS TRECHOS DO MUNICÍPIO
A7: REFERÊNCIA: TABELA CUSTOS LABOR/CT-UFES PADRÃO DER EDIFICAÇÕES MARÇO/2023 E DER RODOVIAS JULHO/2022 SEM DESONERAÇÃO
A8: BDI - 27,06% / LS - 157,27%
A10: SERVIÇOS PRELIMINARES
A11: 01.01 | B11: 020305 | C11: DER EDIFICAÇÕES | D11: Placa de obra nas dimensões de 2.0 x 4.0 m, padrão DER | E11: UND. | F11: QUANTIDADE | G11: COMPRIMENTO (M) | H11: LARGURA (M) | I11: ÁREA (M2) | J11: SUBTOTAL | K11: =SUM(J12) -> 8
F12: 1 | G12: 4 | H12: 2 | I12: =H12*G12*F12 -> 8 | J12: =I12 -> 8
A14: 01.02 | B14: 10512 | C14: DER EDIFICAÇÕES | D14: Equipe topográfica para serviços simples de locação e nivelamento (incluindo equipamento, transporte e profissionais nivel médio) | J14: MÊS | K14: =SUM(J15) -> 0.05 | O14: =ROUND(2/60,2) -> 0.03
D15: Considerado dois dias de equipe topografica para locação do eixo da rua | J15: =3/60 -> 0.05
A17: 01.03 | B17: =VLOOKUP(A17,'Planilha São Valentin'!$A:$I,2,FALSE) -> 42046 | C17: =VLOOKUP(A17,'Planilha São Valentin'!$A:$I,3,FALSE) -> DER RODOVIAS | D17: =VLOOKUP(A17,'Planilha São Valentin'!$A:$I,4,FALSE) -> Cones para sinalização, fornecimento e colocação | E17: =VLOOKUP(A17,'Planilha São Valentin'!$A:$I,5,FALSE) -> und | F17: QUANTIDADE | G17: COMPRIMENTO (M) | H17: LARGURA (M) | I17: ÁREA (M2) | J17: SUBTOTAL | K17: =ROUND(J18,2) -> 20
E18: 20 | J18: =E18 -> 20
A20: 01.04 | B20: =VLOOKUP(A20,'Planilha São Valentin'!$A:$I,2,FALSE) -> 42047 | C20: =VLOOKUP(A20,'Planilha São Valentin'!$A:$I,3,FALSE) -> DER RODOVIAS | D20: =VLOOKUP(A20,'Planilha São Valentin'!$A:$I,4,FALSE) -> Elementos de madeira para sinalização - cavaletes | E20: =VLOOKUP(A20,'Planilha São Valentin'!$A:$I,5,FALSE) -> und | J20: MÊS | K20: =ROUND(SUM(J21),2) -> 4 | O20: =ROUND(2/60,2) -> 0.03
E21: 4 | J21: =E21 -> 4
A23: 01.05 | B23: =VLOOKUP(A23,'Planilha São Valentin'!$A:$I,2,FALSE) -> 41359 | C23: =VLOOKUP(A23,'Planilha São Valentin'!$A:$I,3,FALSE) -> DER RODOVIAS | D23: =VLOOKUP(A23,'Planilha São Valentin'!$A:$I,4,FALSE) -> Tela de proteção de segurança de PVC cor laranja com suporte para sinalização de obras | E23: =VLOOKUP(A23,'Planilha São Valentin'!$A:$I,5,FALSE) -> m | F23: QUANTIDADE | G23: COMPRIMENTO (M) | H23: LARGURA (M) | I23: ÁREA (M2) | J23: SUBTOTAL | K23: =ROUND((J24),2) -> 40
E24: 40 | J24: =E24 -> 40
A26: 01.06 | B26: =VLOOKUP(A26,'Planilha São Valentin'!$A:$I,2,FALSE) -> 020356 | C26: =VLOOKUP(A26,'Planilha São Valentin'!$A:$I,3,FALSE) -> DER EDIFICAÇÕES | D26: =VLOOKUP(A26,'Planilha São Valentin'!$A:$I,4,FALSE) -> Aluguel mensal container para almoxarifado, incl. porta, 2 janelas, 1 pt iluminação, Isolamento térmico (teto), piso em comp. Naval pintado, cert. NR18, incl. laudo descontaminação. | E26: =VLOOKUP(A26,'Planilha São Valentin'!$A:$I,5,FALSE) -> mês | F26: QUANTIDADE | G26: COMPRIMENTO (M) | H26: LARGURA (M) | I26: ÁREA (M2) | J26: SUBTOTAL | K26: =ROUND((J27),2) -> 3
E27: 3 | J27: =E27 -> 3
A29: 01.07 | B29: =VLOOKUP(A29,'Planilha São Valentin'!$A:$I,2,FALSE) -> 020344 | C29: =VLOOKUP(A29,'Planilha São Valentin'!$A:$I,3,FALSE) -> DER EDIFICAÇÕES | D29: =VLOOKUP(A29,'Planilha São Valentin'!$A:$I,4,FALSE) -> Mobilização e desmobilização de conteiner locado para barracão de obra | E29: =VLOOKUP(A29,'Planilha São Valentin'!$A:$I,5,FALSE) -> und | F29: QUANTIDADE | G29: COMPRIMENTO (M) | H29: LARGURA (M) | I29: ÁREA (M2) | J29: SUBTOTAL | K29: =ROUND((J30),2) -> 1
E30: 1 | J30: =E30 -> 1
A32: 01.08 | B32: =VLOOKUP(A32,'Planilha São Valentin'!$A:$I,2,FALSE) -> 7010100210 | C32: =VLOOKUP(A32,'Planilha São Valentin'!$A:$I,3,FALSE) -> CESAN | D32: =VLOOKUP(A32,'Planilha São Valentin'!$A:$I,4,FALSE) -> BANHEIRO QUIMICO | E32: =VLOOKUP(A32,'Planilha São Valentin'!$A:$I,5,FALSE) -> unm | F32: QUANTIDADE | G32: COMPRIMENTO (M) | H32: LARGURA (M) | I32: ÁREA (M2) | J32: SUBTOTAL | K32: =ROUND((J33),2) -> 3
E33: 3 | J33: =E33 -> 3
A35: PAVIMENTAÇÃO
A36: 02.01 | B36: Comp. 01 (Item referencia 200202) | C36: DER EDIFICAÇÕES | D36: Assentamento de meio-fio de concreto pré-moldado com dimensões de 15x12x30x100 cm , rejuntados com argamassa de cimento e areia no traço 1:3 - Exclusive Meio-fio (Doados pela SEAG-ES) | I36: COMPRIMENTO (M) | J36: SUBTOTAL | K36: =SUM(J37) -> 2010
D37: Observação: a liberação da execução dos trechos serão de acordo com a liberação de meio fio da SEAG | I37: 2010 | J37: =I37 -> 2010
A40: 02.02 | B40: Comp. 02 (Item referencia 200206) | C40: DER EDIFICAÇÕES | D40: Assentamento de Blocos pré-moldados de concreto tipo tijolo holandês 10 x 20 cm., espessura de 8 cm e resistência a compressão mínima de 35MPa, assentados sobre colchão de areia na espessura de 10 cm - Exclusive blocos (Doados pela SEAG-ES) | I40: ÁREA (M2) | J40: SUBTOTAL | K40: =SUM(J41) -> 3300
D41: Observação: a liberação da execução dos trechos serão de acordo com a liberação de blocos da SEAG | I41: 3300 | J41: =I41 -> 3300
A44: 02.03 | B44: 030208 | C44: DER EDIFICAÇÕES | D44: Aterro manual para regularização do terreno em argila, inclusive adensamento manual e fornecimento do material (máximo de 100m3) | F44: ALTURA (M) | G44: COMPRIMENTO (M) | H44: LARGURA (M) | I44: VOLUME (M3) | J44: SUBTOTAL | K44: =SUM(J45) -> 60.3 | M44: =I41*0.08*1.2 -> 316.8 | N44: =M44*2.4 -> 760.32
F45: 0.2 | G45: =I37 -> 2010 | H45: 0.15 | I45: =H45*G45*F45 -> 60.3 | J45: =I45 -> 60.3 | N45: =N44/8 -> 95.04
N46: =N45*0.25 -> 23.76
A47: 02.04 | B47: 040233 | C47: DER EDIFICAÇÕES | D47: Fornecimento, preparo e aplicação de concreto Fck=15 MPa (brita 1 e 2) - (5% de perdas já incluído no custo) | E47: ALTURA (M) | F47: COMPRIMENTO (M) | G47: LARGURA (M) | H47: VOLUME (M3) | I47: QUANTIDADE | J47: SUBTOTAL | K47: =SUM(J48:J50) -> 62.31
D48: Transversal a cada 15 metros | E48: 0.4 | F48: 5.5 | G48: 0.15 | H48: =G48*F48*E48 -> 0.33 | I48: =ROUNDUP((1000/15),0) -> 67 | J48: =I48*H48 -> 22.11
D49: Por trás do Meio Fio | E49: 0.1 | F49: =I37 -> 2010 | G49: 0.2 | J49: =G49*F49*E49 -> 40.2
A52: 02.05 | B52: =VLOOKUP(A52,'Planilha 15 de agosto(igreja)'!A:H,2,FALSE) -> 40243 | D52: =VLOOKUP(A52,'Planilha 15 de agosto(igreja)'!$A:$H,4,FALSE) -> Fornecimento, dobragem e colocação em fôrma, de armadura CA-50 A média, diâmetro de 6.3 a 10.0 mm | E52: =VLOOKUP(A52,'Planilha 15 de agosto(igreja)'!A:H,5,FALSE) -> kg | I52: ÁREA | J52: SUBTOTAL | K52: =SUM(J53) -> 3300
D53: Pavimentação | I53: =I41 -> 3300 | J53: =I53 -> 3300
A55: 02.06 | B55: =VLOOKUP(A55,'Planilha 15 de agosto(igreja)'!A:H,2,FALSE) -> 40754 | D55: =VLOOKUP(A55,'Planilha 15 de agosto(igreja)'!$A:$H,4,FALSE) -> Regularização e compactação do sub-leito (100% P.I.) H = 0,20 m | E55: =VLOOKUP(A55,'Planilha 15 de agosto(igreja)'!A:H,5,FALSE) -> M² | F55: ALTURA | G55: COMPRIMENTO | H55: QUANTIDADE | I55: ÁREA | J55: SUBTOTAL | K55: =SUM(J56:J57) -> 294.8
D56: Transversais | F56: =E48 -> 0.4 | G56: =F48 -> 5.5 | H56: =I48*2 -> 134 | I56: =G56*F56 -> 2.2 | J56: =(I56*H56) -> 294.8
I57: =H57*G57*F57 -> 0 | J57: =I57 -> 0
A59: SERVIÇOS DE MÁQUINAS
A60: 03.01 | B60: COMP.05 | C60: DER - RODOVIAS | D60: CAMINHÃO BASCULANTE | F60: Tempo médio deslocamento ida e volta (horas) | G60: viajens nescessárias | H60: Peso por m3 | I60: Total peso do trecho (T) | J60: HORAS | K60: =SUM(J61:J63) -> 14.65
C62: Material do item 02.02 | D62: Pó de Pedra | F62: 0.25 | G62: =I62/8 -> 55.6875 | H62: 1.35 | I62: =0.1*I41*H62 -> 445.5 | J62: =ROUND(F62*G62,2) -> 13.92
C63: Material do Item 02.01 | D63: Areia lavada média (Meio fio) | F63: 0.25 | G63: =I63/8 -> 2.90043 | H63: 1.48 | I63: =I37*0.0078*H63 -> 23.20344 | J63: =ROUND(F63*G63,2) -> 0.73
A65: 03.02 | B65: COMP.03 | C65: DER EDIFICAÇÕES | D65: Equipe de apoio nas atividadades de carga, transporte e posicionamento do material no trecho de pavimentação | J65: METRAGEM | K65: =SUM(J66) -> 1000
J66: 1000
A68: 03.03 | B68: 41546 | C68: DER - RODOVIAS | D68: Mobilização e desmobilização de caminhão basculante (máximo) | E68: =VLOOKUP(A68,'Planilha 15 de agosto(igreja)'!A:H,5,FALSE) -> H | H68: IDA | I68: VOLTA | J68: HORAS | K68: =SUM(J69:J71) -> 2
H69: 1 | I69: 1 | J69: =I69+H69 -> 2
A72: 03.04 | B72: 41544 | C72: DER - RODOVIAS | D72: Mobilização e desmobilização de equipamentos com carreta prancha (máximo) | E72: =VLOOKUP(A72,'Planilha 15 de agosto(igreja)'!A:H,5,FALSE) -> H | H72: IDA | I72: VOLTA | J72: HORAS | K72: =SUM(J73:J77) -> 8
C73: Transporte maquinário do ITEM 06.07 | D73: Motoniveladora Caterpillar modelo 120K ( cab + ar + ríper) ou equivalente | H73: 1 | I73: 1 | J73: =I73+H73 -> 2
D74: Rolo AP vib. patas 100 mm CA-25P (DYNAPAC) ou equivalente | H74: 1 | I74: 1 | J74: =I74+H74 -> 2
D75: Rolo compactador de pneus CP 224, Dynapac ou equivalente | H75: 1 | I75: 1 | J75: =I75+H75 -> 2
D76: Trator agrícola MF 297/4 -4 X 4 (MASSEY FERGUSSON) ou equivalente | H76: 1 | I76: 1 | J76: =I76+H76 -> 2
A79: 03.05 | B79: =VLOOKUP(A79,'Planilha Alto caldeirão (bergu)'!A:I,2,FALSE) -> COMP. 06 | C79: =VLOOKUP(A79,'Planilha Alto caldeirão (bergu)'!A:I,3,FALSE) -> DER - RODOVIAS | D79: =VLOOKUP(A79,'Planilha Alto caldeirão (bergu)'!A:I,4,FALSE) -> RETROESCAVADEIRA | E79: =VLOOKUP(A79,'Planilha Alto caldeirão (bergu)'!A:I,5,FALSE) -> H | F79: QUANTIDADE | G79: COMPRIMENTO (M) | H79: LARGURA (M) | I79: ÁREA (M2) | J79: SUBTOTAL | K79: =ROUND((J80),2) -> 40
E80: 40 | J80: =E80 -> 40
A82: DRENAGEM
A83: 04.01 | B83: 30103 | C83: DER EDIFICAÇÕES | D83: Escavação mecânica em material de 1a. Categoria | G83: ALTURA (M) | H83: COMPRIMENTO (M) | I83: LARGURA (M) | J83: VOLUME (M3) | K83: =SUM(J84:J85) -> 62.31
D84: Item 02.04 | J84: =K47 -> 62.31
A86: 04.02 | B86: COMP.04 (Item Referência 40433) | C86: DER - RODOVIAS | D86: Corpo BSTC (greide) diâmetro 0,80 m CA-1 PB inclusive escavação, reaterro e transporte dotubo | J86: COMPRIMENTO (M) | K86: =SUM(J87:J97) -> 71.4
D88: Drenagem 08 Coordenadas UTM: 24k 317811.00 m E 7791692.00 m S | J88: 9
D89: Drenagem 07 Coordenadas UTM: 24k 317693.00 m E 7791710.00 m S | J89: 9
D90: Drenagem 06 Coordenadas UTM: 24k 317674.00 m E 7791717.00 m S | J90: 9
D91: Drenagem 05 Coordenadas UTM: 24k 317560.00 m E 7791694.00 m S | J91: 11
D92: Drenagem 03 Coordenadas UTM: 24k 317509.00 m E 7791705.00 m S | J92: 10
D93: Drenagem 02 Coordenadas UTM: 24k 317372.00 m E 7791716.00 m S | J93: 11
D94: Drenagem 09 Coordenadas UTM: 24k 317282.00 m E 7791676.00 m S | J94: 6
D95: Drenagem 10 Coordenadas UTM: 24k 317145.00 m E 7791572.00 m S | J95: 2
D96: Drenagem 11 Coordenadas UTM: 24k 317095.00 m E 7791538.00 m S | J96: 4.4
A99: 04.03 | B99: 41176 | C99: DER - RODOVIAS | D99: Berço em brita para BSTC diam. = 0,80 m em Vias Urbanas | J99: COMPRIMENTO (M) | K99: =SUM(J100) -> 71.4
D100: item 04.01 | J100: =K86 -> 71.4
A102: 04.04 | B102: 40531 | C102: DER - RODOVIAS | D102: Boca de concreto ciclópico para BSTC diâmetro 0,80 m | J102: QUANTIDADE | K102: =SUM(J103:J107) -> 17
D105: para caixas de passagem elevadas | J105: =K108 -> 17
A108: 04.05 | B108: 41164 | C108: DER - RODOVIAS | D108: Caixa de passagem em bloco pré-moldado para d=0,80m (1,20 x 1,20m) em Vias Urbanas | J108: QUANTIDADE | K108: =SUM(J109:J118) -> 17
D109: Detalhe 02 | J109: 2
D110: Detalhe 03 | J110: 2
D111: Detalhe 05 | J111: 2
D112: Detalhe 06 | J112: 2
D113: Detalhe 07 | J113: 2
D114: Detalhe 08 | J114: 2
D115: Detalhe 09 | J115: 2
D116: Detalhe 10 | J116: 1
D117: Detalhe 11 | J117: 2
A119: SERVIÇOS COMPLEMENTARES
A120: 05.01 | B120: 200576 | C120: DER EDIFICAÇÕES | D120: Placa para inauguração de obra em alumínio polido e=4mm, dimensões 40 x 50 cm, gravação em baixo relevo, inclusive pintura e fixação | J120: SUBTOTAL | K120: =SUM(J121) -> 1
J121: 1
A123: ADITIVO
D126: __________________________________________________________
D127: ADAUBERTO DO MEIRELES JUNIOR
D128: CREA-ES: 54574/D

Sheet CRO-FISICO FINANC Berguinhos
C1: PREFEITURA DE SANTA TERESA-ES
A3: CRONOGRAMA FÍSICO FINANCEIRO
A4: Objeto: | C4: ='Planilha São Valentin'!A4 -> ASSENTAMENTO DE BLOCOS, MEIO FIO E DRENAGEM EM DIVERSOS TRECHOS DO MUNICÍPIO DE SANTA TERESA- ESPÍRITO SANTO
A5: Endereço: | C5: Alto Caldeirão (Clube Berguinhos) , Municipio de Santa Teresa-ES
A6: Data base: | C6: ='Planilha São Valentin'!A6 -> Preço de Referência: DER-Edificações 04/2024 DER-Rodovias julho/2023 CESAN Julho/2024
A7: ITEM | C7: DESCRIÇÃO DOS SERVIÇOS | D7: VALOR DOS SERVIÇOS | G7: SOMA ITENS
E8: MÊS 01 | F8: MÊS 02
A9: ='[1]PLANILHA DE CUSTOS'!A8 -> 01 | C9: ='Planilha 15 de agosto(igreja)'!D9 -> SERVIÇOS PRELIMINARES | D9: =D10/D19 -> 0.040809791 | E9: 0.77 | F9: 0.23 | G9: =SUM(E9:F9) -> 1
D10: ='Planilha Alto caldeirão (bergu)'!I18 -> 21436.08 | E10: =D10*E9 -> 16505.782 | F10: =D10*F9 -> 4930.2984 | G10: =SUM(E10:F10) -> 21436.08
A11: ='[1]PLANILHA DE CUSTOS'!A18 -> 02 | C11: ='Planilha 15 de agosto(igreja)'!D19 -> PAVIMENTAÇÃO | D11: =D12/D19 -> 0.51494075 | E11: 0.7 | F11: 0.3 | G11: =SUM(E11:F11) -> 1 | H11: 13801.74
D12: ='Planilha Alto caldeirão (bergu)'!I26 -> 270481.93 | E12: =D12*E11 -> 189337.35 | F12: =D12*F11 -> 81144.579 | G12: =SUM(E12:F12) -> 270481.93
A13: ='[1]PLANILHA DE CUSTOS'!A32 -> 03 | C13: ='Planilha 15 de agosto(igreja)'!D28 -> SERVIÇOS DE MÁQUINA/ APOIO | D13: =D14/D19 -> 0.064442049 | E13: 0.5 | F13: 0.5 | G13: =SUM(E13:F13) -> 1
D14: ='Planilha Alto caldeirão (bergu)'!I33 -> 33849.35 | E14: =D14*E13 -> 16924.675 | F14: =D14*F13 -> 16924.675 | G14: =SUM(E14:F14) -> 33849.35
A15: ='[1]PLANILHA DE CUSTOS'!A39 -> 04 | C15: ='Planilha 15 de agosto(igreja)'!D34 -> DRENAGEM | D15: =D16/D19 -> 0.37827941 | E15: 1 | G15: =SUM(E15:F15) -> 1
D16: ='Planilha Alto caldeirão (bergu)'!I40 -> 198698.09 | E16: =D16*E15 -> 198698.09 | G16: =SUM(E16:F16) -> 198698.09
A17: ='[1]PLANILHA DE CUSTOS'!A43 -> 05 | C17: ='Planilha 15 de agosto(igreja)'!D42 -> SERVIÇOS COMPLEMENTARES | D17: =D18/D21 -> 0.0015280008 | E17: 0.5 | F17: 0.5
D18: ='Planilha Alto caldeirão (bergu)'!I43 -> 802.61 | E18: =D18*E17 -> 401.305 | F18: =D18*F17 -> 401.305
C19: TOTAL SIMPLES - R$ | D19: ='Planilha Alto caldeirão (bergu)'!I44 -> 525268.06 | E19: =E10+E12+E14+E16+E18 -> 421867.2 | F19: =F10+F12+F14+F16+F18 -> 103400.86 | G19: =SUM(E19:F19) -> 525268.06
C20: TOTAL SIMPLES - % | D20: 1 | E20: =E19/D19 -> 0.8031465 | F20: =F19/D19 -> 0.1968535 | G20: =SUM(E20:F20) -> 1
C21: TOTAL ACUMULADO - R$ | D21: =D10+D12+D14+D16+D18 -> 525268.06 | E21: =E19 -> 421867.2 | F21: =E21+F19 -> 525268.06
C22: TOTAL ACUMULADO - % | D22: =D9+D11+D13+D15+D17 -> 1 | E22: =E20 -> 0.8031465 | F22: =E22+F20 -> 1
C25: __________________________________________________________
C26: ADAUBERTO DO MEIRELES JUNIOR
C27: CREA-ES: 54574/D

Sheet Curva ABC BERGUINHOS
A3: CURVA ABC DE SERVIÇOS
A4: ITEM | B4: CÓDIGO | C4: REF. | D4: ESPECIFICAÇÃO | E4: TOTAL | F4: % | G4: %ACUMULADA | H4: CONCEITO
A5: 02.02 | B5: Comp. 02 (Item referencia 200206) | C5: DER EDIFICAÇÕES | D5: Assentamento de Blocos pré-moldados de concreto tipo tijolo holandês 10 x 20 cm., espessura de 8 cm e resistência a compressão mínima de 35MPa, assentados sobre colchão de areia na espessura de 10 cm - Exclusive blocos (Doados pela SEAG-ES) | E5: 105666 | F5: =E5/$E$30 -> 0.20116586 | G5: =F5 -> 0.20116586 | H5: =IF(G5<$K$7,$K$6,IF(G5<$L$7,$L$6,$M$6)) -> A | K5: Classificação
A6: 04.05 | B6: 41164 | C6: DER - RODOVIAS | D6: Caixa de passagem em bloco pré-moldado para d=0,80m (1,20 x 1,20m) em Vias Urbanas | E6: 76452.74 | F6: =E6/$E$30 -> 0.14554995 | G6: =G5+F6 -> 0.34671581 | H6: =IF(G6<$K$7,$K$6,IF(G6<$L$7,$L$6,$M$6)) -> A | K6: A | L6: B | M6: C
A7: 04.02 | B7: COMP. 04 | C7: DER - RODOVIAS | D7: Corpo BSTC (greide) diâmetro 0,80 m CA-1 PB inclusive escavação, reaterro e transporte do tubo | E7: 72333.2 | F7: =E7/$E$30 -> 0.13770721 | G7: =G6+F7 -> 0.48442302 | H7: =IF(G7<$K$7,$K$6,IF(G7<$L$7,$L$6,$M$6)) -> A | K7: 0.8 | L7: 0.95 | M7: 1
A8: 02.01 | B8: Comp. 01 (Item referencia 200202) | C8: DER EDIFICAÇÕES | D8: Assentamento de meio-fio de concreto pré-moldado com dimensões de 15x12x30x100 cm , rejuntados com argamassa de cimento e areia no traço 1:3 - Exclusive Meio-fio (Doados pela SEAG-ES) | E8: 62189.4 | F8: =E8/$E$30 -> 0.11839555 | G8: =G7+F8 -> 0.60281857 | H8: =IF(G8<$K$7,$K$6,IF(G8<$L$7,$L$6,$M$6)) -> A
A9: 02.04 | B9: 40233 | C9: DER EDIFICAÇÕES | D9: Fornecimento, preparo e aplicação de concreto Fck=15 MPa (brita 1 e 2) - (5% de perdas já incluído no custo) | E9: 52519.23 | F9: =E9/$E$30 -> 0.099985577 | G9: =G8+F9 -> 0.70280415 | H9: =IF(G9<$K$7,$K$6,IF(G9<$L$7,$L$6,$M$6)) -> A
A10: 04.04 | B10: 40531 | C10: DER - RODOVIAS | D10: Boca de concreto ciclópico para BSTC diâmetro 0,80 m | E10: 44588.62 | F10: =E10/$E$30 -> 0.084887362 | G10: =G9+F10 -> 0.78769151 | H10: =IF(G10<$K$7,$K$6,IF(G10<$L$7,$L$6,$M$6)) -> A
A11: 02.06 | B11: 40206 | C11: DER - EDIFICAÇÕES | D11: Fôrma de tábua de madeira de 2.5 x 30.0 cm para fundações, levando-se em conta a utilização 5 vezes (incluido o material, corte, montagem, escoramento e desforma) | E11: 29998.85 | F11: =E11/$E$30 -> 0.057111506 | G11: =G10+F11 -> 0.84480301 | H11: =IF(G11<$K$7,$K$6,IF(G11<$L$7,$L$6,$M$6)) -> B
A12: 02.03 | B12: 30208 | C12: DER EDIFICAÇÕES | D12: Aterro manual para regularização do terreno em argila, inclusive adensamento manual e fornecimento do material (máximo de 100m3) | E12: 12551.45 | F12: =E12/$E$30 -> 0.023895323 | G12: =G11+F12 -> 0.86869834 | H12: =IF(G12<$K$7,$K$6,IF(G12<$L$7,$L$6,$M$6)) -> B
A13: 03.05 | B13: COMP. 06 | C13: DER - RODOVIAS | D13: RETROESCAVADEIRA | E13: 11459.2 | F13: =E13/$E$30 -> 0.021815909 | G13: =G12+F13 -> 0.89051425 | H13: =IF(G13<$K$7,$K$6,IF(G13<$L$7,$L$6,$M$6)) -> B
A14: 03.02 | B14: COMP. 03 | C14: DER EDIFICAÇÕES | D14: Equipe de apoio nas atividadades de carga, transporte e posicionamento do material no trecho de pavimentação | E14: 8990 | F14: =E14/$E$30 -> 0.017115071 | G14: =G13+F14 -> 0.90762932 | H14: =IF(G14<$K$7,$K$6,IF(G14<$L$7,$L$6,$M$6)) -> B
A15: 02.05 | B15: 40754 | C15: DER - RODOVIAS | D15: Regularização e compactação do sub-leito (100% P.I.) H = 0,20 m | E15: 7557 | F15: =E15/$E$30 -> 0.01438694 | G15: =G14+F15 -> 0.92201626 | H15: =IF(G15<$K$7,$K$6,IF(G15<$L$7,$L$6,$M$6)) -> B
A16: 01.08 | B16: 7010100210 | C16: CESAN | D16: BANHEIRO QUIMICO | E16: 7550.64 | F16: =E16/$E$30 -> 0.014374832 | G16: =G15+F16 -> 0.93639109 | H16: =IF(G16<$K$7,$K$6,IF(G16<$L$7,$L$6,$M$6)) -> B
A17: 03.01 | B17: COMP. 05 | C17: DER - RODOVIAS | D17: CAMINHÃO BASCULANTE | E17: 6349.75 | F17: =E17/$E$30 -> 0.01208859 | G17: =G16+F17 -> 0.94847968 | H17: =IF(G17<$K$7,$K$6,IF(G17<$L$7,$L$6,$M$6)) -> B
A18: 03.04 | B18: 41544 | C18: DER - RODOVIAS | D18: Mobilização e desmobilização de equipamentos com carreta prancha (máximo) | E18: 6099.92 | F18: =E18/$E$30 -> 0.011612966 | G18: =G17+F18 -> 0.96009264 | H18: =IF(G18<$K$7,$K$6,IF(G18<$L$7,$L$6,$M$6)) -> C
A19: 04.03 | B19: 41176 | C19: DER - RODOVIAS | D19: Berço em brita para BSTC diam. = 0,80 m em Vias Urbanas | E19: 4055.52 | F19: =E19/$E$30 -> 0.0077208578 | G19: =G18+F19 -> 0.9678135 | H19: =IF(G19<$K$7,$K$6,IF(G19<$L$7,$L$6,$M$6)) -> C
A20: 01.03 | B20: 42046 | C20: DER RODOVIAS | D20: Cones para sinalização, fornecimento e colocação | E20: 3369.8 | F20: =E20/$E$30 -> 0.006415391 | G20: =G19+F20 -> 0.97422889 | H20: =IF(G20<$K$7,$K$6,IF(G20<$L$7,$L$6,$M$6)) -> C
A21: 01.06 | B21: 020356 | C21: DER EDIFICAÇÕES | D21: Aluguel mensal container para almoxarifado, incl. porta, 2 janelas, 1 pt iluminação, Isolamento térmico (teto), piso em comp. Naval pintado, cert. NR18, incl. laudo descontaminação. | E21: 2964.03 | F21: =E21/$E$30 -> 0.0056428902 | G21: =G20+F21 -> 0.97987178 | H21: =IF(G21<$K$7,$K$6,IF(G21<$L$7,$L$6,$M$6)) -> C
A22: 01.01 | B22: 20305 | C22: DER EDIFICAÇÕES | D22: Placa de obra nas dimensões de 2.0 x 4.0 m, padrão DER | E22: 2436.64 | F22: =E22/$E$30 -> 0.0046388505 | G22: =G21+F22 -> 0.98451063 | H22: =IF(G22<$K$7,$K$6,IF(G22<$L$7,$L$6,$M$6)) -> C
A23: 01.07 | B23: 020344 | C23: DER EDIFICAÇÕES | D23: Mobilização e desmobilização de conteiner locado para barracão de obra | E23: 2119.39 | F23: =E23/$E$30 -> 0.0040348732 | G23: =G22+F23 -> 0.98854551 | H23: =IF(G23<$K$7,$K$6,IF(G23<$L$7,$L$6,$M$6)) -> C
A24: 01.02 | B24: 10512 | C24: DER EDIFICAÇÕES | D24: Equipe topográfica para serviços simples de locação e nivelamento (incluindo equipamento, transporte e profissionais nivel médio) | E24: 1376.82 | F24: =E24/$E$30 -> 0.0026211759 | G24: =G23+F24 -> 0.99116668 | H24: =IF(G24<$K$7,$K$6,IF(G24<$L$7,$L$6,$M$6)) -> C
A25: 01.05 | B25: 41359 | C25: DER RODOVIAS | D25: Tela de proteção de segurança de PVC cor laranja com suporte para sinalização de obras | E25: 1355.6 | F25: =E25/$E$30 -> 0.0025807775 | G25: =G24+F25 -> 0.99374746 | H25: =IF(G25<$K$7,$K$6,IF(G25<$L$7,$L$6,$M$6)) -> C
A26: 04.01 | B26: 30103 | C26: DER EDIFICAÇÕES | D26: Escavação mecânica em material de 1a. Categoria | E26: 1268.01 | F26: =E26/$E$30 -> 0.0024140246 | G26: =G25+F26 -> 0.99616148 | H26: =IF(G26<$K$7,$K$6,IF(G26<$L$7,$L$6,$M$6)) -> C
A27: 03.03 | B27: 41546 | C27: DER - RODOVIAS | D27: Mobilização e desmobilização de caminhão basculante (máximo) | E27: 950.48 | F27: =E27/$E$30 -> 0.0018095142 | G27: =G26+F27 -> 0.997971 | H27: =IF(G27<$K$7,$K$6,IF(G27<$L$7,$L$6,$M$6)) -> C
A28: 05.01 | B28: 200576 | C28: DER EDIFICAÇÕES | D28: Placa para inauguração de obra em alumínio polido e=4mm, dimensões 40 x 50 cm, gravação em baixo relevo, inclusive pintura e fixação | E28: 802.61 | F28: =E28/$E$30 -> 0.0015280008 | G28: =G27+F28 -> 0.999499 | H28: =IF(G28<$K$7,$K$6,IF(G28<$L$7,$L$6,$M$6)) -> C
A29: 01.04 | B29: 42047 | C29: DER RODOVIAS | D29: Elementos de madeira para sinalização - cavaletes | E29: 263.16 | F29: =E29/$E$30 -> 0.00050100134 | G29: =G28+F29 -> 1 | H29: =IF(G29<$K$7,$K$6,IF(G29<$L$7,$L$6,$M$6)) -> C
D30: VALOR GERAL DA OBRA TOTAL | E30: ='Planilha Alto caldeirão (bergu)'!I44 -> 525268.06
D32: __________________________________________________________
D33: ADAUBERTO DO MEIRELES JUNIOR
D34: CREA-ES: 54574/D

Sheet COMP.01
A1: Planilha: 1 - TABELA CUSTOS LABOR/CT-UFES PADRÃO DER-ES MARÇO/2023(LS=157,27; BDI=0%)
A3: Item: 200202 - Meio-fio de concreto pré-moldado com dimensões de 15x12x30x100 cm , rejuntados com argamassa de cimento e areia no traço 1:3 | H3: Unidade: m
A4: Base: LABOR | C4: Código Base: '200202 | E4: Fonte: LABOR | H4: Versão: 1
A6: MÃO DE OBRA | B6: Unid | C6: Código | D6: Coefic. | E6: C. Prod. | F6: Pr. Prod. | G6: Pr. Improd. | H6: Pr. Unit. | I6: Fator Ac. | J6: Subtotal
A7: CALCETEIRO/PINTOR (OFICIAL - SINDUSCON) (LABOR) | B7: H | C7: '010108 | D7: 0.5 | E7: 1 | F7: 8.3 | G7: 0 | H7: 21.35 | I7: - | J7: 10.675
A8: SERVENTE (AUXILIAR DE OBRAS - SINDUSCON) (LABOR) | B8: H | C8: '010146 | D8: 1.0041 | E8: 1 | F8: 6.16 | G8: 0 | H8: 15.85 | I8: - | J8: 15.915
A9: SubTotal: | J9: =SUM(J7:J8) -> 26.59
A11: MATERIAL | B11: Unid | C11: Código | D11: Coefic. | E11: C. Prod. | F11: Pr. Prod. | G11: Pr. Improd. | H11: Pr. Unit. | I11: Fator Ac. | J11: Subtotal
A12: AREIA LAVADA MEDIA (LABOR) | B12: M3 | C12: '020503 | D12: 0.0078 | E12: 1 | F12: 146.22 | G12: 0 | H12: 146.22 | I12: - | J12: 1.141
A13: CIMENTO PORTLAND CP III - 40 (LABOR) | B13: KG | C13: '020508 | D13: 2.3887 | E13: 1 | F13: 0.6 | G13: 0 | H13: 0.6 | I13: - | J13: 1.433
A15: SubTotal: | J15: =SUM(J12:J14) -> 2.574
A17: RESUMO
A18: DISCRIMINAÇÃO | D18: TAXA(%) | E18: VALORES
A19: Mão-de-Obra(A) | D19: 157.27 | E19: 26.59
A20: Materiais(B) | E20: 2.57
A21: Equipamentos(C) | E21: 0
A22: Produção da Equipe(D) | E22: 1
A23: Custo Horário Total(A+C) | E23: 26.59
A24: Custo Unitário da Execução[(A/D)+(C/D)] = E
A25: Custo Direto Total(B+E) | E25: =E20+E23 -> 29.16
A26: Bonificações e Despesas Indiretas - BDI | D26: 0 | E26: 0
A27: CUSTO UNITÁRIO (Adotado) | E27: =E25 -> 29.16

Sheet COMP.02
A1: Planilha: 1 - TABELA CUSTOS LABOR/CT-UFES PADRÃO DER-ES MARÇO/2023(LS=157,27; BDI=0%)
A3: Item: 200206 - Blocos pré-moldados de concreto tipo pavi-s ou equivalente, espessura 10 cm e resistência a compressão mínima de 35MPa, assentados sobre colchão de pó de pedra na espessura de 10 cm | H3: Unidade: m2
A4: Base: LABOR | C4: Código Base: '200214 | E4: Fonte: LABOR | H4: Versão: 2
A6: MÃO DE OBRA | B6: Unid | C6: Código | D6: Coefic. | E6: C. Prod. | F6: Pr. Prod. | G6: Pr. Improd. | H6: Pr. Unit. | I6: Fator Ac. | J6: Subtotal
A7: CALCETEIRO/PINTOR (OFICIAL - SINDUSCON) (LABOR) | B7: H | C7: '010108 | D7: 0.2632 | E7: 1 | F7: 8.84 | G7: 0 | H7: 22.74 | I7: - | J7: 5.985
A8: SERVENTE (AUXILIAR DE OBRAS - SINDUSCON) (LABOR) | B8: H | C8: '010146 | D8: 0.2632 | E8: 1 | F8: 6.56 | G8: 0 | H8: 16.88 | I8: - | J8: =ROUND(H8*D8,2) -> 4.44
A9: SubTotal: | J9: =SUM(J7:J8) -> 10.425
A11: MATERIAL | B11: Unid | C11: Código | D11: Coefic. | E11: C. Prod. | F11: Pr. Prod. | G11: Pr. Improd. | H11: Pr. Unit. | I11: Fator Ac. | J11: Subtotal
A12: PO DE PEDRA (LABOR) | B12: M3 | C12: '020524 | D12: 0.1136 | E12: 1 | F12: 121.25 | G12: 0 | H12: =F12 -> 121.25 | I12: - | J12: =ROUND(H12*D12,3) -> 13.774
A13: DISCO DE CORTE DIAMANTADO SEGMENTADO PARA CONCRETO, DIAMETRO DE 350 MM, FURO DE 1 " (14 X 1 ") (LABOR) | B13: un | C13: 028183 | D13: 8.7e-06 | E13: 1 | F13: 391.54 | G13: 0 | H13: =F13 -> 391.54 | J13: =ROUND(H13*D13,3) -> 0.003
A14: GASOLINA COMUM (LABOR) | B14: L | C14: 800102 | D14: 0.01343 | E14: 1 | F14: 6.09 | H14: =F14 -> 6.09 | J14: =ROUND(H14*D14,3) -> 0.082
A15: PO DE PEDRA (LABOR) | B15: M3 | C15: '020524 | D15: 0.0098 | E15: 1 | F15: 121.25 | G15: 0 | H15: =F15 -> 121.25 | I15: - | J15: =ROUND(H15*D15,3) -> 1.188
A16: SubTotal: | J16: =SUM(J12:J15) -> 15.047
A17: EQUIPAMENTOS(C) | B17: Unid | C17: Código | D17: Coefic. | E17: C. Prod. | F17: Pr. Prod. | G17: Pr. Improd. | H17: Pr. Unit. | I17: Fator Ac. | J17: Subtotal
A18: COMPACTADOR DE SOLO TIPO PLACA VIBRATORIA REVERSIVEL, A GASOLINA, 4 TEMPOS, PESO DE 125 A 150 KG, FORCA CENTRIFUGA DE 2500 A 2800 KGF, LARG. TRABALHO DE 400 A 450 MM, FREQ VIBRACAO DE 4300 A 4500 RPM, VELOC. TRABALHO DE 15 A 20 M/MIN, POT. DE 5,5 A 6,0 HP (LABOR) | B18: und | C18: 081130 | D18: 8.3e-06 | E18: 1 | F18: 9471.95 | G18: 0 | H18: =F18 -> 9471.95 | I18: - | J18: =ROUND(H18*D18,3) -> 0.079
A19: CORTADEIRA DE PISO DE CONCRETO E ASFALTO, PARA DISCO PADRAO DE DIAMETRO 350 MM (14") OU 450 MM (18") , MOTOR A GASOLINA, POTENCIA 13 HP, SEM DISCO (LABOR) | B19: un | C19: 081128 | D19: 9.7e-06 | E19: 1 | F19: 13801.74 | G19: 0 | H19: =F19 -> 13801.74 | J19: =ROUND(H19*D19,3) -> 0.134
A20: SubTotal: | J20: =SUM(J18:J19) -> 0.213
A22: RESUMO
A23: DISCRIMINAÇÃO | D23: TAXA(%) | E23: VALORES
A24: Mão-de-Obra(A) | D24: 157.27 | E24: =J9 -> 10.425
A25: Materiais(B) | E25: =J16 -> 15.047
A26: Equipamentos(C) | E26: =J20 -> 0.213
A27: Produção da Equipe(D) | E27: 1
A28: Custo Horário Total(A+C) | E28: =E24+E26 -> 10.638
A29: Custo Unitário da Execução[(A/D)+(C/D)] = E | E29: =((E24/E27)+(E26/E27)) -> 10.638
A30: Custo Direto Total(B+E) | E30: =E25+E29 -> 25.685
A31: Bonificações e Despesas Indiretas - BDI | D31: 0 | E31: 0
A32: CUSTO UNITÁRIO (Adotado) | E32: =E30 -> 25.685

Sheet COMP.03
A1: COMP.03 | B1: Equipe de apoio nas atividadades de carga, transporte e posicionamento do material no trecho de pavimentação
A4: MÃO DE OBRA | B4: Unid. | C4: Codigo | D4: Coefic. | E4: C. Prod. | F4: Pr. Prod. | G4: Pr. Improd. | H4: Pr. Unit. | I4: Fator Ac. | J4: Subtotal
A6: AJUDANTE (AJUDANTE PRATICO - SINDUSCON) | B6: H | C6: 10101 | D6: 0.2 | E6: 1 | F6: 7.46 | G6: 0 | H6: =F6*2.5727 -> 19.192342 | I6: - | J6: =H6*D6 -> 3.8384684
A7: SERVENTE (AUXILIAR DE OBRAS - SINDUSCON) (LABOR) | B7: H | C7: 10146 | D7: 0.2 | E7: 1 | F7: 6.56 | G7: 0 | H7: =F7*2.5727 -> 16.876912 | I7: - | J7: =H7*D7 -> 3.3753824
G9: SUB - TOTAL | J9: =SUM(J6:J8) -> 7.2138508
A12: RESUMO | C12: TAXA (%) | D12: VALORES
A14: Mão-de-Obra (A) ------------------------------------------------ | C14: 1.5727 | D14: =J9 -> 7.2138508
A15: Materiais (B)------------------------------------------------------ | D15: 0
A16: Equipamentos ©------------------------------------------------- | D16: 0
A17: Produção da Equipe (D)----------------------------------------- | D17: 1
A18: Custo Horário Total (A+C)--------------------------------------- | D18: =D14+D16 -> 7.2138508
A19: Custo Unitário da Execução [ (A/D) + (C/D) ] = E------------- | D19: =((D14/D17)+(D16/D17)) -> 7.2138508
A20: Custo Direto Total (B+E)----------------------------------------- | D20: =D15+D19 -> 7.2138508
A21: Bonificação e Despesas Indiretas - BDI----------------------- | C21: 0 | D21: =D20*C21 -> 0
A22: CUSTO UNITÁRIO (Adotado)----------------------------------- | D22: =SUM(D20:D21) -> 7.2138508

Sheet COMP.04
A1: COMP.04 | B1: Corpo BSTC (greide) diâmetro 0,80 m CA-1 PB inclusive escavação, reaterro e transporte do tubo
A4: (A) EQUIPAMENTO | B4: CÓDIGO PADRÃO | C4: QUANTIDADE | D4: UT.PR | E4: UT.IMPROP. | F4: VI.HR.PROD. | G4: VI.HR.IMPR. | H4: CUSTO HORARIO
A5: Carregadeira de rodas ref. Caterpillar modelo 924H (1,9 m3) ( cab + ar ) ou equivalente | B5: 30023 | C5: 1 | D5: 0.1 | E5: 0.9 | F5: 363.98 | G5: 105.82 | H5: =(F5*D5)+(G5*E5) -> 131.636
G7: SUB - TOTAL | J7: =SUM(H5) -> 131.636
A9: (B) MÃO - DE - OBRA | B9: CÓDIGO PADRÃO | C9: EQ. SALARIAL | D9: ENCARGOS | E9: SAL/HORA | F9: CONSUMO | H9: CUSTO HORARIO
A10: Encarregado de O.A.C | B10: 20060 | C10: 2.26 | D10: 157.27 | E10: 34.93 | F10: 0.5 | H10: =F10*E10 -> 17.465
A11: Pedreiro de O.A.C. | B11: 20109 | C11: 1.24 | D11: 157.27 | E11: 19.16 | F11: 1.8 | H11: =F11*E11 -> 34.488
A12: Servente | B12: 20002 | C12: 1 | D12: 157.27 | E12: 15.45 | F12: 3 | H12: =F12*E12 -> 46.35
G14: SUB - TOTAL | J14: =SUM(H10:J12) -> 98.303
A16: (C) ITENS DE INCIDENCIA | B16: CÓDIGO PADRÃO | C16: % | D16: M. O. | E16: Equip. | F16: Mat. | H16: CUSTO
A17: Ferramentas manuais | B17: 2000 | C17: 0.05 | D17: x | H17: =C17*J14 -> 4.91515
G19: SUB - TOTAL | J19: =SUM(H17) -> 4.91515
A22: Custo Horário da Execução (A) + (B) + © | H22: =J7+J14+J19 -> 234.85415
A23: (D) Produção da Equipe | H23: 1
A24: (E) Custo Unitário da Execução [(A) + (B) + (C)] / (D) | H24: =H22/H23 -> 234.85415
A26: (F) MATERIAIS | B26: CÓDIGO PADRÃO | C26: Unid. | D26: Custo Unitário | E26: Consumo | F26: Custo Unitário
A27: Tubo de concreto armado D=0,80m CA-1 PB | B27: 10225 | C27: m | D27: 270.57 | E27: 1 | F27: =E27*D27 -> 270.57
G29: SUB - TOTAL | J29: =F27 -> 270.57
A31: (G) SERVIÇOS | B31: CÓDIGO PADRÃO | C31: Unid. | D31: Custo Unitário | E31: Consumo | F31: Custo Unitário
A32: Argamassa cimento e areia traço 1:4, tudo incluído | B32: 40348 | C32: m3 | D32: 508.79 | E32: 0.025 | F32: =E32*D32 -> 12.71975
A33: Escavação manual em mat. 1ª cat. H= 0,00 a 1, 50 m | B33: 40258 | C33: m3 | D33: 69.85 | E33: 0.16 | F33: =E33*D33 -> 11.176
A34: Escavação mecânica em material de 1ª cat. H= 0 ,00 a 1,50 m | B34: 40282 | C34: m3 | D34: 17.9 | E34: 3 | F34: =E34*D34 -> 53.7
A35: Reaterro de cavas c/ compactação mecânica ( compactador manual) | B35: 40303 | C35: m3 | D35: 46.12 | E35: 2.5 | F35: =E35*D35 -> 115.3
G37: SUB - TOTAL | J37: =SUM(F32:J35) -> 192.89575
A39: (H) ITENS DE TRANSPORTE | B39: CÓDIGO PADRÃO | C39: Unid. | D39: Formula | E39: X1 | F39: X2 | G39: X3 | H39: Custo | I39: Consumo | J39: Custo Unit.
A40: Transp. de Tubo de concreto armado D=0,80m CA-1 PB | B40: 1006 | C40: t | D40: 1,340XP + 1,394XR | E40: 100 | F40: 30 | H40: =1.34*(100)+1.394*(30) -> 175.82 | I40: 0.65 | J40: =I40*H40 -> 114.283
G42: SUB - TOTAL | J42: =J40 -> 114.283
A44: Custo Direto Total (E) + (F) + (G) + (H) | H44: =J42+J37+J29+H24 -> 812.6029
A46: Preço Unitário Total | H46: =H44+H45 -> 812.6029

Sheet COMP.05
A1: COMP.05 | B1: CAMINHÃO BASCULANTE
A4: (A) EQUIPAMENTO | B4: CÓDIGO PADRÃO | C4: QUANTIDADE | D4: UT.PR | E4: UT.IMPROP. | F4: VI.HR.PROD. | G4: VI.HR.IMPR. | H4: CUSTO HORARIO
A5: Caminhão basculante 1315C PBT=12,9t (TOCO 8,0t) | B5: 30000 | C5: 1 | D5: 1 | E5: 0 | F5: 316.75 | G5: 83.18 | H5: =(F5*D5)+(G5*E5) -> 316.75
G7: SUB - TOTAL | J7: =SUM(H5) -> 316.75
A9: (B) MÃO - DE - OBRA | B9: CÓDIGO PADRÃO | C9: EQ. SALARIAL | D9: ENCARGOS | E9: SAL/HORA | F9: CONSUMO | H9: CUSTO HORARIO
A10: MOTORISTA | B10: 20097 | C10: 2 | D10: 157.27 | E10: 30.91 | F10: 1 | H10: =F10*E10 -> 30.91
G12: SUB - TOTAL | J12: =SUM(H10:J10) -> 30.91
A14: (C) ITENS DE INCIDENCIA | B14: CÓDIGO PADRÃO | C14: % | D14: M. O. | E14: Equip. | F14: Mat. | H14: CUSTO
G17: SUB - TOTAL | J17: =SUM(H15) -> 0
A20: Custo Horário da Execução (A) + (B) + © | H20: =J7+J12+J17 -> 347.66
A21: (D) Produção da Equipe (m2) | H21: 1
A22: (E) Custo Unitário da Execução [(A) + (B) + (C)] / (D) | H22: =H20/H21 -> 347.66
A24: (F) MATERIAIS | B24: CÓDIGO PADRÃO | C24: Unid. | D24: Custo Unitário | E24: Consumo | F24: Custo Unitário
G27: SUB - TOTAL | J27: =F25 -> 0
A29: (G) SERVIÇOS | B29: CÓDIGO PADRÃO | C29: Unid. | D29: Custo Unitário | E29: Consumo | F29: Custo Unitário
G31: SUB - TOTAL
A33: (H) ITENS DE TRANSPORTE | B33: CÓDIGO PADRÃO | C33: Unid. | D33: Formula | E33: X1 | F33: X2 | G33: X3 | H33: Custo | I33: Consumo | J33: Custo Unit.
G35: SUB - TOTAL | J35: 0
A37: Custo Direto Total (E) + (F) + (G) + (H) | H37: =J35+J31+J27+H22 -> 347.66
A39: Preço Unitário Total | H39: =H37+H38 -> 347.66

Sheet COMP.06
A1: COMP.06 | B1: RETROESCAVADEIRA
A4: (A) EQUIPAMENTO | B4: CÓDIGO PADRÃO | C4: QUANTIDADE | D4: UT.PR | E4: UT.IMPROP. | F4: VI.HR.PROD. | G4: VI.HR.IMPR. | H4: CUSTO HORARIO
A5: Retroescavadeira MF 86 TM (MASSEY FERGUSSON) ou equivalente | B5: 30029 | C5: 1 | D5: 1 | E5: 0 | F5: 205.83 | G5: 75.22 | H5: =(F5*D5)+(G5*E5) -> 205.83
G7: SUB - TOTAL | J7: =SUM(H5) -> 205.83
A9: (B) MÃO - DE - OBRA | B9: CÓDIGO PADRÃO | C9: EQ. SALARIAL | D9: ENCARGOS | E9: SAL/HORA | F9: CONSUMO | H9: CUSTO HORARIO
A10: OPERADOR DE MÁQUINA | B10: 20103 | C10: 2 | D10: 157.27 | E10: 23.96 | F10: 1 | H10: =F10*E10 -> 23.96
G12: SUB - TOTAL | J12: =SUM(H10:J10) -> 23.96
A14: (C) ITENS DE INCIDENCIA | B14: CÓDIGO PADRÃO | C14: % | D14: M. O. | E14: Equip. | F14: Mat. | H14: CUSTO
G17: SUB - TOTAL | J17: =SUM(H15) -> 0
A20: Custo Horário da Execução (A) + (B) + © | H20: =J7+J12+J17 -> 229.79
A21: (D) Produção da Equipe (m2) | H21: 1
A22: (E) Custo Unitário da Execução [(A) + (B) + (C)] / (D) | H22: =H20/H21 -> 229.79
A24: (F) MATERIAIS | B24: CÓDIGO PADRÃO | C24: Unid. | D24: Custo Unitário | E24: Consumo | F24: Custo Unitário
G27: SUB - TOTAL | J27: =F25 -> 0
A29: (G) SERVIÇOS | B29: CÓDIGO PADRÃO | C29: Unid. | D29: Custo Unitário | E29: Consumo | F29: Custo Unitário
G31: SUB - TOTAL
A33: (H) ITENS DE TRANSPORTE | B33: CÓDIGO PADRÃO | C33: Unid. | D33: Formula | E33: X1 | F33: X2 | G33: X3 | H33: Custo | I33: Consumo | J33: Custo Unit.
G35: SUB - TOTAL | J35: 0
A37: Custo Direto Total (E) + (F) + (G) + (H) | H37: =J35+J31+J27+H22 -> 229.79
A39: Preço Unitário Total | H39: =H37+H38 -> 229.79

Sheet COMP.07
B2: CODIGO DA COMPOSICAO | C2: DESCRICAO DA COMPOSICAO | D2: UNIDADE | E2: ORIGEM DE PREÇO | F2: CUSTO TOTAL | G2: TIPO ITEM | H2: CODIGO ITEM | I2: DESCRIÇÃO ITEM | J2: UNIDADE ITEM | K2: ORIGEM DE PREÇO ITEM | L2: COEFICIENTE | M2: PRECO UNITARIO | N2: CUSTO TOTAL
B3: 102498 | C3: PINTURA DE MEIO-FIO COM TINTA BRANCA A BASE DE CAL (CAIAÇÃO). AF_05/2021 | D3: M | E3: COEFICIENTE DE REPRESENTATIVIDADE | F3: 1.58
E4: COEFICIENTE DE REPRESENTATIVIDADE | G4: INSUMO | H4: 11161 | I4: CAL HIDRATADA PARA PINTURA | J4: KG | K4: COEFICIENTE DE REPRESENTATIVIDADE | L4: 0.106 | M4: 1.9 | N4: 0.2
E5: COEFICIENTE DE REPRESENTATIVIDADE | G5: COMPOSICAO | H5: 88310 | I5: PINTOR COM ENCARGOS COMPLEMENTARES | J5: H | K5: COLETADO | L5: 0.037 | M5: 29.2 | N5: 1.08
E6: COEFICIENTE DE REPRESENTATIVIDADE | G6: COMPOSICAO | H6: 88316 | I6: SERVENTE COM ENCARGOS COMPLEMENTARES | J6: H | K6: COLETADO | L6: 0.016 | M6: 19.26 | N6: 0.3
M7: CUSTO TOTAL | N7: =SUM(N3:N6) -> 1.58
D8: M2 | E8: COLETADO | F8: 14,23 | G8: INSUMO | H8: 7356 | I8: TINTA LATEX ACRILICA PREMIUM, COR BRANCO FOSCO | J8: L | K8: COLETADO | L8: 0.2285 | M8: 26.98 | N8: 6.16

Sheet DET-BDI
A1: PREFEITURA DE SANTA TERESA-ES
A4: Obra: | B4: =[2]PREÇO!C2 -> PAVIMENTAÇÃO DE DIVERSAS RUAS EM SANTA TERESA
A5: DETALHAMENTO BDI
A7: Regime de Contribuição Previdenciária
B9: Sem Desoneração
A11: Incidências sobre o custo
B13: Administração Central - A | C13: 4.01 | D13: %
B14: Administração Local- B | C14: 0 | D14: %
B15: Custos Financeiros - D | C15: 1.11 | D15: %
B16: Riscos, Garantias e Seguros - E | C16: 0.96 | D16: %
B17: Lucro - F | C17: 7.3 | D17: %
A19: Incidências sobre o preço de venda
B21: Impostos/ Tributos- C | C21: =C22+C23+C24+C25 -> 8.65 | D21: %
B22: ISS | C22: 5 | D22: %
B23: COFINS | C23: 3 | D23: %
B24: PIS | C24: 0.65 | D24: %
B25: INSS | C25: =IF(B9="Com Desoneração",4.5,0) -> 0 | D25: %
A27: Demonstrativo de cálculo do BDI
A29: BDI = | B29: (1+(A+E))*(1+D)*(1+F)) -1 = | C29: =ROUND((((1+($C$13/100)+($C$16/100))*(1+($C$15/100))*(1+($C$17/100)))/(1-$C$21/100)-1),4) -> 0.2467
B30: ( 1- C )
B33: __________________________________________________________
B34: ADAUBERTO DO MEIRELES JUNIOR
B35: CREA-ES: 54574/D

Sheet TRP 03.2024
I1: GOVERNO DO ESTADO DO ESPÍRITO SANTO
I2: Secretaria de Estado de Mobilidade e Infraestrutura - SEMOBI
I3: Departamento de Edificações e de Rodovias do Estado do Espírito Santo - DER-ES
I4: Planilha Orçamentária
I6: Orçamento: 1449901 - TABELA CUSTOS LABOR/CT-UFES PADRÃO DER-ES MARÇO/2024(LS=157,27; BDI=0%) | Q6: Leis Sociais: 157,27
I7: Orgão Cliente: DEPARTAMENTO DE EDIFICAÇÕES E DE RODOVIAS DO ESTADO DO ESPÍRITO SANTO | Q7: BDI: 0
I9: Planilha: TABELA CUSTOS LABOR/CT-UFES PADRÃO DER-ES MARÇO/2024(LS=157,27; BDI=0%) | Q9: Data Base: Março/2024
I10: Local:
B12: Fonte/Código | C12: Especificação do Serviço | D12: Und. | E12: Quant. | F12: Preço Unitário | G12: Preço Total
A13: 1 | C13: SERVIÇOS PRELIMINARES
A14: 102 | C14: DEMOLIÇÕES E RETIRADAS
A15: 10201 | B15: LABOR - 010201 - 1 | C15: Demolição de piso cimentado inclusive lastro de concreto | D15: m2 | E15: 1 | F15: 24.9 | G15: 24.9
A16: 10202 | B16: LABOR - 010202 - 1 | C16: Demolição de piso revestido com cerâmica | D16: m2 | E16: 1 | F16: 13.41 | G16: 13.41
A17: 10203 | B17: LABOR - 010203 - 1 | C17: Demolição de piso revestido com cerâmica inclusive lastro de concreto | D17: m2 | E17: 1 | F17: 26.82 | G17: 26.82
A18: 10204 | B18: LABOR - 010204 - 1 | C18: Demolição de piso revestido com tacos de madeira | D18: m2 | E18: 1 | F18: 19.15 | G18: 19.15
A19: 10205 | B19: LABOR - 010205 - 1 | C19: Demolição de piso de tábuas | D19: m2 | E19: 1 | F19: 17.24 | G19: 17.24
A20: 10206 | B20: LABOR - 010206 - 1 | C20: Demolição de revestimento com azulejos | D20: m2 | E20: 1 | F20: 47.89 | G20: 47.89
A21: 10207 | B21: LABOR - 010207 - 1 | C21: Demolição de revestimento com lambris de madeira | D21: m2 | E21: 1 | F21: 47.89 | G21: 47.89
A22: 10208 | B22: LABOR - 010208 - 1 | C22: Retirada de revestimento antigo em reboco | D22: m2 | E22: 1 | F22: 9.58 | G22: 9.58
A23: 10209 | B23: LABOR - 010209 - 1 | C23: Demolição de alvenaria | D23: m3 | E23: 1 | F23: 57.46 | G23: 57.46
A24: 10210 | B24: LABOR - 010210 - 1 | C24: Demolição manual de concreto simples (EMOP 05.001.001) | D24: m3 | E24: 1 | F24: 270.08 | G24: 270.08
A25: 10212 | B25: LABOR - 010212 - 1 | C25: Retirada manual de pavimento em paralelepípedos, incluindo empilhamento para reaproveitamento | D25: m2 | E25: 1 | F25: 11.49 | G25: 11.49
A26: 10213 | B26: LABOR - 010213 - 1 | C26: Retirada manual de blocos pré-moldados de concreto (Blokret), inclusive empilhamento para reaproveitamento | D26: m2 | E26: 1 | F26: 13.41 | G26: 13.41
... A60: 10292 | B60: LABOR - 010292 - 1 | C60: Retirada de alizar de madeira | D60: m | E60: 1 | F60: 0.59 | G60: 0.59
A61: 103 | C61: DEMOLIÇÕES E RETIRADAS
A62: 10315 | B62: LABOR - 010315 - 1 | C62: Retirada de cobertura em telhas Canalete 49 | D62: m2 | E62: 1 | F62: 10.94 | G62: 10.94
A63: 10317 | B63: LABOR - 010317 - 1 | C63: Demolição de alvenaria, com reaproveitamento | D63: m2 | E63: 1 | F63: 114.92 | G63: 114.92
A64: 10318 | B64: LABOR - 010318 - 1 | C64: Remoção de forro em eucatex, sem aproveitamento do material | D64: m2 | E64: 1 | F64: 13.43 | G64: 13.43
A65: 10319 | B65: LABOR - 010319 - 1 | C65: Remoção de pintura antiga a base de óleo ou esmalte sobre esquadrias | D65: m2 | E65: 1 | F65: 18.91 | G65: 18.91
A66: 10320 | B66: LABOR - 010320 - 1 | C66: Remoção de revestimento de pisos com forração textil | D66: m2 | E66: 1 | F66: 1.92 | G66: 1.92
A67: 10323 | B67: LABOR - 010323 - 1 | C67: Retirada de torneiras e registros | D67: und | E67: 1 | F67: 10.48 | G67: 10.48
A68: 10324 | B68: LABOR - 010324 - 1 | C68: Retirada de cobertura em telha canalete 90 | D68: m2 | E68: 1 | F68: 8.42 | G68: 8.42
A69: 10325 | B69: LABOR - 010325 - 1 | C69: Demolição de estrutura de madeira para telhado | D69: m2 | E69: 1 | F69: 27.9 | G69: 27.9
A70: 10326 | B70: LABOR - 010326 - 1 | C70: Retirada de estrutura em madeira do telhado | D70: m2 | E70: 1 | F70: 27.9 | G70: 27.9
A71: 10327 | B71: LABOR - 010327 - 1 | C71: Retirada de marco de madeira | D71: m | E71: 1 | F71: 2.38 | G71: 2.38
A72: 10329 | B72: LABOR - 010329 - 1 | C72: Retirada de disjuntor | D72: und | E72: 1 | F72: 19.57 | G72: 19.57
A73: 10331 | B73: LABOR - 010331 - 1 | C73: Demolição de piso, soleira, peitoris e escadas em mármore ou granito, exclusive regularização | D73: m2 | E73: 1 | F73: 10.26 | G73: 10.26
... A75: 10333 | B75: LABOR - 010333 - 1 | C75: Retirada de piso de borracha | D75: m2 | E75: 1 | F75: 7.96 | G75: 7.96
A76: 104 | C76: LIMPEZA DO TERRENO
A77: 10401 | B77: LABOR - 010401 - 1 | C77: Corte de capoeira fina, a foice (manual) | D77: m2 | E77: 1 | F77: 1.31 | G77: 1.31
A78: 10402 | B78: LABOR - 010402 - 1 | C78: Raspagem e limpeza do terreno (manual) | D78: m2 | E78: 1 | F78: 4.22 | G78: 4.22
A79: 10403 | B79: LABOR - 010403 - 1 | C79: Corte e destocamento de árvores com diâmetro de até 15 cm | D79: und | E79: 1 | F79: 50.64 | G79: 50.64
A80: 10404 | B80: LABOR - 010404 - 1 | C80: Corte e destocamento de árvores com diâmetro superior a 30 cm | D80: und | E80: 1 | F80: 125.93 | G80: 125.93
A81: 105 | C81: LOCAÇÃO
A82: 10501 | B82: LABOR - 010501 - 2 | C82: Locação de obra com gabarito de madeira | D82: m2 | E82: 1 | F82: 10.53 | G82: 10.53
A83: 10512 | B83: LABOR - 010512 - 2 | C83: Equipe topográfica para serviços simples de locação e nivelamento (incluindo equipamento, transporte e profissionais nivel médio) | D83: mês | E83: 1 | F83: 21936.54 | G83: 21936.54
A84: 2 | C84: INSTALAÇÃO DO CANTEIRO DE OBRAS
A85: 203 | C85: TAPUMES, BARRACÕES E COBERTURAS
A86: 20305 | B86: LABOR - 020305 - 3 | C86: Placa de obra nas dimensões de 2.0 x 4.0 m, padrão DER | D86: m2 | E86: 1 | F86: 329.94 | G86: 329.94
A87: 20339 | B87: LABOR - 020339 - 1 | C87: Locação de andaime metálico para trabalho em fachada de edifíco (aluguel de 1 m² por 1 mês) inclusive frete, montagem e desmontagem | D87: m2 | E87: 1 | F87: 21.45 | G87: 21.45
A88: 20343 | B88: LABOR - 020343 - 3 | C88: Aluguel mensal container para escritório, sem banheiro, dim. 6.00x2.40m, incl. porta, 2 janelas, abert p/ ar cond., 2 pt iluminação, 2 tomadas elét. e 1 tomada telef. Isolamento térmico (teto e paredes), piso em comp. Naval, cert. NR18, incl. laudo descontaminação. | D88: mês | E88: 1 | F88: 1081.75 | G88: 1081.75
A89: 20344 | B89: LABOR - 020344 - 2 | C89: Mobilização e desmobilização de conteiner locado para barracão de obra | D89: und | E89: 1 | F89: 1833.5 | G89: 1833.5
A90: 20346 | B90: LABOR - 020346 - 1 | C90: Locação de andaime metálico para fachada - tipo torre (aluguel mensal) | D90: m | E90: 1 | F90: 14.92 | G90: 14.92
A91: 20348 | B91: LABOR - 020348 - 3 | C91: Fornecimento e instalação de proteção para andaime fachadeiro considerando plataforma, rodapé e guarda-corpo em madeira, inclusive entelamento, conforme NR-18 (medido por m2 de fachada) | D91: m2 | E91: 1 | F91: 26.29 | G91: 26.29
A92: 20350 | B92: LABOR - 020350 - 4 | C92: Tapume Telha Metálica Ondulada em aço galvalume 0,50mm Branca h=2,20m, incl. montagem estr. mad. 8"x8", c/adesivo "DER-ES" 60x60cm a cada 10m, incl. faixas pint. esmalte sint. cores azul c/ h=30cm e rosa c/ h=10cm (Reaproveitamento 2x) | D92: m | E92: 1 | F92: 137.3 | G92: 137.3
A93: 20351 | B93: LABOR - 020351 - 2 | C93: Tapume madeira compensada resinada e= 12mm h=2,20m, estr. c/ mad reflorest., incl mont, pintura esmalte sint, adesivo "DER-ES" 60x60cm a cada 10m e faixas c/ pintura esmalte sintético nas cores azul c/ h=30cm e rosa c/ h=10cm | D93: m | E93: 1 | F93: 255.43 | G93: 255.43
A94: 20352 | B94: LABOR - 020352 - 1 | C94: Aluguel mensal container para escritório, dim. 6.00x2.40m, c/ banheiro (vaso+lavat+chuveiro e básc), incl. porta, 2 janelas, abert p/ ar cond., 2 pt iluminação, 2 tom. elét. e 1 tom.telef. Isolam.térmico(teto e paredes), piso em comp. Naval, cert. NR18, incl. laudo descontaminação. | D94: ms | E94: 1 | F94: 1156.75 | G94: 1156.75
A95: 20353 | B95: LABOR - 020353 - 1 | C95: Aluguel mensal container para refeitorio, incl. porta, 2 janelas, abert p/ ar cond., 2 pt iluminação, 2 tomadas elét. e 1 tomada telef. Isolamento térmico (paredes e teto), piso em comp. Naval pintado, cert. NR18, incl. laudo descontaminação. | D95: ms | E95: 1 | F95: 1156.75 | G95: 1156.75
A96: 20354 | B96: LABOR - 020354 - 1 | C96: Aluguel mensal container para vestiário, incl. porta, venezianas de circulação, 1 pt iluminação, Isolamento térmico (teto), piso em comp. Naval pintado, cert. NR18, incl. laudo descontaminação. | D96: ms | E96: 1 | F96: 764.25 | G96: 764.25
A97: 20355 | B97: LABOR - 020355 - 1 | C97: Aluguel mensal container sanitário, incl porta, básc, 2 ptos luz, 1 pto aterram., 3vasos, 3lavatórios, calha mictório, 6 chuveiros (1 eletrico), torn.,registros, piso comp. Naval pintado, cert NR18 e laudo descontaminação | D97: ms | E97: 1 | F97: 1181.75 | G97: 1181.75
A98: 20356 | B98: LABOR - 020356 - 1 | C98: Aluguel mensal container para almoxarifado, incl. porta, 2 janelas, 1 pt iluminação, Isolamento térmico (teto), piso em comp. Naval pintado, cert. NR18, incl. laudo descontaminação. | D98: ms | E98: 1 | F98: 759 | G98: 759
A99: 207 | C99: INSTALAÇÃO DO CANTEIRO DE OBRAS (UTILIZAÇÃO 1 VEZ), PROJETO PADRÃO LABOR - NR.18 (OBRAS COM PRAZO DE EXECUÇÃO SUPERIOR A 12 MESES)
A100: 20701 | B100: LABOR - 020701 - 6 | C100: Barracão para escritório com sanitário área de 14.50 m2, de chapa de compens. 12mm e pontalete 8x8cm, piso cimentado e cobertura de telha de fibroc. 6mm, incl. ponto de luz e cx. de inspeção, conf. projeto (1 utilização) | D100: m2 | E100: 1 | F100: 838.15 | G100: 838.15
A101: 20702 | B101: LABOR - 020702 - 2 | C101: Barracão para almoxarifado área de 10.90m2, de chapa de compensado de 12mm e pontalete 8x8cm, piso cimentado e cobertura de telhas de fibrocimento de 6mm, incl. ponto de luz, conf. projeto (1 utilização) | D101: m2 | E101: 1 | F101: 611.78 | G101: 611.78
A102: 20703 | B102: LABOR - 020703 - 2 | C102: Barracão para depósito de cimento área de 10.90m2, de chapa de compensado 12mm e pontaletes 8x8cm, piso cimentado e cobertura de telhas de fibrocimento de 6mm, inclusive ponto de luz, conf. projeto (1 utilização) | D102: m2 | E102: 1 | F102: 535.42 | G102: 535.42
A103: 20704 | B103: LABOR - 020704 - 4 | C103: Refeitório com paredes de chapa de compens. 12mm e pontaletes 8x8cm, piso ciment. e cob. de telhas fibroc. 6mm, incl. ponto de luz e cx. de inspeção (cons. 1.21 m2/func./turno), conf. projeto (1 utilização) | D103: m2 | E103: 1 | F103: 476.75 | G103: 476.75
A104: 20705 | B104: LABOR - 020705 - 6 | C104: Unidade de sanitário e vestiário p/ até 20 func. área de 18.15m2, paredes de chapa compens. 12mm e pontalete 8x8cm, piso cimentado, cobert. telha fibroc. 6mm, incl. instalação de luz e cx. de inspeção, conf. projeto (1 utilização) | D104: und | E104: 1 | F104: 15916.09 | G104: 15916.09
A105: 20706 | B105: LABOR - 020706 - 6 | C105: Unidade de sanitário e vestiário de 20 a 40 func. área 25.40m2, paredes de chapa compens. 12mm e pontalete 8x8cm, piso cimentado, cobert. telha fibroc. 6mm, incl. inst. de luz e cx. de inspeção, conf. projeto (1 utilização) | D105: und | E105: 1 | F105: 23896.58 | G105: 23896.58
A106: 20707 | B106: LABOR - 020707 - 6 | C106: Unidade de sanitário e vestiário de 40 a 60 func. área 33.90m2, paredes de chapa compens. 12mm e pontalete 8x8cm, piso cimentado, cobert. telha fibroc. 6mm, incl. inst. de luz e cx. de inspeção, conf. projeto (1 utilização) | D106: und | E106: 1 | F106: 29425.15 | G106: 29425.15
A107: 20708 | B107: LABOR - 020708 - 2 | C107: Galpão para serraria e carpintaria área 12.00m2, em peça de madeira 8x8cm e contraventamento de 5x7cm, cobertura de telha de fibroc. de 6mm, inclusive ponto e cabo de alimentação da máquina, conf. projeto (1 utilização) | D107: m2 | E107: 1 | F107: 211.21 | G107: 211.21
A108: 20709 | B108: LABOR - 020709 - 2 | C108: Galpão para corte e armação com área de 6.00m2, em peças de madeira 8x8cm e contraventamento de 5x7cm, cobertura de telhas de fibroc. de 6mm, inclusive ponto e cabo de alimentação da máquina, conf. projeto (1 utilização) | D108: m2 | E108: 1 | F108: 283.21 | G108: 283.21
A109: 20710 | B109: LABOR - 020710 - 2 | C109: Reservatório de poliestileno de 500L, incl. suporte em madeira de 7x12cm e 5x7cm, elevado de 4m, conf. projeto (1 utilização) | D109: und | E109: 1 | F109: 2079.79 | G109: 2079.79
A110: 20711 | B110: LABOR - 020711 - 2 | C110: Reservatório de poliestileno de 1000 L, incl. suporte em madeira de 7x12cm e 8x7cm, elevado de 4m, conf. projeto (1 utilização) | D110: und | E110: 1 | F110: 2403.33 | G110: 2403.33
A111: 20712 | B111: LABOR - 020712 - 1 | C111: Rede de água com padrão de entrada d'água diâm. 3/4", conf. espec. CESAN, incl. tubos e conexões para alimentação, distribuição, extravasor e limpeza, cons. o padrão a 25m, conf. projeto (1 utilização) | D111: m | E111: 1 | F111: 53.55 | G111: 53.55
... A113: 20714 | B113: LABOR - 020714 - 4 | C113: Rede de esgoto, contendo fossa e filtro, inclusive tubos e conexões de ligação entre caixas, considerando distância de 25m, conforme projeto (1 utilização) | D113: m | E113: 1 | F113: 417.1 | G113: 417.1
A114: 208 | C114: INSTALAÇÃO DO CANTEIRO DE OBRAS (UTILIZAÇÃO 2 VEZES), PROJETO PADRÃO LABOR - NR.18 (OBRAS COM PRAZO DE EXECUÇÃO DE 6 A 12 MESES)
A115: 20801 | B115: LABOR - 020801 - 6 | C115: Barracão para escritório com sanitário área 14.50m2, de chapa de compens. 12mm e pontalete 8x8cm, piso cimentado e cobertura de telha de fibroc. 6mm, incl. ponto de luz e cx. de inspeção, conf. projeto (2 utilizações) | D115: m2 | E115: 1 | F115: 638.9 | G115: 638.9
A116: 20802 | B116: LABOR - 020802 - 2 | C116: Barracão para almoxarifado área de 10.90m2, de chapa de compensado 12mm e pontaletes 8x8cm, piso cimentado e cobertura de telha de fibrocimento de 6mm, inclusive ponto de luz, conf. projeto (2 utilizações) | D116: m2 | E116: 1 | F116: 472.18 | G116: 472.18
A117: 20803 | B117: LABOR - 020803 - 2 | C117: Barracão para depósito de cimento área de 10.90m2, de chapa de compensado 12mm e pontaletes 8x8cm, piso cimentado e cobertura de telhas de fibrocimento de 6mm, inclusive ponto de luz, conf. projeto (2 utilizações) | D117: m2 | E117: 1 | F117: 415.22 | G117: 415.22
A118: 20804 | B118: LABOR - 020804 - 4 | C118: Refeitório com paredes de chapa de compens. 12mm e pontaletes 8x8cm, piso ciment. e cobert. de telhas fibroc. 6mm, incl. ponto de luz e cx. de inspeção (cons. 1.21m2/func./turno), conf. projeto (2 utilização) | D118: m2 | E118: 1 | F118: 398.67 | G118: 398.67
A119: 20805 | B119: LABOR - 020805 - 6 | C119: Unidade de sanitário e vestiário para até 20 func. área 18.15m2, paredes de chapa compens. 12mm e pontalete 8x8cm, piso cimentado, cobert. telha fibroc. 6mm, incl. inst. de luz e cx. de inspeção, conf. projeto (2 utilizações) | D119: und | E119: 1 | F119: 12536.06 | G119: 12536.06
A120: 20806 | B120: LABOR - 020806 - 6 | C120: Unidade de sanitário e vestiário de 20 a 40 func. área 25.40m2, paredes de chapa compens. 12mm e pontalete 8x8cm, piso cimentado, cobert. telha fibroc. 6mm, incl. inst. de luz e cx. de inspeção, conf. projeto (2 utilizações) | D120: und | E120: 1 | F120: 18866.09 | G120: 18866.09
A121: 20807 | B121: LABOR - 020807 - 6 | C121: Unidade de sanitário e vestiário de 40 a 60 func. área 33.90m2, paredes de chapa compens. 12mm e pontalete 8x8cm, piso cimentado, cobert. telha fibroc. 6mm, incl. inst. de luz e cx. de inspeção, conf. projeto (2 utilizações) | D121: und | E121: 1 | F121: 23398.15 | G121: 23398.15
A122: 20808 | B122: LABOR - 020808 - 2 | C122: Galpão para serraria e carpintaria área 12.00m2, em peças de madeira 8x8cm e contraventamento de 5x7cm, cobertura de telhas de fibroc. de 6mm, inclusive ponto e cabo de alimentação da máquina, conf. projeto (2 utilizações) | D122: m2 | E122: 1 | F122: 147.07 | G122: 147.07
A123: 20809 | B123: LABOR - 020809 - 2 | C123: Galpão para corte e armação com área de 6.00m2, de peças de madeira 8x8cm e contraventamento de 5x7cm, cobertura de telhas de fibroc. de 6mm, inclusive ponto e cabo de alimentação da máquina, conf. projeto (2 utilizações) | D123: m2 | E123: 1 | F123: 201.83 | G123: 201.83
A124: 20810 | B124: LABOR - 020810 - 2 | C124: Reservatório de poliestileno de 500 L, incl. suporte em madeira de 7x12cm e 5x7cm, elevado de 4m, conforme projeto (2 utilizações) | D124: und | E124: 1 | F124: 1297.06 | G124: 1297.06
A125: 20811 | B125: LABOR - 020811 - 2 | C125: Reservatório de poliestileno de 1000 L, inclusive suporte em madeira de 7x12cm e 5x7cm, elevado de 4m, conforme projeto (2 utilizações) | D125: und | E125: 1 | F125: 1483.57 | G125: 1483.57
A126: 20812 | B126: LABOR - 020812 - 1 | C126: Rede de água, com padrão de entrada d'água diâm. 3/4", conf. espec. CESAN, incl. tubos e conexões para alimentação, distribuição, extravasor e limpeza, cons. o padrão a 25m, conf. projeto (2 utilizações) | D126: m | E126: 1 | F126: 36.59 | G126: 36.59
A127: 3 | C127: MOVIMENTO DE TERRA
A128: 301 | C128: ESCAVAÇÕES
A129: 30101 | B129: LABOR - 030101 - 1 | C129: Escavação manual em material de 1a. categoria, até 1.50 m de profundidade | D129: m3 | E129: 1 | F129: 54.86 | G129: 54.86
A130: 30102 | B130: LABOR - 030102 - 1 | C130: Escavação manual em material de 2a. categoria, até 1.50 m de profundidade | D130: m3 | E130: 1 | F130: 92.84 | G130: 92.84
A131: 30103 | B131: LABOR - 030103 - 2 | C131: Escavação mecânica em material de 1a. categoria | D131: m3 | E131: 1 | F131: 16.13 | G131: 16.13
A132: 30104 | B132: LABOR - 030104 - 2 | C132: Escavação mecânica em material de 2a. categoria | D132: m3 | E132: 1 | F132: 22.55 | G132: 22.55
A133: 30119 | B133: LABOR - 030119 - 1 | C133: Apiloamento do fundo de vala com maço de 30 a 60kg | D133: m2 | E133: 1 | F133: 28.7 | G133: 28.7
A134: 302 | C134: REATERRO E COMPACTAÇÃO
A135: 30201 | B135: LABOR - 030201 - 1 | C135: Reaterro apiloado de cavas de fundação, em camadas de 20 cm | D135: m3 | E135: 1 | F135: 59.08 | G135: 59.08
A136: 30202 | B136: LABOR - 030202 - 2 | C136: Material para aterro - areia limpa (fornecimento já considerado 15% de empolamento) | D136: m3 | E136: 1 | F136: 161 | G136: 161
A137: 30203 | B137: LABOR - 030203 - 1 | C137: Lastro de brita 3 e 4, apiloado manualmente | D137: m3 | E137: 1 | F137: 237.22 | G137: 237.22
A138: 30204 | B138: LABOR - 030204 - 1 | C138: Lastro de areia | D138: m3 | E138: 1 | F138: 220.08 | G138: 220.08
...

Sheet TRP 04.2024
L1: GOVERNO DO ESTADO DO ESPÍRITO SANTO
L2: Secretaria de Estado de Mobilidade e Infraestrutura - SEMOBI
L3: Departamento de Edificações e de Rodovias do Estado do Espírito Santo - DER-ES
L4: Planilha Orçamentária
L6: Orçamento: 1459001 - TABELA CUSTOS LABOR/CT-UFES PADRÃO DER-ES ABRIL/2024(LS=157,27; BDI=0%) | S6: Leis Sociais: 157,27
L7: Orgão Cliente: DEPARTAMENTO DE EDIFICAÇÕES E DE RODOVIAS DO ESTADO DO ESPÍRITO SANTO | S7: BDI: 0
L9: Planilha: TABELA CUSTOS LABOR/CT-UFES PADRÃO DER-ES ABRIL/2024(LS=157,27; BDI=0%) | S9: Data Base: Abril/2024
L10: Local:
A12: Item | D12: Fonte/Código | E12: Especificação do Serviço | F12: Und. | G12: Quant. | H12: Preço Unitário | I12: Preço Total
A13: '01 | B13: =SUBSTITUTE(A13,"'",) -> 01 | C13: =VALUE(B13) -> 1 | E13: SERVIÇOS PRELIMINARES
A14: '0102 | B14: =SUBSTITUTE(A14,"'",) -> 0102 | C14: =VALUE(B14) -> 102 | E14: DEMOLIÇÕES E RETIRADAS
A15: '010201 | B15: =SUBSTITUTE(A15,"'",) -> 010201 | C15: =VALUE(B15) -> 10201 | D15: LABOR - 010201 - 1 | E15: Demolição de piso cimentado inclusive lastro de concreto | F15: m2 | G15: 1 | H15: 24.9 | I15: 24.9
A16: '010202 | B16: =SUBSTITUTE(A16,"'",) -> 010202 | C16: =VALUE(B16) -> 10202 | D16: LABOR - 010202 - 1 | E16: Demolição de piso revestido com cerâmica | F16: m2 | G16: 1 | H16: 13.41 | I16: 13.41
A17: '010203 | B17: =SUBSTITUTE(A17,"'",) -> 010203 | C17: =VALUE(B17) -> 10203 | D17: LABOR - 010203 - 1 | E17: Demolição de piso revestido com cerâmica inclusive lastro de concreto | F17: m2 | G17: 1 | H17: 26.82 | I17: 26.82
A18: '010204 | B18: =SUBSTITUTE(A18,"'",) -> 010204 | C18: =VALUE(B18) -> 10204 | D18: LABOR - 010204 - 1 | E18: Demolição de piso revestido com tacos de madeira | F18: m2 | G18: 1 | H18: 19.15 | I18: 19.15
A19: '010205 | B19: =SUBSTITUTE(A19,"'",) -> 010205 | C19: =VALUE(B19) -> 10205 | D19: LABOR - 010205 - 1 | E19: Demolição de piso de tábuas | F19: m2 | G19: 1 | H19: 17.24 | I19: 17.24
A20: '010206 | B20: =SUBSTITUTE(A20,"'",) -> 010206 | C20: =VALUE(B20) -> 10206 | D20: LABOR - 010206 - 1 | E20: Demolição de revestimento com azulejos | F20: m2 | G20: 1 | H20: 47.89 | I20: 47.89
A21: '010207 | B21: =SUBSTITUTE(A21,"'",) -> 010207 | C21: =VALUE(B21) -> 10207 | D21: LABOR - 010207 - 1 | E21: Demolição de revestimento com lambris de madeira | F21: m2 | G21: 1 | H21: 47.89 | I21: 47.89
A22: '010208 | B22: =SUBSTITUTE(A22,"'",) -> 010208 | C22: =VALUE(B22) -> 10208 | D22: LABOR - 010208 - 1 | E22: Retirada de revestimento antigo em reboco | F22: m2 | G22: 1 | H22: 9.58 | I22: 9.58
A23: '010209 | B23: =SUBSTITUTE(A23,"'",) -> 010209 | C23: =VALUE(B23) -> 10209 | D23: LABOR - 010209 - 1 | E23: Demolição de alvenaria | F23: m3 | G23: 1 | H23: 57.46 | I23: 57.46
A24: '010210 | B24: =SUBSTITUTE(A24,"'",) -> 010210 | C24: =VALUE(B24) -> 10210 | D24: LABOR - 010210 - 1 | E24: Demolição manual de concreto simples (EMOP 05.001.001) | F24: m3 | G24: 1 | H24: 270.08 | I24: 270.08
A25: '010212 | B25: =SUBSTITUTE(A25,"'",) -> 010212 | C25: =VALUE(B25) -> 10212 | D25: LABOR - 010212 - 1 | E25: Retirada manual de pavimento em paralelepípedos, incluindo empilhamento para reaproveitamento | F25: m2 | G25: 1 | H25: 11.49 | I25: 11.49
A26: '010213 | B26: =SUBSTITUTE(A26,"'",) -> 010213 | C26: =VALUE(B26) -> 10213 | D26: LABOR - 010213 - 1 | E26: Retirada manual de blocos pré-moldados de concreto (Blokret), inclusive empilhamento para reaproveitamento | F26: m2 | G26: 1 | H26: 13.41 | I26: 13.41
... A60: '010292 | B60: =SUBSTITUTE(A60,"'",) -> 010292 | C60: =VALUE(B60) -> 10292 | D60: LABOR - 010292 - 1 | E60: Retirada de alizar de madeira | F60: m | G60: 1 | H60: 0.59 | I60: 0.59
A61: '0103 | B61: =SUBSTITUTE(A61,"'",) -> 0103 | C61: =VALUE(B61) -> 103 | E61: DEMOLIÇÕES E RETIRADAS
A62: '010315 | B62: =SUBSTITUTE(A62,"'",) -> 010315 | C62: =VALUE(B62) -> 10315 | D62: LABOR - 010315 - 1 | E62: Retirada de cobertura em telhas Canalete 49 | F62: m2 | G62: 1 | H62: 10.94 | I62: 10.94
A63: '010317 | B63: =SUBSTITUTE(A63,"'",) -> 010317 | C63: =VALUE(B63) -> 10317 | D63: LABOR - 010317 - 1 | E63: Demolição de alvenaria, com reaproveitamento | F63: m2 | G63: 1 | H63: 114.92 | I63: 114.92
A64: '010318 | B64: =SUBSTITUTE(A64,"'",) -> 010318 | C64: =VALUE(B64) -> 10318 | D64: LABOR - 010318 - 1 | E64: Remoção de forro em eucatex, sem aproveitamento do material | F64: m2 | G64: 1 | H64: 13.43 | I64: 13.43
A65: '010319 | B65: =SUBSTITUTE(A65,"'",) -> 010319 | C65: =VALUE(B65) -> 10319 | D65: LABOR - 010319 - 1 | E65: Remoção de pintura antiga a base de óleo ou esmalte sobre esquadrias | F65: m2 | G65: 1 | H65: 18.85 | I65: 18.85
A66: '010320 | B66: =SUBSTITUTE(A66,"'",) -> 010320 | C66: =VALUE(B66) -> 10320 | D66: LABOR - 010320 - 1 | E66: Remoção de revestimento de pisos com forração textil | F66: m2 | G66: 1 | H66: 1.92 | I66: 1.92
A67: '010323 | B67: =SUBSTITUTE(A67,"'",) -> 010323 | C67: =VALUE(B67) -> 10323 | D67: LABOR - 010323 - 1 | E67: Retirada de torneiras e registros | F67: und | G67: 1 | H67: 10.48 | I67: 10.48
A68: '010324 | B68: =SUBSTITUTE(A68,"'",) -> 010324 | C68: =VALUE(B68) -> 10324 | D68: LABOR - 010324 - 1 | E68: Retirada de cobertura em telha canalete 90 | F68: m2 | G68: 1 | H68: 8.42 | I68: 8.42
A69: '010325 | B69: =SUBSTITUTE(A69,"'",) -> 010325 | C69: =VALUE(B69) -> 10325 | D69: LABOR - 010325 - 1 | E69: Demolição de estrutura de madeira para telhado | F69: m2 | G69: 1 | H69: 27.9 | I69: 27.9
A70: '010326 | B70: =SUBSTITUTE(A70,"'",) -> 010326 | C70: =VALUE(B70) -> 10326 | D70: LABOR - 010326 - 1 | E70: Retirada de estrutura em madeira do telhado | F70: m2 | G70: 1 | H70: 27.9 | I70: 27.9
A71: '010327 | B71: =SUBSTITUTE(A71,"'",) -> 010327 | C71: =VALUE(B71) -> 10327 | D71: LABOR - 010327 - 1 | E71: Retirada de marco de madeira | F71: m | G71: 1 | H71: 2.38 | I71: 2.38
A72: '010329 | B72: =SUBSTITUTE(A72,"'",) -> 010329 | C72: =VALUE(B72) -> 10329 | D72: LABOR - 010329 - 1 | E72: Retirada de disjuntor | F72: und | G72: 1 | H72: 19.57 | I72: 19.57
A73: '010331 | B73: =SUBSTITUTE(A73,"'",) -> 010331 | C73: =VALUE(B73) -> 10331 | D73: LABOR - 010331 - 1 | E73: Demolição de piso, soleira, peitoris e escadas em mármore ou granito, exclusive regularização | F73: m2 | G73: 1 | H73: 10.26 | I73: 10.26
... A75: '010333 | B75: =SUBSTITUTE(A75,"'",) -> 010333 | C75: =VALUE(B75) -> 10333 | D75: LABOR - 010333 - 1 | E75: Retirada de piso de borracha | F75: m2 | G75: 1 | H75: 7.96 | I75: 7.96
A76: '0104 | B76: =SUBSTITUTE(A76,"'",) -> 0104 | C76: =VALUE(B76) -> 104 | E76: LIMPEZA DO TERRENO
A77: '010401 | B77: =SUBSTITUTE(A77,"'",) -> 010401 | C77: =VALUE(B77) -> 10401 | D77: LABOR - 010401 - 1 | E77: Corte de capoeira fina, a foice (manual) | F77: m2 | G77: 1 | H77: 1.31 | I77: 1.31
A78: '010402 | B78: =SUBSTITUTE(A78,"'",) -> 010402 | C78: =VALUE(B78) -> 10402 | D78: LABOR - 010402 - 1 | E78: Raspagem e limpeza do terreno (manual) | F78: m2 | G78: 1 | H78: 4.22 | I78: 4.22
A79: '010403 | B79: =SUBSTITUTE(A79,"'",) -> 010403 | C79: =VALUE(B79) -> 10403 | D79: LABOR - 010403 - 1 | E79: Corte e destocamento de árvores com diâmetro de até 15 cm | F79: und | G79: 1 | H79: 50.64 | I79: 50.64
A80: '010404 | B80: =SUBSTITUTE(A80,"'",) -> 010404 | C80: =VALUE(B80) -> 10404 | D80: LABOR - 010404 - 1 | E80: Corte e destocamento de árvores com diâmetro superior a 30 cm | F80: und | G80: 1 | H80: 125.93 | I80: 125.93
A81: '0105 | B81: =SUBSTITUTE(A81,"'",) -> 0105 | C81: =VALUE(B81) -> 105 | E81: LOCAÇÃO
A82: '010501 | B82: =SUBSTITUTE(A82,"'",) -> 010501 | C82: =VALUE(B82) -> 10501 | D82: LABOR - 010501 - 2 | E82: Locação de obra com gabarito de madeira | F82: m2 | G82: 1 | H82: 10.64 | I82: 10.64
A83: '010512 | B83: =SUBSTITUTE(A83,"'",) -> 010512 | C83: =VALUE(B83) -> 10512 | D83: LABOR - 010512 - 2 | E83: Equipe topográfica para serviços simples de locação e nivelamento (incluindo equipamento, transporte e profissionais nivel médio) | F83: mês | G83: 1 | H83: 22087.47 | I83: 22087.47
A84: '02 | B84: =SUBSTITUTE(A84,"'",) -> 02 | C84: =VALUE(B84) -> 2 | E84: INSTALAÇÃO DO CANTEIRO DE OBRAS
A85: '0203 | B85: =SUBSTITUTE(A85,"'",) -> 0203 | C85: =VALUE(B85) -> 203 | E85: TAPUMES, BARRACÕES E COBERTURAS
A86: '020305 | B86: =SUBSTITUTE(A86,"'",) -> 020305 | C86: =VALUE(B86) -> 20305 | D86: LABOR - 020305 - 3 | E86: Placa de obra nas dimensões de 2.0 x 4.0 m, padrão DER | F86: m2 | G86: 1 | H86: 244.31 | I86: 244.31
A87: '020339 | B87: =SUBSTITUTE(A87,"'",) -> 020339 | C87: =VALUE(B87) -> 20339 | D87: LABOR - 020339 - 1 | E87: Locação de andaime metálico para trabalho em fachada de edifíco (aluguel de 1 m² por 1 mês) inclusive frete, montagem e desmontagem | F87: m2 | G87: 1 | H87: 21.45 | I87: 21.45
A88: '020343 | B88: =SUBSTITUTE(A88,"'",) -> 020343 | C88: =VALUE(B88) -> 20343 | D88: LABOR - 020343 - 3 | E88: Aluguel mensal container para escritório, sem banheiro, dim. 6.00x2.40m, incl. porta, 2 janelas, abert p/ ar cond., 2 pt iluminação, 2 tomadas elét. e 1 tomada telef. Isolamento térmico (teto e paredes), piso em comp. Naval, cert. NR18, incl. laudo descontaminação. | F88: mês | G88: 1 | H88: 1133.4 | I88: 1133.4
A89: '020344 | B89: =SUBSTITUTE(A89,"'",) -> 020344 | C89: =VALUE(B89) -> 20344 | D89: LABOR - 020344 - 2 | E89: Mobilização e desmobilização de conteiner locado para barracão de obra | F89: und | G89: 1 | H89: 1700 | I89: 1700
A90: '020346 | B90: =SUBSTITUTE(A90,"'",) -> 020346 | C90: =VALUE(B90) -> 20346 | D90: LABOR - 020346 - 1 | E90: Locação de andaime metálico para fachada - tipo torre (aluguel mensal) | F90: m | G90: 1 | H90: 14.92 | I90: 14.92
A91: '020348 | B91: =SUBSTITUTE(A91,"'",) -> 020348 | C91: =VALUE(B91) -> 20348 | D91: LABOR - 020348 - 3 | E91: Fornecimento e instalação de proteção para andaime fachadeiro considerando plataforma, rodapé e guarda-corpo em madeira, inclusive entelamento, conforme NR-18 (medido por m2 de fachada) | F91: m2 | G91: 1 | H91: 26.17 | I91: 26.17
A92: '020350 | B92: =SUBSTITUTE(A92,"'",) -> 020350 | C92: =VALUE(B92) -> 20350 | D92: LABOR - 020350 - 4 | E92: Tapume Telha Metálica Ondulada em aço galvalume 0,50mm Branca h=2,20m, incl. montagem estr. mad. 8"x8", c/adesivo "DER-ES" 60x60cm a cada 10m, incl. faixas pint. esmalte sint. cores azul c/ h=30cm e rosa c/ h=10cm (Reaproveitamento 2x) | F92: m | G92: 1 | H92: 136.91 | I92: 136.91
A93: '020351 | B93: =SUBSTITUTE(A93,"'",) -> 020351 | C93: =VALUE(B93) -> 20351 | D93: LABOR - 020351 - 2 | E93: Tapume madeira compensada resinada e= 12mm h=2,20m, estr. c/ mad reflorest., incl mont, pintura esmalte sint, adesivo "DER-ES" 60x60cm a cada 10m e faixas c/ pintura esmalte sintético nas cores azul c/ h=30cm e rosa c/ h=10cm | F93: m | G93: 1 | H93: 238.47 | I93: 238.47
A94: '020352 | B94: =SUBSTITUTE(A94,"'",) -> 020352 | C94: =VALUE(B94) -> 20352 | D94: LABOR - 020352 - 1 | E94: Aluguel mensal container para escritório, dim. 6.00x2.40m, c/ banheiro (vaso+lavat+chuveiro e básc), incl. porta, 2 janelas, abert p/ ar cond., 2 pt iluminação, 2 tom. elét. e 1 tom.telef. Isolam.térmico(teto e paredes), piso em comp. Naval, cert. NR18, incl. laudo descontaminação. | F94: ms | G94: 1 | H94: 1271.75 | I94: 1271.75
A95: '020353 | B95: =SUBSTITUTE(A95,"'",) -> 020353 | C95: =VALUE(B95) -> 20353 | D95: LABOR - 020353 - 1 | E95: Aluguel mensal container para refeitorio, incl. porta, 2 janelas, abert p/ ar cond., 2 pt iluminação, 2 tomadas elét. e 1 tomada telef. Isolamento térmico (paredes e teto), piso em comp. Naval pintado, cert. NR18, incl. laudo descontaminação. | F95: ms | G95: 1 | H95: 1166.67 | I95: 1166.67
A96: '020354 | B96: =SUBSTITUTE(A96,"'",) -> 020354 | C96: =VALUE(B96) -> 20354 | D96: LABOR - 020354 - 1 | E96: Aluguel mensal container para vestiário, incl. porta, venezianas de circulação, 1 pt iluminação, Isolamento térmico (teto), piso em comp. Naval pintado, cert. NR18, incl. laudo descontaminação. | F96: ms | G96: 1 | H96: 819 | I96: 819
A97: '020355 | B97: =SUBSTITUTE(A97,"'",) -> 020355 | C97: =VALUE(B97) -> 20355 | D97: LABOR - 020355 - 1 | E97: Aluguel mensal container sanitário, incl porta, básc, 2 ptos luz, 1 pto aterram., 3vasos, 3lavatórios, calha mictório, 6 chuveiros (1 eletrico), torn.,registros, piso comp. Naval pintado, cert NR18 e laudo descontaminação | F97: ms | G97: 1 | H97: 1257.4 | I97: 1257.4
A98: '020356 | B98: =SUBSTITUTE(A98,"'",) -> 020356 | C98: =VALUE(B98) -> 20356 | D98: LABOR - 020356 - 1 | E98: Aluguel mensal container para almoxarifado, incl. porta, 2 janelas, 1 pt iluminação, Isolamento térmico (teto), piso em comp. Naval pintado, cert. NR18, incl. laudo descontaminação. | F98: ms | G98: 1 | H98: 792.5 | I98: 792.5
A99: '0207 | B99: =SUBSTITUTE(A99,"'",) -> 0207 | C99: =VALUE(B99) -> 207 | E99: INSTALAÇÃO DO CANTEIRO DE OBRAS (UTILIZAÇÃO 1 VEZ), PROJETO PADRÃO LABOR - NR.18 (OBRAS COM PRAZO DE EXECUÇÃO SUPERIOR A 12 MESES)
A100: '020701 | B100: =SUBSTITUTE(A100,"'",) -> 020701 | C100: =VALUE(B100) -> 20701 | D100: LABOR - 020701 - 6 | E100: Barracão para escritório com sanitário área de 14.50 m2, de chapa de compens. 12mm e pontalete 8x8cm, piso cimentado e cobertura de telha de fibroc. 6mm, incl. ponto de luz e cx. de inspeção, conf. projeto (1 utilização) | F100: m2 | G100: 1 | H100: 818.52 | I100: 818.52
A101: '020702 | B101: =SUBSTITUTE(A101,"'",) -> 020702 | C101: =VALUE(B101) -> 20702 | D101: LABOR - 020702 - 2 | E101: Barracão para almoxarifado área de 10.90m2, de chapa de compensado de 12mm e pontalete 8x8cm, piso cimentado e cobertura de telhas de fibrocimento de 6mm, incl. ponto de luz, conf. projeto (1 utilização) | F101: m2 | G101: 1 | H101: 577.19 | I101: 577.19
A102: '020703 | B102: =SUBSTITUTE(A102,"'",) -> 020703 | C102: =VALUE(B102) -> 20703 | D102: LABOR - 020703 - 2 | E102: Barracão para depósito de cimento área de 10.90m2, de chapa de compensado 12mm e pontaletes 8x8cm, piso cimentado e cobertura de telhas de fibrocimento de 6mm, inclusive ponto de luz, conf. projeto (1 utilização) | F102: m2 | G102: 1 | H102: 503.25 | I102: 503.25
A103: '020704 | B103: =SUBSTITUTE(A103,"'",) -> 020704 | C103: =VALUE(B103) -> 20704 | D103: LABOR - 020704 - 4 | E103: Refeitório com paredes de chapa de compens. 12mm e pontaletes 8x8cm, piso ciment. e cob. de telhas fibroc. 6mm, incl. ponto de luz e cx. de inspeção (cons. 1.21 m2/func./turno), conf. projeto (1 utilização) | F103: m2 | G103: 1 | H103: 456.6 | I103: 456.6
A104: '020705 | B104: =SUBSTITUTE(A104,"'",) -> 020705 | C104: =VALUE(B104) -> 20705 | D104: LABOR - 020705 - 6 | E104: Unidade de sanitário e vestiário p/ até 20 func. área de 18.15m2, paredes de chapa compens. 12mm e pontalete 8x8cm, piso cimentado, cobert. telha fibroc. 6mm, incl. instalação de luz e cx. de inspeção, conf. projeto (1 utilização) | F104: und | G104: 1 | H104: 15316.16 | I104: 15316.16
A105: '020706 | B105: =SUBSTITUTE(A105,"'",) -> 020706 | C105: =VALUE(B105) -> 20706 | D105: LABOR - 020706 - 6 | E105: Unidade de sanitário e vestiário de 20 a 40 func. área 25.40m2, paredes de chapa compens. 12mm e pontalete 8x8cm, piso cimentado, cobert. telha fibroc. 6mm, incl. inst. de luz e cx. de inspeção, conf. projeto (1 utilização) | F105: und | G105: 1 | H105: 23135.52 | I105: 23135.52
A106: '020707 | B106: =SUBSTITUTE(A106,"'",) -> 020707 | C106: =VALUE(B106) -> 20707 | D106: LABOR - 020707 - 6 | E106: Unidade de sanitário e vestiário de 40 a 60 func. área 33.90m2, paredes de chapa compens. 12mm e pontalete 8x8cm, piso cimentado, cobert. telha fibroc. 6mm, incl. inst. de luz e cx. de inspeção, conf. projeto (1 utilização) | F106: und | G106: 1 | H106: 28684.56 | I106: 28684.56
A107: '020708 | B107: =SUBSTITUTE(A107,"'",) -> 020708 | C107: =VALUE(B107) -> 20708 | D107: LABOR - 020708 - 2 | E107: Galpão para serraria e carpintaria área 12.00m2, em peça de madeira 8x8cm e contraventamento de 5x7cm, cobertura de telha de fibroc. de 6mm, inclusive ponto e cabo de alimentação da máquina, conf. projeto (1 utilização) | F107: m2 | G107: 1 | H107: 206.07 | I107: 206.07
A108: '020709 | B108: =SUBSTITUTE(A108,"'",) -> 020709 | C108: =VALUE(B108) -> 20709 | D108: LABOR - 020709 - 2 | E108: Galpão para corte e armação com área de 6.00m2, em peças de madeira 8x8cm e contraventamento de 5x7cm, cobertura de telhas de fibroc. de 6mm, inclusive ponto e cabo de alimentação da máquina, conf. projeto (1 utilização) | F108: m2 | G108: 1 | H108: 277.48 | I108: 277.48
A109: '020710 | B109: =SUBSTITUTE(A109,"'",) -> 020710 | C109: =VALUE(B109) -> 20710 | D109: LABOR - 020710 - 2 | E109: Reservatório de poliestileno de 500L, incl. suporte em madeira de 7x12cm e 5x7cm, elevado de 4m, conf. projeto (1 utilização) | F109: und | G109: 1 | H109: 1774.23 | I109: 1774.23
A110: '020711 | B110: =SUBSTITUTE(A110,"'",) -> 020711 | C110: =VALUE(B110) -> 20711 | D110: LABOR - 020711 - 2 | E110: Reservatório de poliestileno de 1000 L, incl. suporte em madeira de 7x12cm e 8x7cm, elevado de 4m, conf. projeto (1 utilização) | F110: und | G110: 1 | H110: 2145.94 | I110: 2145.94
A111: '020712 | B111: =SUBSTITUTE(A111,"'",) -> 020712 | C111: =VALUE(B111) -> 20712 | D111: LABOR - 020712 - 1 | E111: Rede de água com padrão de entrada d'água diâm. 3/4", conf. espec. CESAN, incl. tubos e conexões para alimentação, distribuição, extravasor e limpeza, cons. o padrão a 25m, conf. projeto (1 utilização) | F111: m | G111: 1 | H111: 55.43 | I111: 55.43
... A113: '020714 | B113: =SUBSTITUTE(A113,"'",) -> 020714 | C113: =VALUE(B113) -> 20714 | D113: LABOR - 020714 - 4 | E113: Rede de esgoto, contendo fossa e filtro, inclusive tubos e conexões de ligação entre caixas, considerando distância de 25m, conforme projeto (1 utilização) | F113: m | G113: 1 | H113: 399.11 | I113: 399.11
A114: '0208 | B114: =SUBSTITUTE(A114,"'",) -> 0208 | C114: =VALUE(B114) -> 208 | E114: INSTALAÇÃO DO CANTEIRO DE OBRAS (UTILIZAÇÃO 2 VEZES), PROJETO PADRÃO LABOR - NR.18 (OBRAS COM PRAZO DE EXECUÇÃO DE 6 A 12 MESES)
A115: '020801 | B115: =SUBSTITUTE(A115,"'",) -> 020801 | C115: =VALUE(B115) -> 20801 | D115: LABOR - 020801 - 6 | E115: Barracão para escritório com sanitário área 14.50m2, de chapa de compens. 12mm e pontalete 8x8cm, piso cimentado e cobertura de telha de fibroc. 6mm, incl. ponto de luz e cx. de inspeção, conf. projeto (2 utilizações) | F115: m2 | G115: 1 | H115: 624.3 | I115: 624.3
A116: '020802 | B116: =SUBSTITUTE(A116,"'",) -> 020802 | C116: =VALUE(B116) -> 20802 | D116: LABOR - 020802 - 2 | E116: Barracão para almoxarifado área de 10.90m2, de chapa de compensado 12mm e pontaletes 8x8cm, piso cimentado e cobertura de telha de fibrocimento de 6mm, inclusive ponto de luz, conf. projeto (2 utilizações) | F116: m2 | G116: 1 | H116: 449.2 | I116: 449.2
A117: '020803 | B117: =SUBSTITUTE(A117,"'",) -> 020803 | C117: =VALUE(B117) -> 20803 | D117: LABOR - 020803 - 2 | E117: Barracão para depósito de cimento área de 10.90m2, de chapa de compensado 12mm e pontaletes 8x8cm, piso cimentado e cobertura de telhas de fibrocimento de 6mm, inclusive ponto de luz, conf. projeto (2 utilizações) | F117: m2 | G117: 1 | H117: 393.9 | I117: 393.9
A118: '020804 | B118: =SUBSTITUTE(A118,"'",) -> 020804 | C118: =VALUE(B118) -> 20804 | D118: LABOR - 020804 - 4 | E118: Refeitório com paredes de chapa de compens. 12mm e pontaletes 8x8cm, piso ciment. e cobert. de telhas fibroc. 6mm, incl. ponto de luz e cx. de inspeção (cons. 1.21m2/func./turno), conf. projeto (2 utilização) | F118: m2 | G118: 1 | H118: 380.96 | I118: 380.96
A119: '020805 | B119: =SUBSTITUTE(A119,"'",) -> 020805 | C119: =VALUE(B119) -> 20805 | D119: LABOR - 020805 - 6 | E119: Unidade de sanitário e vestiário para até 20 func. área 18.15m2, paredes de chapa compens. 12mm e pontalete 8x8cm, piso cimentado, cobert. telha fibroc. 6mm, incl. inst. de luz e cx. de inspeção, conf. projeto (2 utilizações) | F119: und | G119: 1 | H119: 12123.75 | I119: 12123.75
A120: '020806 | B120: =SUBSTITUTE(A120,"'",) -> 020806 | C120: =VALUE(B120) -> 20806 | D120: LABOR - 020806 - 6 | E120: Unidade de sanitário e vestiário de 20 a 40 func. área 25.40m2, paredes de chapa compens. 12mm e pontalete 8x8cm, piso cimentado, cobert. telha fibroc. 6mm, incl. inst. de luz e cx. de inspeção, conf. projeto (2 utilizações) | F120: und | G120: 1 | H120: 18328.81 | I120: 18328.81
A121: '020807 | B121: =SUBSTITUTE(A121,"'",) -> 020807 | C121: =VALUE(B121) -> 20807 | D121: LABOR - 020807 - 6 | E121: Unidade de sanitário e vestiário de 40 a 60 func. área 33.90m2, paredes de chapa compens. 12mm e pontalete 8x8cm, piso cimentado, cobert. telha fibroc. 6mm, incl. inst. de luz e cx. de inspeção, conf. projeto (2 utilizações) | F121: und | G121: 1 | H121: 22825.56 | I121: 22825.56
A122: '020808 | B122: =SUBSTITUTE(A122,"'",) -> 020808 | C122: =VALUE(B122) -> 20808 | D122: LABOR - 020808 - 2 | E122: Galpão para serraria e carpintaria área 12.00m2, em peças de madeira 8x8cm e contraventamento de 5x7cm, cobertura de telhas de fibroc. de 6mm, inclusive ponto e cabo de alimentação da máquina, conf. projeto (2 utilizações) | F122: m2 | G122: 1 | H122: 143.95 | I122: 143.95
A123: '020809 | B123: =SUBSTITUTE(A123,"'",) -> 020809 | C123: =VALUE(B123) -> 20809 | D123: LABOR - 020809 - 2 | E123: Galpão para corte e armação com área de 6.00m2, de peças de madeira 8x8cm e contraventamento de 5x7cm, cobertura de telhas de fibroc. de 6mm, inclusive ponto e cabo de alimentação da máquina, conf. projeto (2 utilizações) | F123: m2 | G123: 1 | H123: 198.38 | I123: 198.38
A124: '020810 | B124: =SUBSTITUTE(A124,"'",) -> 020810 | C124: =VALUE(B124) -> 20810 | D124: LABOR - 020810 - 2 | E124: Reservatório de poliestileno de 500 L, incl. suporte em madeira de 7x12cm e 5x7cm, elevado de 4m, conforme projeto (2 utilizações) | F124: und | G124: 1 | H124: 1118.3 | I124: 1118.3
A125: '020811 | B125: =SUBSTITUTE(A125,"'",) -> 020811 | C125: =VALUE(B125) -> 20811 | D125: LABOR - 020811 - 2 | E125: Reservatório de poliestileno de 1000 L, inclusive suporte em madeira de 7x12cm e 5x7cm, elevado de 4m, conforme projeto (2 utilizações) | F125: und | G125: 1 | H125: 1326.48 | I125: 1326.48
A126: '020812 | B126: =SUBSTITUTE(A126,"'",) -> 020812 | C126: =VALUE(B126) -> 20812 | D126: LABOR - 020812 - 1 | E126: Rede de água, com padrão de entrada d'água diâm. 3/4", conf. espec. CESAN, incl. tubos e conexões para alimentação, distribuição, extravasor e limpeza, cons. o padrão a 25m, conf. projeto (2 utilizações) | F126: m | G126: 1 | H126: 37.53 | I126: 37.53
A127: '03 | B127: =SUBSTITUTE(A127,"'",) -> 03 | C127: =VALUE(B127) -> 3 | E127: MOVIMENTO DE TERRA
A128: '0301 | B128: =SUBSTITUTE(A128,"'",) -> 0301 | C128: =VALUE(B128) -> 301 | E128: ESCAVAÇÕES
A129: '030101 | B129: =SUBSTITUTE(A129,"'",) -> 030101 | C129: =VALUE(B129) -> 30101 | D129: LABOR - 030101 - 1 | E129: Escavação manual em material de 1a. categoria, até 1.50 m de profundidade | F129: m3 | G129: 1 | H129: 54.86 | I129: 54.86
A130: '030102 | B130: =SUBSTITUTE(A130,"'",) -> 030102 | C130: =VALUE(B130) -> 30102 | D130: LABOR - 030102 - 1 | E130: Escavação manual em material de 2a. categoria, até 1.50 m de profundidade | F130: m3 | G130: 1 | H130: 92.84 | I130: 92.84
A131: '030103 | B131: =SUBSTITUTE(A131,"'",) -> 030103 | C131: =VALUE(B131) -> 30103 | D131: LABOR - 030103 - 2 | E131: Escavação mecânica em material de 1a. categoria | F131: m3 | G131: 1 | H131: 16.32 | I131: 16.32
A132: '030104 | B132: =SUBSTITUTE(A132,"'",) -> 030104 | C132: =VALUE(B132) -> 30104 | D132: LABOR - 030104 - 2 | E132: Escavação mecânica em material de 2a. categoria | F132: m3 | G132: 1 | H132: 22.81 | I132: 22.81
A133: '030119 | B133: =SUBSTITUTE(A133,"'",) -> 030119 | C133: =VALUE(B133) -> 30119 | D133: LABOR - 030119 - 1 | E133: Apiloamento do fundo de vala com maço de 30 a 60kg | F133: m2 | G133: 1 | H133: 28.7 | I133: 28.7
A134: '0302 | B134: =SUBSTITUTE(A134,"'",) -> 0302 | C134: =VALUE(B134) -> 302 | E134: REATERRO E COMPACTAÇÃO
A135: '030201 | B135: =SUBSTITUTE(A135,"'",) -> 030201 | C135: =VALUE(B135) -> 30201 | D135: LABOR - 030201 - 1 | E135: Reaterro apiloado de cavas de fundação, em camadas de 20 cm | F135: m3 | G135: 1 | H135: 59.08 | I135: 59.08
A136: '030202 | B136: =SUBSTITUTE(A136,"'",) -> 030202 | C136: =VALUE(B136) -> 30202 | D136: LABOR - 030202 - 2 | E136: Material para aterro - areia limpa (fornecimento já considerado 15% de empolamento) | F136: m3 | G136: 1 | H136: 161 | I136: 161
A137: '030203 | B137: =SUBSTITUTE(A137,"'",) -> 030203 | C137: =VALUE(B137) -> 30203 | D137: LABOR - 030203 - 1 | E137: Lastro de brita 3 e 4, apiloado manualmente | F137: m3 | G137: 1 | H137: 238.04 | I137: 238.04
A138: '030204 | B138: =SUBSTITUTE(A138,"'",) -> 030204 | C138: =VALUE(B138) -> 30204 | D138: LABOR - 030204 - 1 | E138: Lastro de areia | F138: m3 | G138: 1 | H138: 220.08 | I138: 220.08
...
